Workbook

Sheet ALL GOVERNMENT FUNDS
A1: ALL GOVERNMENT FUNDS
A2: Combining Balance sheet and Statement of Revenue & Expenses
A3: 43435
H5: OTHER NOT REPORTED AS ALL GOVERNMENT FUNDS
B6: General Fund | C6: Capital Projects Fund (3000/4000/4100) | D6: Human Services Fund | E6: 2590 Workforce Development | F6: Other Governmental Funds | G6: TOTAL GOVT FUNDS | H6: 7000 PENSION | I6: 7200 Various Agency Trusts | J6: 7300 Sheriff | K6: 7400 Prison -Inmate Escrow | L6: 7410 Prison Commissary | M6: 2360 Economic Development | N6: 8000 Fixed Assets | O6: Subtotal of These Others | P6: TOTAL COUNTY FUNDS | Q6: 0000 Pooled Cash | R6: TIES TO TRIAL BALANCE
A7: Assets
A8: Cash & cash equivalents | B8: ='General Fund'!M8 -> 7596565.4 | C8: ='Capital Projects Fund'!H8 -> 251080.67 | D8: ='Human Services'!J8 -> -837675.43 | E8: -1402616.4 | F8: ='Other Government'!AI8 -> 3512949.1 | G8: =SUM(B8:F8) -> 9120303.3 | H8: 50270218 | I8: 46922.04 | J8: 85997.82 | K8: =3283.88-970.92 -> 2312.96 | L8: =103229.76+970.92 -> 104200.68 | M8: 13366.21 | O8: =SUM(H8:N8) -> 50523018 | P8: =G8+O8 -> 59643321 | R8: =P8+Q8 -> 59643321
A9: Advances Receivable | D9: ='Human Services'!J9 -> 0 | F9: 0 | G9: =SUM(B9:F9) -> 0 | O9: =SUM(H9:N9) -> 0 | P9: =G9+O9 -> 0 | R9: =P9+Q9 -> 0
A10: Taxes Receivable | B10: ='General Fund'!M10 -> 1533216.4 | G10: =SUM(B10:F10) -> 1533216.4 | O10: =SUM(H10:N10) -> 0 | P10: =G10+O10 -> 1533216.4 | R10: =P10+Q10 -> 1533216.4
A11: A/R | B11: ='General Fund'!M9 -> 621240.54 | C11: ='Capital Projects Fund'!H9 -> 0 | D11: ='Human Services'!J10 -> 415966.26 | F11: ='Other Government'!AI9 -> 941474.22 | G11: =SUM(B11:F11) -> 1978681 | M11: 3750 | O11: =SUM(H11:N11) -> 3750 | P11: =G11+O11 -> 1982431 | R11: =P11+Q11 -> 1982431
A12: Due from Component Unit | B12: ='General Fund'!M11 -> 17619 | G12: =SUM(B12:F12) -> 17619
A13: Due from Other Funds | B13: ='General Fund'!M12 -> 612882.85 | C13: ='Capital Projects Fund'!H10 -> -0.22 | D13: ='Human Services'!J11 -> 83900.52 | F13: ='Other Government'!AI10 -> 58642.64 | G13: =SUM(B13:F13) -> 755425.79 | O13: =SUM(H13:N13) -> 0 | P13: =G13+O13 -> 755425.79 | R13: =P13+Q13 -> 755425.79
A14: Due from Other Governments | B14: ='General Fund'!M13 -> 67643.23 | C14: ='Capital Projects Fund'!H11 -> 0 | D14: ='Human Services'!J12 -> 4224524.5 | E14: 2180845 | F14: ='Other Government'!AI11 -> 301246.51 | G14: =SUM(B14:F14) -> 6774259.2 | O14: =SUM(H14:N14) -> 0 | P14: =G14+O14 -> 6774259.2 | R14: =P14+Q14 -> 6774259.2
A15: Other Assets | B15: ='General Fund'!M14 -> 0 | C15: ='Capital Projects Fund'!H12 -> 0 | D15: ='Human Services'!J13 -> 0 | F15: ='Other Government'!AI12 -> 58641.72 | G15: =SUM(B15:F15) -> 58641.72 | M15: =97010.79+18370-1818.95 -> 113561.84 | N15: =24840826.31-29919.01+96230.79-4210.08+200.48 -> 24903128 | O15: =SUM(H15:N15) -> 25016690 | P15: =G15+O15 -> 25075332 | R15: =P15+Q15 -> 25075332
A16: Lease Receivable | C16: ='Capital Projects Fund'!H13 -> 0 | G16: =SUM(B16:F16) -> 0 | O16: =SUM(H16:N16) -> 0 | P16: =G16+O16 -> 0 | R16: =P16+Q16 -> 0
A17: Current | G17: =SUM(B17:F17) -> 0 | O17: =SUM(H17:N17) -> 0 | P17: =G17+O17 -> 0 | R17: =P17+Q17 -> 0
A18: Non-Current | G18: =SUM(B18:F18) -> 0 | O18: =SUM(H18:N18) -> 0 | P18: =G18+O18 -> 0 | R18: =P18+Q18 -> 0
A19: Total Assets | B19: ='General Fund'!M15 -> 10449167 | C19: ='Capital Projects Fund'!H14 -> 251080.45 | D19: ='Human Services'!J14 -> 3886715.8 | E19: =SUM(E8:E18) -> 778228.59 | F19: ='Other Government'!AI13 -> 4872954.2 | G19: =SUM(B19:F19) -> 20238146 | H19: =SUM(H8:H18) -> 50270218 | I19: =SUM(I8:I18) -> 46922.04 | J19: =SUM(J8:J18) -> 85997.82 | K19: =SUM(K8:K18) -> 2312.96 | L19: =SUM(L8:L18) -> 104200.68 | M19: =SUM(M8:M18) -> 130678.05 | N19: =SUM(N8:N18) -> 24903128 | O19: =SUM(O8:O18) -> 75543458 | ... Q19: =SUM(Q8:Q18) -> 0 | R19: =P19+Q19 -> 95763986 | S19: ties to Major Fund Determination
A21: Liabilities
A22: A/P | B22: ='General Fund'!M18 -> 740275.48 | C22: ='Capital Projects Fund'!H17 -> 0 | D22: ='Human Services'!J17 -> 1004918.9 | E22: 662280.95 | F22: ='Other Government'!AI16 -> 280805.36 | G22: =SUM(B22:F22) -> 2688280.6 | J22: 85997.82 | K22: 3282.48 | L22: 9275.62 | M22: 1342.84 | O22: =SUM(H22:N22) -> 99898.76 | P22: =G22+O22 -> 2788179.4 | R22: =P22+Q22 -> 2788179.4
A23: Accrued Payroll | B23: ='General Fund'!M19 -> 338235.15 | C23: ='Capital Projects Fund'!H18 -> 0 | D23: ='Human Services'!J18 -> 287416.61 | F23: ='Other Government'!AI17 -> 47208.3 | G23: =SUM(B23:F23) -> 672860.06 | M23: 4918.81 | O23: =SUM(H23:N23) -> 4918.81 | P23: =G23+O23 -> 677778.87 | R23: =P23+Q23 -> 677778.87
A24: Due to Other Funds | B24: ='General Fund'!M20 -> 106403.43 | D24: ='Human Services'!J19 -> 160355 | F24: ='Other Government'!AI18 -> 0 | G24: =SUM(B24:F24) -> 266758.43 | I24: 46922.04 | N24: =-29919.01+92020.71 -> 62101.7 | O24: =SUM(H24:N24) -> 109023.74 | P24: =G24+O24 -> 375782.17 | R24: =P24+Q24 -> 375782.17
A25: Due to Other Governments | B25: ='General Fund'!M21 -> 62624.48 | C25: ='Capital Projects Fund'!H19 -> 0 | D25: ='Human Services'!J20 -> 0 | F25: ='Other Government'!AI19 -> 0 | G25: =SUM(B25:F25) -> 62624.48 | O25: =SUM(H25:N25) -> 0 | P25: =G25+O25 -> 62624.48 | R25: =P25+Q25 -> 62624.48
A26: Deferred Revenue | B26: ='General Fund'!M22 -> 1665261.1 | C26: ='Capital Projects Fund'!H20 -> 0 | D26: ='Human Services'!J21 -> 2083631.6 | E26: 115946.3 | F26: ='Other Government'!AI20 -> 1162795.8 | G26: =SUM(B26:F26) -> 5027634.8 | O26: =SUM(H26:N26) -> 0 | P26: =G26+O26 -> 5027634.8 | R26: =P26+Q26 -> 5027634.8
A27: Total Liabilities | B27: ='General Fund'!M23 -> 2912799.7 | C27: ='Capital Projects Fund'!H21 -> 0 | D27: ='Human Services'!J22 -> 3536322.1 | E27: =SUM(E22:E26) -> 778227.25 | F27: ='Other Government'!AI21 -> 1490809.4 | G27: =SUM(G22:G26) -> 8718158.4 | H27: =SUM(H22:H26) -> 0 | I27: =SUM(I22:I26) -> 46922.04 | J27: =SUM(J22:J26) -> 85997.82 | K27: =SUM(K22:K26) -> 3282.48 | L27: =SUM(L22:L26) -> 9275.62 | M27: =SUM(M22:M26) -> 6261.65 | N27: =SUM(N22:N26) -> 62101.7 | ... R27: =SUM(R22:R26) -> 8931999.8 | S27: ties to Major Fund Determination
A29: Deferred Inflows of Resources:
A30: Unavailable revenue - taxes/fees | B30: ='General Fund'!M26 -> 0 | C30: ='Capital Projects Fund'!H24 -> 0 | G30: =SUM(B30:F30) -> 0
A31: Unavailable revenue - note | B31: ='General Fund'!M27 -> 0 | C31: ='Capital Projects Fund'!H25 -> 0 | G31: =SUM(B31:F31) -> 0
A32: Total Deferred Inflows of Resources | B32: =SUM(B30:B31) -> 0 | C32: ='Capital Projects Fund'!H26 -> 0 | E32: =SUM(E30:E31) -> 0 | G32: =SUM(B32:F32) -> 0
A34: Fund Balance
A35: Reserved: Program | B35: ='General Fund'!M32 -> 0 | C35: ='Capital Projects Fund'!H29 -> 0 | F35: ='Other Government'!AI25 -> 0 | G35: =SUM(B35:F35) -> 0 | N35: =71591624.11+200.48 -> 71591825 | O35: =SUM(H35:N35) -> 71591825 | P35: =G35+O35 -> 71591825 | R35: =P35+Q35 -> 71591825
A36: Operating Reserve | B36: ='General Fund'!M33 -> 1755505.6 | G36: =SUM(B36:F36) -> 1755505.6 | O36: =SUM(H36:N36) -> 0 | P36: =G36+O36 -> 1755505.6 | R36: =P36+Q36 -> 1755505.6
A37: Human Services | D37: ='Human Services'!J25 -> 54822.6 | F37: ='Other Government'!AI26 -> 40127.23 | G37: =SUM(B37:F37) -> 94949.83 | O37: =SUM(H37:N37) -> 0 | P37: =G37+O37 -> 94949.83 | R37: =P37+Q37 -> 94949.83
A38: Roads and bridges | F38: ='Other Government'!AI27 -> 1199595.3 | G38: =SUM(B38:F38) -> 1199595.3 | O38: =SUM(H38:N38) -> 0 | P38: =G38+O38 -> 1199595.3 | R38: =P38+Q38 -> 1199595.3
A39: Affordable housing | F39: ='Other Government'!AI28 -> 21790.52 | G39: =SUM(B39:F39) -> 21790.52 | O39: =SUM(H39:N39) -> 0 | P39: =G39+O39 -> 21790.52 | R39: =P39+Q39 -> 21790.52
A40: Act 13 | F40: ='Other Government'!AI29 -> 292279.27 | G40: =SUM(B40:F40) -> 292279.27 | O40: =SUM(H40:N40) -> 0 | P40: =G40+O40 -> 292279.27 | R40: =P40+Q40 -> 292279.27
A41: Constable server fees | F41: ='Other Government'!AI30 -> 289819.26 | G41: =SUM(B41:F41) -> 289819.26 | O41: =SUM(H41:N41) -> 0 | P41: =G41+O41 -> 289819.26 | R41: =P41+Q41 -> 289819.26
A42: Offender identification | F42: ='Other Government'!AI31 -> 445107.69 | G42: =SUM(B42:F42) -> 445107.69 | O42: =SUM(H42:N42) -> 0 | P42: =G42+O42 -> 445107.69 | R42: =P42+Q42 -> 445107.69
A43: Records improvement/automation | F43: ='Other Government'!AI32 -> 56311.44 | G43: =SUM(B43:F43) -> 56311.44 | O43: =SUM(H43:N43) -> 0 | P43: =G43+O43 -> 56311.44 | R43: =P43+Q43 -> 56311.44
A44: Sugar Valley Lodge | F44: ='Other Government'!AI33 -> 124697.59 | G44: =SUM(B44:F44) -> 124697.59 | O44: =SUM(H44:N44) -> 0 | P44: =G44+O44 -> 124697.59 | R44: =P44+Q44 -> 124697.59
A45: Domestic relations | F45: ='Other Government'!AI34 -> 753682.67 | G45: =SUM(B45:F45) -> 753682.67 | O45: =SUM(H45:N45) -> 0 | P45: =G45+O45 -> 753682.67 | R45: =P45+Q45 -> 753682.67
A46: Other purposes | F46: ='Other Government'!AI35 -> 132680.03 | G46: =SUM(B46:F46) -> 132680.03 | O46: =SUM(H46:N46) -> 0 | P46: =G46+O46 -> 132680.03 | R46: =P46+Q46 -> 132680.03
A47: Assigned: | F47: ='Other Government'!AI36 -> 0 | G47: =SUM(B47:F47) -> 0 | O47: =SUM(H47:N47) -> 0 | P47: =G47+O47 -> 0 | R47: =P47+Q47 -> 0
A48: Capital Projects | C48: ='Capital Projects Fund'!H31 -> 251080.45 | F48: ='Other Government'!AI37 -> 0 | G48: =SUM(B48:F48) -> 251080.45 | O48: =SUM(H48:N48) -> 0 | P48: =G48+O48 -> 251080.45 | R48: =P48+Q48 -> 251080.45
A49: Substance Abuse | D49: ='Substance Abuse'!I27 -> 295567.98 | F49: ='Other Government'!AI38 -> 0 | G49: =SUM(B49:F49) -> 295567.98 | O49: =SUM(H49:N49) -> 0 | P49: =G49+O49 -> 295567.98 | R49: =P49+Q49 -> 295567.98
A50: Airport Operations | F50: ='Other Government'!AI39 -> 8688.47 | G50: =SUM(B50:F50) -> 8688.47 | O50: =SUM(H50:N50) -> 0 | P50: =G50+O50 -> 8688.47 | R50: =P50+Q50 -> 8688.47
A51: Community Action | F51: ='Other Government'!AI40 -> 17365.41 | G51: =SUM(B51:F51) -> 17365.41 | O51: =SUM(H51:N51) -> 0 | P51: =G51+O51 -> 17365.41 | R51: =P51+Q51 -> 17365.41
A52: Reserved: Prepaids | B52: ='General Fund'!M14 -> 0 | C52: ='Capital Projects Fund'!H30 -> 0 | D52: ='Human Services'!J26 -> 0 | G52: =SUM(B52:F52) -> 0 | O52: =SUM(H52:N52) -> 0 | P52: =G52+O52 -> 0 | R52: =P52+Q52 -> 0
A53: Unreserved | B53: ='General Fund'!M50 -> 5780862.2 | E53: 1.34 | F53: ='Other Government'!AI41 -> -0.15 | G53: =SUM(B53:F53) -> 5780863.4 | H53: 50270218 | K53: =1.4-970.92 -> -969.52 | L53: =93954.14+970.92 -> 94925.06 | M53: =107865.35+18370-1818.95 -> 124416.4 | N53: =-46750797.8 -> -46750798 | O53: =SUM(H53:N53) -> 3737792.3 | P53: =G53+O53 -> 9518655.7 | R53: =P53+Q53 -> 9518655.7
A54: Total Fund Balance | B54: ='General Fund'!M51 -> 7536367.7 | C54: =SUM(C35:C53) -> 251080.45 | D54: ='Human Services'!J28 -> 350393.72 | E54: =SUM(E35:E53) -> 1.34 | F54: =SUM(F35:F53) -> 3382144.8 | G54: =SUM(B54:F54) -> 11519988 | H54: =SUM(H35:H53) -> 50270218 | I54: =SUM(I35:I53) -> 0 | J54: =SUM(J35:J53) -> 0 | K54: =SUM(K35:K53) -> -969.52 | L54: =SUM(L35:L53) -> 94925.06 | M54: =SUM(M35:M53) -> 124416.4 | N54: =SUM(N35:N53) -> 24841027 | O54: =SUM(H54:N54) -> 75329617 | P54: =G54+O54 -> 86849605 | R54: =P54+Q54 -> 86849605 | S54: ties out to Major Fund Determination
A56: Total Liabilities & Fund Balance | B56: ='General Fund'!M53 -> 10449167 | C56: ='Capital Projects Fund'!H34 -> 251080.45 | D56: ='Human Services'!J30 -> 3886715.8 | E56: =E27+E54+E32 -> 778228.59 | F56: ='Other Government'!AI44 -> 4872954.2 | G56: =SUM(B56:F56) -> 20238146 | H56: =H27+H54 -> 50270218 | I56: =I27+I54 -> 46922.04 | J56: =J27+J54 -> 85997.82 | K56: =K27+K54 -> 2312.96 | L56: =L27+L54 -> 104200.68 | M56: =M27+M54 -> 130678.05 | N56: =N27+N54 -> 24903128 | O56: =O27+O54 -> 75543458 | ... R56: =R27+R54 -> 95781605
B57: =IF(B19=B56,"YES","NO") -> YES | C57: =IF(C19=C56,"YES","NO") -> YES | D57: =IF(D19=D56,"YES","NO") -> YES | E57: =IF(E19=E56,"YES","NO") -> YES | F57: =IF(F19=F56,"YES","NO") -> YES | G57: =IF(G19=G56,"YES","NO") -> YES | H57: =IF(H19=H56,"YES","NO") -> YES | I57: =IF(I19=I56,"YES","NO") -> YES | ... R57: =IF(R19=R56,"YES","NO") -> NO
A58: Revenue
A59: Taxes | B59: ='General Fund'!B56 -> 11774726 | G59: =SUM(B59:F59) -> 11774726 | O59: =SUM(H59:N59) -> 0 | P59: =G59+O59 -> 11774726 | R59: =P59+Q59 -> 11774726
A60: Licenses | B60: ='General Fund'!B57 -> 36683.5 | G60: =SUM(B60:F60) -> 36683.5 | O60: =SUM(H60:N60) -> 0 | P60: =G60+O60 -> 36683.5 | R60: =P60+Q60 -> 36683.5
A61: Intergovermental | B61: ='General Fund'!B58 -> 2464912.5 | C61: ='Capital Projects Fund'!H37 -> 0 | D61: ='Human Services'!J33 -> 16690296 | E61: =8256285.65+560554.13 -> 8816839.8 | F61: ='Other Government'!AI47 -> 5612470.3 | G61: =SUM(B61:F61) -> 33584519 | M61: 139374.35 | O61: =SUM(H61:N61) -> 139374.35 | P61: =G61+O61 -> 33723893 | R61: =P61+Q61 -> 33723893
A62: Charges for Services | B62: ='General Fund'!B59 -> 2316964.6 | C62: ='Capital Projects Fund'!H38 -> 0 | D62: ='Human Services'!J34 -> 120237.89 | E62: =585004.06-560554.13 -> 24449.93 | F62: ='Other Government'!AI48 -> 498271 | G62: =SUM(B62:F62) -> 2959923.5 | M62: 750 | O62: =SUM(H62:N62) -> 750 | P62: =G62+O62 -> 2960673.5 | R62: =P62+Q62 -> 2960673.5
A63: Fines and Forfeits | B63: ='General Fund'!B60 -> 130448.96 | D63: ='Human Services'!J35 -> 215287.8 | F63: ='Other Government'!AI49 -> 55010.97 | G63: =SUM(B63:F63) -> 400747.73 | M63: 97985 | O63: =SUM(H63:N63) -> 97985 | P63: =G63+O63 -> 498732.73 | R63: =P63+Q63 -> 498732.73
A64: Interest | B64: ='General Fund'!M61 -> 22549.87 | C64: ='Capital Projects Fund'!H40 -> 631.83 | D64: ='Human Services'!J36 -> 5509.26 | E64: 466.04 | F64: ='Other Government'!AI50 -> 27320.66 | G64: =SUM(B64:F64) -> 56477.66 | H64: 3233902 | L64: 223.47 | O64: =SUM(H64:N64) -> 3234125.5 | P64: =G64+O64 -> 3290603.1 | R64: =P64+Q64 -> 3290603.1
A65: Lease Revenue | B65: ='General Fund'!B62 -> 0 | C65: ='Capital Projects Fund'!H41 -> 0 | G65: =SUM(B65:F65) -> 0 | O65: =SUM(H65:N65) -> 0 | P65: =G65+O65 -> 0 | R65: =P65+Q65 -> 0
A66: Other | B66: ='General Fund'!M63 -> 352595.76 | C66: ='Capital Projects Fund'!H42 -> 0 | D66: ='Human Services'!J37 -> 214519.75 | F66: ='Other Government'!AI51 -> 21036.32 | G66: =SUM(B66:F66) -> 588151.83 | H66: -3811680.2 | K66: 308885.74 | L66: 31202.08 | M66: =97260.79+18370 -> 115630.79 | O66: =SUM(H66:N66) -> -3355961.6 | P66: =G66+O66 -> -2767809.7 | R66: =P66+Q66 -> -2767809.7
A67: Total Revenues | B67: =SUM(B59:B66) -> 17098881 | C67: ='Capital Projects Fund'!H43 -> 631.83 | D67: ='Human Services'!J38 -> 17245851 | E67: =SUM(E59:E66) -> 8841755.8 | F67: ='Other Government'!AI52 -> 6214109.2 | G67: =SUM(B67:F67) -> 49401228 | H67: =SUM(H59:H66) -> -577778.18 | I67: =SUM(I59:I66) -> 0 | J67: =SUM(J59:J66) -> 0 | K67: =SUM(K59:K66) -> 308885.74 | L67: =SUM(L59:L66) -> 31425.55 | M67: =SUM(M59:M66) -> 353740.14 | N67: =SUM(N59:N66) -> 0 | O67: =SUM(O59:O66) -> 116273.25 | ... R67: =SUM(R59:R66) -> 49517502 | S67: ties out to Major Fund Determination if you add Sales of Fixed Assets
A69: Expenditures
A70: General gvt - administration | B70: ='General Fund'!M67 -> 7098258.6 | C70: ='Capital Projects Fund'!H46 -> 9100 | D70: ='Human Services'!J41 -> 0 | F70: ='Other Government'!AI55 -> 4873.38 | G70: =SUM(B70:F70) -> 7112232 | H70: 3364188.2 | K70: 5690 | L70: 220465.39 | N70: =1798021.13-200.48 -> 1797820.6 | O70: =SUM(H70:N70) -> 5388164.2 | P70: =G70+O70 -> 12500396 | R70: =P70+Q70 -> 12500396
A71: General gvt - judicial | B71: ='General Fund'!M68 -> 3420921.3 | C71: ='Capital Projects Fund'!H47 -> 0 | D71: ='Human Services'!J42 -> 0 | F71: ='Other Government'!AI56 -> 594695.96 | G71: =SUM(B71:F71) -> 4015617.3 | O71: =SUM(H71:N71) -> 0 | P71: =G71+O71 -> 4015617.3 | R71: =P71+Q71 -> 4015617.3
A72: Public safety | B72: ='General Fund'!M69 -> 4859726.8 | C72: ='Capital Projects Fund'!H48 -> 0 | D72: ='Human Services'!J43 -> 0 | F72: ='Other Government'!AI57 -> 1851076.3 | G72: =SUM(B72:F72) -> 6710803.1 | O72: =SUM(H72:N72) -> 0 | P72: =G72+O72 -> 6710803.1 | R72: =P72+Q72 -> 6710803.1
A73: Public works and enterprises | B73: ='General Fund'!M70 -> 527577.1 | C73: ='Capital Projects Fund'!H49 -> 0 | D73: ='Human Services'!J44 -> 0 | F73: ='Other Government'!AI58 -> 1303670.7 | G73: =SUM(B73:F73) -> 1831247.8 | O73: =SUM(H73:N73) -> 0 | P73: =G73+O73 -> 1831247.8 | R73: =P73+Q73 -> 1831247.8
A74: Human services | B74: ='General Fund'!M71 -> 125330.94 | C74: ='Capital Projects Fund'!H50 -> 0 | D74: ='Human Services'!J45 -> 17603493 | E74: 8691756.1 | F74: ='Other Government'!AI59 -> 2104925.1 | G74: =SUM(B74:F74) -> 28525505 | O74: =SUM(H74:N74) -> 0 | P74: =G74+O74 -> 28525505 | R74: =P74+Q74 -> 28525505
A75: Conservation and development | B75: ='General Fund'!M72 -> 660670.43 | C75: ='Capital Projects Fund'!H51 -> 0 | D75: ='Human Services'!J46 -> 0 | F75: ='Other Government'!AI60 -> 430737.36 | G75: =SUM(B75:F75) -> 1091407.8 | M75: =227504.79+1818.95 -> 229323.74 | O75: =SUM(H75:N75) -> 229323.74 | P75: =G75+O75 -> 1320731.5 | R75: =P75+Q75 -> 1320731.5
A76: Culture & Recreation | B76: ='General Fund'!M73 -> 394165.19 | C76: ='Capital Projects Fund'!H52 -> 0 | G76: =SUM(B76:F76) -> 394165.19 | O76: =SUM(H76:N76) -> 0 | P76: =G76+O76 -> 394165.19 | R76: =P76+Q76 -> 394165.19
A77: Debt Service & Capital Outlay | B77: ='General Fund'!M75 -> 0 | C77: ='Capital Projects Fund'!H54 -> 783392 | G77: =SUM(B77:F77) -> 783392 | O77: =SUM(H77:N77) -> 0 | P77: =G77+O77 -> 783392 | R77: =P77+Q77 -> 783392
A78: Total Expenditures | B78: =SUM(B70:B77) -> 17086650 | C78: ='Capital Projects Fund'!H55 -> 792492 | D78: ='Human Services'!J47 -> 17603493 | E78: =SUM(E70:E77) -> 8691756.1 | F78: ='Other Government'!AI61 -> 6289978.8 | G78: =SUM(B78:F78) -> 50464370 | H78: =SUM(H70:H77) -> 3364188.2 | I78: =SUM(I70:I77) -> 0 | J78: =SUM(J70:J77) -> 0 | K78: =SUM(K70:K77) -> 5690 | L78: =SUM(L70:L77) -> 220465.39 | M78: =SUM(M70:M77) -> 229323.74 | N78: =SUM(N70:N77) -> 1797820.6 | O78: =SUM(H78:N78) -> 5617488 | P78: =G78+O78 -> 56081858 | R78: =P78+Q78 -> 56081858 | S78: ties out to Major Fund Determination
A80: Excess (Deficiency) | B80: ='General Fund'!M78 -> 12230.56 | C80: ='Capital Projects Fund'!H57 -> -791860.17 | D80: ='Human Services'!J49 -> -357641.83 | E80: =E67-E78 -> 149999.62 | F80: ='Other Government'!AI63 -> -75869.56 | G80: =SUM(B80:F80) -> -1063141.4
A82: Sale of Fixed Assets | B82: ='General Fund'!B80 -> 3038.84 | C82: ='Capital Projects Fund'!H59 -> 0 | D82: ='Human Services'!J51 -> 9870 | F82: ='Other Government'!AI65 -> 0 | G82: =SUM(B82:F82) -> 12908.84 | O82: =SUM(H82:N82) -> 0 | P82: =G82+O82 -> 12908.84 | R82: =P82+Q82 -> 12908.84
A83: Proceeds from capital leases | C83: ='Capital Projects Fund'!H60 -> 59992 | G83: =SUM(B83:F83) -> 59992 | O83: =SUM(H83:N83) -> 0 | P83: =G83+O83 -> 59992 | R83: =P83+Q83 -> 59992
A84: Premium on refunding bonds | C84: ='Capital Projects Fund'!H61 -> 0 | G84: =SUM(B84:F84) -> 0 | O84: =SUM(H84:N84) -> 0 | P84: =G84+O84 -> 0 | R84: =P84+Q84 -> 0
A85: Payment to refunded bond escrow | C85: ='Capital Projects Fund'!H62 -> 0 | G85: =SUM(B85:F85) -> 0 | O85: =SUM(H85:N85) -> 0 | P85: =G85+O85 -> 0 | R85: =P85+Q85 -> 0
A86: Transfers In | B86: ='General Fund'!M81 -> 4371940.4 | C86: ='Capital Projects Fund'!H63 -> 822257.38 | D86: ='Human Services'!J52 -> 1320723 | F86: ='Other Government'!AI66 -> 2260435.4 | G86: =SUM(B86:F86) -> 8775356.2 | L86: =203840.36+970.92 -> 204811.28 | O86: =SUM(H86:N86) -> 204811.28 | P86: =G86+O86 -> 8980167.5 | R86: =P86+Q86 -> 8980167.5 | S86: ties out to Major Fund Determination
A87: Transfers Out | B87: ='General Fund'!M82 -> 5325602 | C87: ='Capital Projects Fund'!H64 -> 109741.8 | D87: ='Human Services'!J53 -> 996352.88 | E87: 150000 | F87: ='Other Government'!AI67 -> 2193658 | G87: =SUM(B87:F87) -> 8775354.7 | K87: =303194.34+970.92 -> 304165.26 | L87: 105 | O87: =SUM(H87:N87) -> 304270.26 | P87: =G87+O87 -> 9079625 | R87: =P87+Q87 -> 9079625
A88: Total Other | B88: ='General Fund'!M83 -> -950622.75 | C88: =C82+C83+C84+C85+C86-C87 -> 772507.58 | D88: ='Human Services'!J54 -> 334240.12 | E88: =E82+E86-E87 -> -150000 | F88: ='Other Government'!AI68 -> 66777.43 | G88: =G82+G83+G84+G85+G86-G87 -> 72902.38 | H88: =SUM(H82:H87) -> 0 | I88: =SUM(I82:I87) -> 0 | J88: =SUM(J82:J87) -> 0 | K88: =SUM(K82:K87) -> 304165.26 | L88: =SUM(L82:L87) -> 204916.28 | N88: =SUM(N82:N87) -> 0 | O88: =SUM(O82:O87) -> 509081.54 | P88: =SUM(P82:P87) -> 18132693 | Q88: =SUM(Q82:Q87) -> 0 | R88: =SUM(R82:R87) -> 18132693
A90: Net Change in Fund Balance | B90: ='General Fund'!M85 -> -938392.19 | C90: ='Capital Projects Fund'!H67 -> -19352.59 | D90: ='Human Services'!J56 -> -23401.71 | E90: =E80+E88 -> -0.38 | F90: =F80+F88 -> -9092.13 | G90: =SUM(B90:F90) -> -990239
A91: Fund Balance - Beginning | B91: ='General Fund'!M86 -> 8474759.9 | C91: ='Capital Projects Fund'!H68 -> 270433.04 | D91: ='Human Services'!J57 -> 373795.43 | E91: =E92-E90 -> 1.72 | F91: ='Other Government'!AI71 -> 3391236.9 | G91: =SUM(B91:F91) -> 12510227 | Q91: Balance Sheet | R91: =R19-R27-R54 -> -17619
A92: Fund Balance - End of Year | B92: ='General Fund'!M87 -> 7536367.7 | C92: ='Capital Projects Fund'!H69 -> 251080.45 | D92: ='Human Services'!J58 -> 350393.72 | E92: =E54 -> 1.34 | F92: ='Other Government'!AI72 -> 3382144.8 | G92: =SUM(B92:F92) -> 11519988 | Q92: P & L | R92: =R67-R78+R82+R86-R87 -> -6650904.7

Sheet Front Stmts
A1: ='ALL GOVERNMENT FUNDS'!A1 -> ALL GOVERNMENT FUNDS
A2: ='ALL GOVERNMENT FUNDS'!A2 -> Combining Balance sheet and Statement of Revenue & Expenses
A3: 2018
A4: yellow=new line items since back statements for front only
B6: ='ALL GOVERNMENT FUNDS'!B6 -> General Fund | C6: ='ALL GOVERNMENT FUNDS'!C6 -> Capital Projects Fund (3000/4000/4100) | D6: ='ALL GOVERNMENT FUNDS'!D6 -> Human Services Fund | E6: ='ALL GOVERNMENT FUNDS'!E6 -> 2590 Workforce Development | F6: ='ALL GOVERNMENT FUNDS'!F6 -> Other Governmental Funds | G6: ='ALL GOVERNMENT FUNDS'!G6 -> TOTAL GOVT FUNDS | H6: #1 Lease Receivable | I6: #2 Compensated Absences | J6: #3 Clerk of Courts | K6: #4 Debt | L6: #5 Taxes Receivable | M6: #6 In-Kind EHS | N6: #7 Capital Assets | O6: #8 Capital Lease | P6: #9 Net Pension Asset | Q6: Other Eliminations | R6: Adjusted Amounts
A7: ='ALL GOVERNMENT FUNDS'!A7 -> Assets | B7: ='ALL GOVERNMENT FUNDS'!B7 -> 0 | C7: ='ALL GOVERNMENT FUNDS'!C7 -> 0 | D7: ='ALL GOVERNMENT FUNDS'!D7 -> 0 | E7: ='ALL GOVERNMENT FUNDS'!E7 -> 0 | F7: ='ALL GOVERNMENT FUNDS'!F7 -> 0 | G7: ='ALL GOVERNMENT FUNDS'!G7 -> 0
A8: ='ALL GOVERNMENT FUNDS'!A8 -> Cash & cash equivalents | B8: ='ALL GOVERNMENT FUNDS'!B8 -> 7596565.4 | C8: ='ALL GOVERNMENT FUNDS'!C8 -> 251080.67 | D8: ='ALL GOVERNMENT FUNDS'!D8 -> -837675.43 | E8: ='ALL GOVERNMENT FUNDS'!E8 -> -1402616.4 | F8: ='ALL GOVERNMENT FUNDS'!F8 -> 3512949.1 | G8: ='ALL GOVERNMENT FUNDS'!G8 -> 9120303.3 | R8: =SUM(G8:Q8) -> 9120303.3
A9: ='ALL GOVERNMENT FUNDS'!A9 -> Advances Receivable | B9: ='ALL GOVERNMENT FUNDS'!B9 -> 0 | C9: ='ALL GOVERNMENT FUNDS'!C9 -> 0 | D9: ='ALL GOVERNMENT FUNDS'!D9 -> 0 | E9: ='ALL GOVERNMENT FUNDS'!E9 -> 0 | F9: ='ALL GOVERNMENT FUNDS'!F9 -> 0 | G9: ='ALL GOVERNMENT FUNDS'!G9 -> 0 | R9: =SUM(G9:Q9) -> 0
A10: ='ALL GOVERNMENT FUNDS'!A10 -> Taxes Receivable | B10: ='ALL GOVERNMENT FUNDS'!B10 -> 1533216.4 | C10: ='ALL GOVERNMENT FUNDS'!C10 -> 0 | D10: ='ALL GOVERNMENT FUNDS'!D10 -> 0 | E10: ='ALL GOVERNMENT FUNDS'!E10 -> 0 | F10: ='ALL GOVERNMENT FUNDS'!F10 -> 0 | G10: ='ALL GOVERNMENT FUNDS'!G10 -> 1533216.4 | R10: =SUM(G10:Q10) -> 1533216.4
A11: ='ALL GOVERNMENT FUNDS'!A11 -> A/R | B11: ='ALL GOVERNMENT FUNDS'!B11 -> 621240.54 | C11: ='ALL GOVERNMENT FUNDS'!C11 -> 0 | D11: ='ALL GOVERNMENT FUNDS'!D11 -> 415966.26 | E11: ='ALL GOVERNMENT FUNDS'!E11 -> 0 | F11: ='ALL GOVERNMENT FUNDS'!F11 -> 941474.22 | G11: ='ALL GOVERNMENT FUNDS'!G11 -> 1978681 | R11: =SUM(G11:Q11) -> 1978681
A12: ='ALL GOVERNMENT FUNDS'!A12 -> Due from Component Unit | B12: ='ALL GOVERNMENT FUNDS'!B12 -> 17619 | C12: ='ALL GOVERNMENT FUNDS'!C12 -> 0 | D12: ='ALL GOVERNMENT FUNDS'!D12 -> 0 | E12: ='ALL GOVERNMENT FUNDS'!E12 -> 0 | F12: ='ALL GOVERNMENT FUNDS'!F12 -> 0 | G12: ='ALL GOVERNMENT FUNDS'!G12 -> 17619 | R12: =SUM(G12:Q12) -> 17619
A13: ='ALL GOVERNMENT FUNDS'!A13 -> Due from Other Funds | B13: ='ALL GOVERNMENT FUNDS'!B13 -> 612882.85 | C13: ='ALL GOVERNMENT FUNDS'!C13 -> -0.22 | D13: ='ALL GOVERNMENT FUNDS'!D13 -> 83900.52 | E13: ='ALL GOVERNMENT FUNDS'!E13 -> 0 | F13: ='ALL GOVERNMENT FUNDS'!F13 -> 58642.64 | G13: ='ALL GOVERNMENT FUNDS'!G13 -> 755425.79 | Q13: =-254148.46-501277.33 -> -755425.79 | R13: =SUM(G13:Q13) -> 0
A14: ='ALL GOVERNMENT FUNDS'!A14 -> Due from Other Governments | B14: ='ALL GOVERNMENT FUNDS'!B14 -> 67643.23 | C14: ='ALL GOVERNMENT FUNDS'!C14 -> 0 | D14: ='ALL GOVERNMENT FUNDS'!D14 -> 4224524.5 | E14: ='ALL GOVERNMENT FUNDS'!E14 -> 2180845 | F14: ='ALL GOVERNMENT FUNDS'!F14 -> 301246.51 | G14: ='ALL GOVERNMENT FUNDS'!G14 -> 6774259.2 | Q14: 501277.33 | R14: =SUM(G14:Q14) -> 7275536.5
A15: Net Pension Asset | B15: 0 | C15: 0 | D15: 0 | E15: 0 | F15: 0 | G15: =SUM(B15:F15) -> 0 | P15: 1465477 | R15: =SUM(G15:Q15) -> 1465477
A16: Beg. Year Non-Dep. Capital Assets | B16: 0 | C16: 0 | D16: 0 | E16: 0 | F16: 0 | G16: =SUM(B16:F16) -> 0 | N16: 2119678 | R16: =SUM(G16:Q16) -> 2119678
A17: Depreciable Capital Assets | B17: 0 | C17: 0 | D17: 0 | E17: 0 | F17: 0 | G17: =SUM(B17:F17) -> 0 | N17: =61502253+1100990-395530 -> 62207713 | R17: =SUM(G17:Q17) -> 62207713
A18: A/D | B18: 0 | C18: 0 | D18: 0 | E18: 0 | F18: 0 | G18: =SUM(B18:F18) -> 0 | N18: =-38041860+291017-1798021 -> -39548864 | R18: =SUM(G18:Q18) -> -39548864 | S18: =SUM(R17:R18) -> 22658849
A19: Deferred Outflows Pension | B19: 0 | C19: 0 | D19: 0 | E19: 0 | F19: 0 | G19: =SUM(B19:F19) -> 0 | P19: 5900659 | R19: =SUM(G19:Q19) -> 5900659
A20: ='ALL GOVERNMENT FUNDS'!A15 -> Other Assets | B20: ='ALL GOVERNMENT FUNDS'!B15 -> 0 | C20: ='ALL GOVERNMENT FUNDS'!C15 -> 0 | D20: ='ALL GOVERNMENT FUNDS'!D15 -> 0 | E20: ='ALL GOVERNMENT FUNDS'!E15 -> 0 | F20: ='ALL GOVERNMENT FUNDS'!F15 -> 58641.72 | G20: ='ALL GOVERNMENT FUNDS'!G15 -> 58641.72 | R20: =SUM(G20:Q20) -> 58641.72
A21: ='ALL GOVERNMENT FUNDS'!A16 -> Lease Receivable | B21: ='ALL GOVERNMENT FUNDS'!B16 -> 0 | C21: ='ALL GOVERNMENT FUNDS'!C16 -> 0 | D21: ='ALL GOVERNMENT FUNDS'!D16 -> 0 | E21: ='ALL GOVERNMENT FUNDS'!E16 -> 0 | F21: ='ALL GOVERNMENT FUNDS'!F16 -> 0 | G21: ='ALL GOVERNMENT FUNDS'!G16 -> 0 | R21: =SUM(G21:Q21) -> 0
A22: ='ALL GOVERNMENT FUNDS'!A17 -> Current | B22: ='ALL GOVERNMENT FUNDS'!B17 -> 0 | C22: ='ALL GOVERNMENT FUNDS'!C17 -> 0 | D22: ='ALL GOVERNMENT FUNDS'!D17 -> 0 | E22: ='ALL GOVERNMENT FUNDS'!E17 -> 0 | F22: ='ALL GOVERNMENT FUNDS'!F17 -> 0 | G22: ='ALL GOVERNMENT FUNDS'!G17 -> 0 | R22: =SUM(G22:Q22) -> 0
A23: ='ALL GOVERNMENT FUNDS'!A18 -> Non-Current | B23: ='ALL GOVERNMENT FUNDS'!B18 -> 0 | C23: ='ALL GOVERNMENT FUNDS'!C18 -> 0 | D23: ='ALL GOVERNMENT FUNDS'!D18 -> 0 | E23: ='ALL GOVERNMENT FUNDS'!E18 -> 0 | F23: ='ALL GOVERNMENT FUNDS'!F18 -> 0 | G23: ='ALL GOVERNMENT FUNDS'!G18 -> 0 | R23: =SUM(G23:Q23) -> 0
A24: ='ALL GOVERNMENT FUNDS'!A19 -> Total Assets | B24: ='ALL GOVERNMENT FUNDS'!B19 -> 10449167 | C24: ='ALL GOVERNMENT FUNDS'!C19 -> 251080.45 | D24: ='ALL GOVERNMENT FUNDS'!D19 -> 3886715.8 | E24: ='ALL GOVERNMENT FUNDS'!E19 -> 778228.59 | F24: ='ALL GOVERNMENT FUNDS'!F19 -> 4872954.2 | G24: ='ALL GOVERNMENT FUNDS'!G19 -> 20238146 | H24: =SUM(H8:H23) -> 0 | I24: =SUM(I8:I23) -> 0 | J24: =SUM(J8:J23) -> 0 | K24: =SUM(K8:K23) -> 0 | L24: =SUM(L8:L23) -> 0 | M24: =SUM(M8:M23) -> 0 | N24: =SUM(N8:N23) -> 24778527 | O24: =SUM(O8:O23) -> 0 | ... Q24: =SUM(Q8:Q23) -> -254148.46 | R24: =SUM(G24:Q24) -> 52128661 | S24: =R24-P19 -> 46228002
A26: ='ALL GOVERNMENT FUNDS'!A21 -> Liabilities
A27: ='ALL GOVERNMENT FUNDS'!A22 -> A/P | B27: ='ALL GOVERNMENT FUNDS'!B22 -> 740275.48 | C27: ='ALL GOVERNMENT FUNDS'!C22 -> 0 | D27: ='ALL GOVERNMENT FUNDS'!D22 -> 1004918.9 | E27: ='ALL GOVERNMENT FUNDS'!E22 -> 662280.95 | F27: ='ALL GOVERNMENT FUNDS'!F22 -> 280805.36 | G27: ='ALL GOVERNMENT FUNDS'!G22 -> 2688280.6 | R27: =SUM(G27:Q27) -> 2688280.6
A28: ='ALL GOVERNMENT FUNDS'!A23 -> Accrued Payroll | B28: ='ALL GOVERNMENT FUNDS'!B23 -> 338235.15 | C28: ='ALL GOVERNMENT FUNDS'!C23 -> 0 | D28: ='ALL GOVERNMENT FUNDS'!D23 -> 287416.61 | E28: ='ALL GOVERNMENT FUNDS'!E23 -> 0 | F28: ='ALL GOVERNMENT FUNDS'!F23 -> 47208.3 | G28: ='ALL GOVERNMENT FUNDS'!G23 -> 672860.06 | R28: =SUM(G28:Q28) -> 672860.06
A29: ='ALL GOVERNMENT FUNDS'!A24 -> Due to Other Funds | B29: ='ALL GOVERNMENT FUNDS'!B24 -> 106403.43 | C29: ='ALL GOVERNMENT FUNDS'!C24 -> 0 | D29: ='ALL GOVERNMENT FUNDS'!D24 -> 160355 | E29: ='ALL GOVERNMENT FUNDS'!E24 -> 0 | F29: ='ALL GOVERNMENT FUNDS'!F24 -> 0 | G29: ='ALL GOVERNMENT FUNDS'!G24 -> 266758.43 | Q29: =-254145.11-12613.32 -> -266758.43 | R29: =SUM(G29:Q29) -> 0
A30: ='ALL GOVERNMENT FUNDS'!A25 -> Due to Other Governments | B30: ='ALL GOVERNMENT FUNDS'!B25 -> 62624.48 | C30: ='ALL GOVERNMENT FUNDS'!C25 -> 0 | D30: ='ALL GOVERNMENT FUNDS'!D25 -> 0 | E30: ='ALL GOVERNMENT FUNDS'!E25 -> 0 | F30: ='ALL GOVERNMENT FUNDS'!F25 -> 0 | G30: ='ALL GOVERNMENT FUNDS'!G25 -> 62624.48 | Q30: 12613.32 | R30: =SUM(G30:Q30) -> 75237.8
A31: Compensated Absences | B31: 0 | C31: 0 | D31: 0 | E31: 0 | F31: 0 | G31: =SUM(B31:F31) -> 0 | I31: 607066 | R31: =SUM(G31:Q31) -> 607066
A32: Capital Lease - Current | B32: 0 | C32: 0 | D32: 0 | E32: 0 | F32: 0 | G32: =SUM(B32:F32) -> 0 | O32: 56894 | R32: =SUM(G32:Q32) -> 56894
A33: Capital Lease - Long Term | B33: 0 | C33: 0 | D33: 0 | E33: 0 | F33: 0 | G33: =SUM(B33:F33) -> 0 | O33: 110781 | R33: =SUM(G33:Q33) -> 110781
A34: Bonds Payable - Current | B34: 0 | C34: 0 | D34: 0 | E34: 0 | F34: 0 | G34: =SUM(B34:F34) -> 0 | K34: 448133 | R34: =SUM(G34:Q34) -> 448133
A35: Bonds Payable - Long Term | B35: 0 | C35: 0 | D35: 0 | E35: 0 | F35: 0 | G35: =SUM(B35:F35) -> 0 | R35: =SUM(G35:Q35) -> 0
A36: ='ALL GOVERNMENT FUNDS'!A26 -> Deferred Revenue | B36: ='ALL GOVERNMENT FUNDS'!B26 -> 1665261.1 | C36: ='ALL GOVERNMENT FUNDS'!C26 -> 0 | D36: ='ALL GOVERNMENT FUNDS'!D26 -> 2083631.6 | E36: ='ALL GOVERNMENT FUNDS'!E26 -> 115946.3 | F36: ='ALL GOVERNMENT FUNDS'!F26 -> 1162795.8 | G36: ='ALL GOVERNMENT FUNDS'!G26 -> 5027634.8 | J36: -279463 | L36: -1287782 | R36: =SUM(G36:Q36) -> 3460389.8 | S36: =SUM(R27:R36) -> 8119642.3
A37: ='ALL GOVERNMENT FUNDS'!A27 -> Total Liabilities | B37: ='ALL GOVERNMENT FUNDS'!B27 -> 2912799.7 | C37: ='ALL GOVERNMENT FUNDS'!C27 -> 0 | D37: ='ALL GOVERNMENT FUNDS'!D27 -> 3536322.1 | E37: ='ALL GOVERNMENT FUNDS'!E27 -> 778227.25 | F37: ='ALL GOVERNMENT FUNDS'!F27 -> 1490809.4 | G37: ='ALL GOVERNMENT FUNDS'!G27 -> 8718158.4 | H37: =SUM(H27:H36) -> 0 | I37: =SUM(I27:I36) -> 607066 | J37: =SUM(J27:J36) -> -279463 | K37: =SUM(K27:K36) -> 448133 | L37: =SUM(L27:L36) -> -1287782 | M37: =SUM(M27:M36) -> 0 | N37: =SUM(N27:N36) -> 0 | O37: =SUM(O27:O36) -> 167675 | ... Q37: =SUM(Q27:Q36) -> -254145.11 | R37: =SUM(G37:Q37) -> 8119642.3
A39: ='ALL GOVERNMENT FUNDS'!A29 -> Deferred Inflows of Resources:
A40: ='ALL GOVERNMENT FUNDS'!A30 -> Unavailable revenue - taxes/fees | B40: ='ALL GOVERNMENT FUNDS'!B30 -> 0 | C40: ='ALL GOVERNMENT FUNDS'!C30 -> 0 | D40: ='ALL GOVERNMENT FUNDS'!D30 -> 0 | E40: ='ALL GOVERNMENT FUNDS'!E30 -> 0 | F40: ='ALL GOVERNMENT FUNDS'!F30 -> 0 | G40: ='ALL GOVERNMENT FUNDS'!G30 -> 0 | R40: =SUM(G40:Q40) -> 0
A41: ='ALL GOVERNMENT FUNDS'!A31 -> Unavailable revenue - note | B41: ='ALL GOVERNMENT FUNDS'!B31 -> 0 | C41: ='ALL GOVERNMENT FUNDS'!C31 -> 0 | D41: ='ALL GOVERNMENT FUNDS'!D31 -> 0 | E41: ='ALL GOVERNMENT FUNDS'!E31 -> 0 | F41: ='ALL GOVERNMENT FUNDS'!F31 -> 0 | G41: ='ALL GOVERNMENT FUNDS'!G31 -> 0 | R41: =SUM(G41:Q41) -> 0
A42: Deferred Inflow Pension | B42: 0 | C42: 0 | D42: 0 | E42: 0 | F42: 0 | G42: =SUM(B42:F42) -> 0 | P42: 2980053 | R42: =SUM(G42:Q42) -> 2980053 | S42: =SUM(R40:R42) -> 2980053
A43: ='ALL GOVERNMENT FUNDS'!A32 -> Total Deferred Inflows of Resources | B43: ='ALL GOVERNMENT FUNDS'!B32 -> 0 | C43: ='ALL GOVERNMENT FUNDS'!C32 -> 0 | D43: ='ALL GOVERNMENT FUNDS'!D32 -> 0 | E43: ='ALL GOVERNMENT FUNDS'!E32 -> 0 | F43: ='ALL GOVERNMENT FUNDS'!F32 -> 0 | G43: ='ALL GOVERNMENT FUNDS'!G32 -> 0 | H43: =SUM(H40:H42) -> 0 | I43: =SUM(I40:I42) -> 0 | J43: =SUM(J40:J42) -> 0 | K43: =SUM(K40:K42) -> 0 | L43: =SUM(L40:L42) -> 0 | M43: =SUM(M40:M42) -> 0 | N43: =SUM(N40:N42) -> 0 | O43: =SUM(O40:O42) -> 0 | ... Q43: =SUM(Q40:Q42) -> 0 | R43: =SUM(G43:Q43) -> 2980053
A45: ='ALL GOVERNMENT FUNDS'!A34 -> Fund Balance
A46: ='ALL GOVERNMENT FUNDS'!A35 -> Reserved: Program | B46: ='ALL GOVERNMENT FUNDS'!B35 -> 0 | C46: ='ALL GOVERNMENT FUNDS'!C35 -> 0 | D46: ='ALL GOVERNMENT FUNDS'!D35 -> 0 | E46: ='ALL GOVERNMENT FUNDS'!E35 -> 0 | F46: ='ALL GOVERNMENT FUNDS'!F35 -> 0 | G46: ='ALL GOVERNMENT FUNDS'!G35 -> 0 | R46: =SUM(G46:Q46) -> 0 | T46: Capital Assets:
A47: ='ALL GOVERNMENT FUNDS'!A36 -> Operating Reserve | B47: ='ALL GOVERNMENT FUNDS'!B36 -> 1755505.6 | C47: ='ALL GOVERNMENT FUNDS'!C36 -> 0 | D47: ='ALL GOVERNMENT FUNDS'!D36 -> 0 | E47: ='ALL GOVERNMENT FUNDS'!E36 -> 0 | F47: ='ALL GOVERNMENT FUNDS'!F36 -> 0 | G47: ='ALL GOVERNMENT FUNDS'!G36 -> 1755505.6 | R47: =SUM(G47:Q47) -> 1755505.6 | T47: 2119678 | U47: Capital Assets - Net Deprec.
A48: ='ALL GOVERNMENT FUNDS'!A37 -> Human Services | B48: ='ALL GOVERNMENT FUNDS'!B37 -> 0 | C48: ='ALL GOVERNMENT FUNDS'!C37 -> 0 | D48: ='ALL GOVERNMENT FUNDS'!D37 -> 54822.6 | E48: ='ALL GOVERNMENT FUNDS'!E37 -> 0 | F48: ='ALL GOVERNMENT FUNDS'!F37 -> 40127.23 | G48: ='ALL GOVERNMENT FUNDS'!G37 -> 94949.83 | R48: =SUM(G48:Q48) -> 94949.83 | T48: 22658849 | U48: Capital Assets - Deprec/A/D
A49: ='ALL GOVERNMENT FUNDS'!A38 -> Roads and bridges | B49: ='ALL GOVERNMENT FUNDS'!B38 -> 0 | C49: ='ALL GOVERNMENT FUNDS'!C38 -> 0 | D49: ='ALL GOVERNMENT FUNDS'!D38 -> 0 | E49: ='ALL GOVERNMENT FUNDS'!E38 -> 0 | F49: ='ALL GOVERNMENT FUNDS'!F38 -> 1199595.3 | G49: ='ALL GOVERNMENT FUNDS'!G38 -> 1199595.3 | R49: =SUM(G49:Q49) -> 1199595.3 | T49: -56894 | U49: Captial Lease - Current Liability
A50: ='ALL GOVERNMENT FUNDS'!A39 -> Affordable housing | B50: ='ALL GOVERNMENT FUNDS'!B39 -> 0 | C50: ='ALL GOVERNMENT FUNDS'!C39 -> 0 | D50: ='ALL GOVERNMENT FUNDS'!D39 -> 0 | E50: ='ALL GOVERNMENT FUNDS'!E39 -> 0 | F50: ='ALL GOVERNMENT FUNDS'!F39 -> 21790.52 | G50: ='ALL GOVERNMENT FUNDS'!G39 -> 21790.52 | R50: =SUM(G50:Q50) -> 21790.52 | T50: -110781 | U50: Capital Lease - Noncurrent
A51: ='ALL GOVERNMENT FUNDS'!A40 -> Act 13 | B51: ='ALL GOVERNMENT FUNDS'!B40 -> 0 | C51: ='ALL GOVERNMENT FUNDS'!C40 -> 0 | D51: ='ALL GOVERNMENT FUNDS'!D40 -> 0 | E51: ='ALL GOVERNMENT FUNDS'!E40 -> 0 | F51: ='ALL GOVERNMENT FUNDS'!F40 -> 292279.27 | G51: ='ALL GOVERNMENT FUNDS'!G40 -> 292279.27 | R51: =SUM(G51:Q51) -> 292279.27 | T51: -448133 | U51: Bonds Payable Current
A52: ='ALL GOVERNMENT FUNDS'!A41 -> Constable server fees | B52: ='ALL GOVERNMENT FUNDS'!B41 -> 0 | C52: ='ALL GOVERNMENT FUNDS'!C41 -> 0 | D52: ='ALL GOVERNMENT FUNDS'!D41 -> 0 | E52: ='ALL GOVERNMENT FUNDS'!E41 -> 0 | F52: ='ALL GOVERNMENT FUNDS'!F41 -> 289819.26 | G52: ='ALL GOVERNMENT FUNDS'!G41 -> 289819.26 | R52: =SUM(G52:Q52) -> 289819.26 | T52: 0 | U52: Bonds Payable Noncurrent
A53: ='ALL GOVERNMENT FUNDS'!A42 -> Offender identification | B53: ='ALL GOVERNMENT FUNDS'!B42 -> 0 | C53: ='ALL GOVERNMENT FUNDS'!C42 -> 0 | D53: ='ALL GOVERNMENT FUNDS'!D42 -> 0 | E53: ='ALL GOVERNMENT FUNDS'!E42 -> 0 | F53: ='ALL GOVERNMENT FUNDS'!F42 -> 445107.69 | G53: ='ALL GOVERNMENT FUNDS'!G42 -> 445107.69 | R53: =SUM(G53:Q53) -> 445107.69 | T53: =SUM(T47:T52) -> 24162719
A54: ='ALL GOVERNMENT FUNDS'!A43 -> Records improvement/automation | B54: ='ALL GOVERNMENT FUNDS'!B43 -> 0 | C54: ='ALL GOVERNMENT FUNDS'!C43 -> 0 | D54: ='ALL GOVERNMENT FUNDS'!D43 -> 0 | E54: ='ALL GOVERNMENT FUNDS'!E43 -> 0 | F54: ='ALL GOVERNMENT FUNDS'!F43 -> 56311.44 | G54: ='ALL GOVERNMENT FUNDS'!G43 -> 56311.44 | R54: =SUM(G54:Q54) -> 56311.44
A55: ='ALL GOVERNMENT FUNDS'!A44 -> Sugar Valley Lodge | B55: ='ALL GOVERNMENT FUNDS'!B44 -> 0 | C55: ='ALL GOVERNMENT FUNDS'!C44 -> 0 | D55: ='ALL GOVERNMENT FUNDS'!D44 -> 0 | E55: ='ALL GOVERNMENT FUNDS'!E44 -> 0 | F55: ='ALL GOVERNMENT FUNDS'!F44 -> 124697.59 | G55: ='ALL GOVERNMENT FUNDS'!G44 -> 124697.59 | R55: =SUM(G55:Q55) -> 124697.59
A56: ='ALL GOVERNMENT FUNDS'!A45 -> Domestic relations | B56: ='ALL GOVERNMENT FUNDS'!B45 -> 0 | C56: ='ALL GOVERNMENT FUNDS'!C45 -> 0 | D56: ='ALL GOVERNMENT FUNDS'!D45 -> 0 | E56: ='ALL GOVERNMENT FUNDS'!E45 -> 0 | F56: ='ALL GOVERNMENT FUNDS'!F45 -> 753682.67 | G56: ='ALL GOVERNMENT FUNDS'!G45 -> 753682.67 | R56: =SUM(G56:Q56) -> 753682.67
A57: Pension | B57: 0 | C57: 0 | D57: 0 | E57: 0 | F57: 0 | G57: =SUM(B57:F57) -> 0 | R57: =SUM(G57:Q57) -> 0
A58: ='ALL GOVERNMENT FUNDS'!A46 -> Other purposes | B58: ='ALL GOVERNMENT FUNDS'!B46 -> 0 | C58: ='ALL GOVERNMENT FUNDS'!C46 -> 0 | D58: ='ALL GOVERNMENT FUNDS'!D46 -> 0 | E58: ='ALL GOVERNMENT FUNDS'!E46 -> 0 | F58: ='ALL GOVERNMENT FUNDS'!F46 -> 132680.03 | G58: ='ALL GOVERNMENT FUNDS'!G46 -> 132680.03 | R58: =SUM(G58:Q58) -> 132680.03 | T58: Breakdown of Net Assets:
A59: ='ALL GOVERNMENT FUNDS'!A47 -> Assigned: | B59: ='ALL GOVERNMENT FUNDS'!B47 -> 0 | C59: ='ALL GOVERNMENT FUNDS'!C47 -> 0 | D59: ='ALL GOVERNMENT FUNDS'!D47 -> 0 | E59: ='ALL GOVERNMENT FUNDS'!E47 -> 0 | F59: ='ALL GOVERNMENT FUNDS'!F47 -> 0 | G59: ='ALL GOVERNMENT FUNDS'!G47 -> 0 | R59: =SUM(G59:Q59) -> 0 | T59: =R66 -> 36917162 | U59: Fund Balance
A60: ='ALL GOVERNMENT FUNDS'!A48 -> Capital Projects | B60: ='ALL GOVERNMENT FUNDS'!B48 -> 0 | C60: ='ALL GOVERNMENT FUNDS'!C48 -> 251080.45 | D60: ='ALL GOVERNMENT FUNDS'!D48 -> 0 | E60: ='ALL GOVERNMENT FUNDS'!E48 -> 0 | F60: ='ALL GOVERNMENT FUNDS'!F48 -> 0 | G60: ='ALL GOVERNMENT FUNDS'!G48 -> 251080.45 | R60: =SUM(G60:Q60) -> 251080.45 | T60: =R61+R62+R63 -> 321621.86 | U60: Add Assigned Funds
A61: ='ALL GOVERNMENT FUNDS'!A49 -> Substance Abuse | B61: ='ALL GOVERNMENT FUNDS'!B49 -> 0 | C61: ='ALL GOVERNMENT FUNDS'!C49 -> 0 | D61: ='ALL GOVERNMENT FUNDS'!D49 -> 295567.98 | E61: ='ALL GOVERNMENT FUNDS'!E49 -> 0 | F61: ='ALL GOVERNMENT FUNDS'!F49 -> 0 | G61: ='ALL GOVERNMENT FUNDS'!G49 -> 295567.98 | R61: =SUM(G61:Q61) -> 295567.98 | T61: -24162719 | U61: Remove Capital Assets See Calculation
A62: ='ALL GOVERNMENT FUNDS'!A50 -> Airport Operations | B62: ='ALL GOVERNMENT FUNDS'!B50 -> 0 | C62: ='ALL GOVERNMENT FUNDS'!C50 -> 0 | D62: ='ALL GOVERNMENT FUNDS'!D50 -> 0 | E62: ='ALL GOVERNMENT FUNDS'!E50 -> 0 | F62: ='ALL GOVERNMENT FUNDS'!F50 -> 8688.47 | G62: ='ALL GOVERNMENT FUNDS'!G50 -> 8688.47 | R62: =SUM(G62:Q62) -> 8688.47 | T62: -1465477 | U62: Remove Net Pension Asset
A63: ='ALL GOVERNMENT FUNDS'!A51 -> Community Action | B63: ='ALL GOVERNMENT FUNDS'!B51 -> 0 | C63: ='ALL GOVERNMENT FUNDS'!C51 -> 0 | D63: ='ALL GOVERNMENT FUNDS'!D51 -> 0 | E63: ='ALL GOVERNMENT FUNDS'!E51 -> 0 | F63: ='ALL GOVERNMENT FUNDS'!F51 -> 17365.41 | G63: ='ALL GOVERNMENT FUNDS'!G51 -> 17365.41 | R63: =SUM(G63:Q63) -> 17365.41 | U63: Differencer in Cap Assets
A64: Net Investment in Capital Assets | B64: 0 | C64: 0 | D64: 0 | E64: 0 | F64: 0 | G64: =SUM(B64:F64) -> 0 | R64: =SUM(G64:Q64) -> 0 | T64: =S101 -> -1627319.5 | U64: Adjust for Excess/Loss on Back Stmts.
A65: ='ALL GOVERNMENT FUNDS'!A52 -> Reserved: Prepaids | B65: ='ALL GOVERNMENT FUNDS'!B52 -> 0 | C65: ='ALL GOVERNMENT FUNDS'!C52 -> 0 | D65: ='ALL GOVERNMENT FUNDS'!D52 -> 0 | E65: ='ALL GOVERNMENT FUNDS'!E52 -> 0 | F65: ='ALL GOVERNMENT FUNDS'!F52 -> 0 | G65: ='ALL GOVERNMENT FUNDS'!G52 -> 0 | R65: =SUM(G65:Q65) -> 0 | T65: =SUM(T59:T64) -> 9983268.7
A66: ='ALL GOVERNMENT FUNDS'!A53 -> Unreserved | B66: ='ALL GOVERNMENT FUNDS'!B53 -> 5780862.2 | C66: ='ALL GOVERNMENT FUNDS'!C53 -> 0 | D66: ='ALL GOVERNMENT FUNDS'!D53 -> 0 | E66: ='ALL GOVERNMENT FUNDS'!E53 -> 1.34 | F66: ='ALL GOVERNMENT FUNDS'!F53 -> -0.15 | G66: ='ALL GOVERNMENT FUNDS'!G53 -> 5780863.4 | I66: -582303 | J66: 286505 | K66: -1191266 | L66: 1293458 | N66: 25580071 | O66: -170115 | P66: 4929710 | Q66: 990239 | R66: =SUM(G66:Q66) -> 36917162 | S66: =SUM(R46:R66) -> 42656284
A67: ='ALL GOVERNMENT FUNDS'!A54 -> Total Fund Balance | B67: ='ALL GOVERNMENT FUNDS'!B54 -> 7536367.7 | C67: ='ALL GOVERNMENT FUNDS'!C54 -> 251080.45 | D67: ='ALL GOVERNMENT FUNDS'!D54 -> 350393.72 | E67: ='ALL GOVERNMENT FUNDS'!E54 -> 1.34 | F67: ='ALL GOVERNMENT FUNDS'!F54 -> 3382144.8 | G67: ='ALL GOVERNMENT FUNDS'!G54 -> 11519988 | H67: =SUM(H46:H66) -> 0 | I67: =SUM(I46:I66) -> -582303 | J67: =SUM(J46:J66) -> 286505 | K67: =SUM(K46:K66) -> -1191266 | L67: =SUM(L46:L66) -> 1293458 | M67: =SUM(M46:M66) -> 0 | N67: =SUM(N46:N66) -> 25580071 | O67: =SUM(O46:O66) -> -170115 | ... Q67: =SUM(Q46:Q66) -> 990239 | R67: =SUM(G67:Q67) -> 42656287
T68: Check and Balance to Total Assets
A69: ='ALL GOVERNMENT FUNDS'!A56 -> Total Liabilities & Fund Balance | B69: ='ALL GOVERNMENT FUNDS'!B56 -> 10449167 | C69: ='ALL GOVERNMENT FUNDS'!C56 -> 251080.45 | D69: ='ALL GOVERNMENT FUNDS'!D56 -> 3886715.8 | E69: ='ALL GOVERNMENT FUNDS'!E56 -> 778228.59 | F69: ='ALL GOVERNMENT FUNDS'!F56 -> 4872954.2 | G69: ='ALL GOVERNMENT FUNDS'!G56 -> 20238146 | R69: =R67+R37+R43 -> 53755982 | S69: =T64 -> -1627319.5 | T69: =R69+S69 -> 52128663
B70: ='ALL GOVERNMENT FUNDS'!B57 -> YES | C70: ='ALL GOVERNMENT FUNDS'!C57 -> YES | D70: ='ALL GOVERNMENT FUNDS'!D57 -> YES | E70: ='ALL GOVERNMENT FUNDS'!E57 -> YES | F70: ='ALL GOVERNMENT FUNDS'!F57 -> YES | G70: ='ALL GOVERNMENT FUNDS'!G57 -> YES
A71: ='ALL GOVERNMENT FUNDS'!A58 -> Revenue
A72: ='ALL GOVERNMENT FUNDS'!A59 -> Taxes | B72: ='ALL GOVERNMENT FUNDS'!B59 -> 11774726 | C72: ='ALL GOVERNMENT FUNDS'!C59 -> 0 | D72: ='ALL GOVERNMENT FUNDS'!D59 -> 0 | E72: ='ALL GOVERNMENT FUNDS'!E59 -> 0 | F72: ='ALL GOVERNMENT FUNDS'!F59 -> 0 | G72: ='ALL GOVERNMENT FUNDS'!G59 -> 11774726 | L72: -5676 | R72: =SUM(G72:Q72) -> 11769050
A73: ='ALL GOVERNMENT FUNDS'!A60 -> Licenses | B73: ='ALL GOVERNMENT FUNDS'!B60 -> 36683.5 | C73: ='ALL GOVERNMENT FUNDS'!C60 -> 0 | D73: ='ALL GOVERNMENT FUNDS'!D60 -> 0 | E73: ='ALL GOVERNMENT FUNDS'!E60 -> 0 | F73: ='ALL GOVERNMENT FUNDS'!F60 -> 0 | G73: ='ALL GOVERNMENT FUNDS'!G60 -> 36683.5 | R73: =SUM(G73:Q73) -> 36683.5
A74: ='ALL GOVERNMENT FUNDS'!A61 -> Intergovermental | B74: ='ALL GOVERNMENT FUNDS'!B61 -> 2464912.5 | C74: ='ALL GOVERNMENT FUNDS'!C61 -> 0 | D74: ='ALL GOVERNMENT FUNDS'!D61 -> 16690296 | E74: ='ALL GOVERNMENT FUNDS'!E61 -> 8816839.8 | F74: ='ALL GOVERNMENT FUNDS'!F61 -> 5612470.3 | G74: ='ALL GOVERNMENT FUNDS'!G61 -> 33584519 | M74: 177061 | R74: =SUM(G74:Q74) -> 33761580
A75: ='ALL GOVERNMENT FUNDS'!A62 -> Charges for Services | B75: ='ALL GOVERNMENT FUNDS'!B62 -> 2316964.6 | C75: ='ALL GOVERNMENT FUNDS'!C62 -> 0 | D75: ='ALL GOVERNMENT FUNDS'!D62 -> 120237.89 | E75: ='ALL GOVERNMENT FUNDS'!E62 -> 24449.93 | F75: ='ALL GOVERNMENT FUNDS'!F62 -> 498271 | G75: ='ALL GOVERNMENT FUNDS'!G62 -> 2959923.5 | R75: =SUM(G75:Q75) -> 2959923.5
A76: ='ALL GOVERNMENT FUNDS'!A63 -> Fines and Forfeits | B76: ='ALL GOVERNMENT FUNDS'!B63 -> 130448.96 | C76: ='ALL GOVERNMENT FUNDS'!C63 -> 0 | D76: ='ALL GOVERNMENT FUNDS'!D63 -> 215287.8 | E76: ='ALL GOVERNMENT FUNDS'!E63 -> 0 | F76: ='ALL GOVERNMENT FUNDS'!F63 -> 55010.97 | G76: ='ALL GOVERNMENT FUNDS'!G63 -> 400747.73 | J76: -7042 | R76: =SUM(G76:Q76) -> 393705.73
A77: ='ALL GOVERNMENT FUNDS'!A64 -> Interest | B77: ='ALL GOVERNMENT FUNDS'!B64 -> 22549.87 | C77: ='ALL GOVERNMENT FUNDS'!C64 -> 631.83 | D77: ='ALL GOVERNMENT FUNDS'!D64 -> 5509.26 | E77: ='ALL GOVERNMENT FUNDS'!E64 -> 466.04 | F77: ='ALL GOVERNMENT FUNDS'!F64 -> 27320.66 | G77: ='ALL GOVERNMENT FUNDS'!G64 -> 56477.66 | R77: =SUM(G77:Q77) -> 56477.66
A78: ='ALL GOVERNMENT FUNDS'!A65 -> Lease Revenue | B78: ='ALL GOVERNMENT FUNDS'!B65 -> 0 | C78: ='ALL GOVERNMENT FUNDS'!C65 -> 0 | D78: ='ALL GOVERNMENT FUNDS'!D65 -> 0 | E78: ='ALL GOVERNMENT FUNDS'!E65 -> 0 | F78: ='ALL GOVERNMENT FUNDS'!F65 -> 0 | G78: ='ALL GOVERNMENT FUNDS'!G65 -> 0 | R78: =SUM(G78:Q78) -> 0
A79: ='ALL GOVERNMENT FUNDS'!A66 -> Other | B79: ='ALL GOVERNMENT FUNDS'!B66 -> 352595.76 | C79: ='ALL GOVERNMENT FUNDS'!C66 -> 0 | D79: ='ALL GOVERNMENT FUNDS'!D66 -> 214519.75 | E79: ='ALL GOVERNMENT FUNDS'!E66 -> 0 | F79: ='ALL GOVERNMENT FUNDS'!F66 -> 21036.32 | G79: ='ALL GOVERNMENT FUNDS'!G66 -> 588151.83 | M79: -177061 | O79: 11040 | R79: =SUM(G79:Q79) -> 422130.83 | S79: =SUM(R72:R79) -> 49399550
A80: ='ALL GOVERNMENT FUNDS'!A67 -> Total Revenues | B80: ='ALL GOVERNMENT FUNDS'!B67 -> 17098881 | C80: ='ALL GOVERNMENT FUNDS'!C67 -> 631.83 | D80: ='ALL GOVERNMENT FUNDS'!D67 -> 17245851 | E80: ='ALL GOVERNMENT FUNDS'!E67 -> 8841755.8 | F80: ='ALL GOVERNMENT FUNDS'!F67 -> 6214109.2 | G80: ='ALL GOVERNMENT FUNDS'!G67 -> 49401228 | H80: =SUM(H72:H79) -> 0 | I80: =SUM(I72:I79) -> 0 | J80: =SUM(J72:J79) -> -7042 | K80: =SUM(K72:K79) -> 0 | L80: =SUM(L72:L79) -> -5676 | M80: =SUM(M72:M79) -> 0 | N80: =SUM(N72:N79) -> 0 | O80: =SUM(O72:O79) -> 11040 | ... Q80: =SUM(Q72:Q79) -> 0 | R80: =SUM(G80:Q80) -> 49399550
A82: ='ALL GOVERNMENT FUNDS'!A69 -> Expenditures
A83: ='ALL GOVERNMENT FUNDS'!A70 -> General gvt - administration | B83: ='ALL GOVERNMENT FUNDS'!B70 -> 7098258.6 | C83: ='ALL GOVERNMENT FUNDS'!C70 -> 9100 | D83: ='ALL GOVERNMENT FUNDS'!D70 -> 0 | E83: ='ALL GOVERNMENT FUNDS'!E70 -> 0 | F83: ='ALL GOVERNMENT FUNDS'!F70 -> 4873.38 | G83: ='ALL GOVERNMENT FUNDS'!G70 -> 7112232 | I83: 4210 | K83: -33133 | N83: =-142212+339182+92021+200 -> 289191 | P83: 273718 | R83: =SUM(G83:Q83) -> 7646218
A84: ='ALL GOVERNMENT FUNDS'!A71 -> General gvt - judicial | B84: ='ALL GOVERNMENT FUNDS'!B71 -> 3420921.3 | C84: ='ALL GOVERNMENT FUNDS'!C71 -> 0 | D84: ='ALL GOVERNMENT FUNDS'!D71 -> 0 | E84: ='ALL GOVERNMENT FUNDS'!E71 -> 0 | F84: ='ALL GOVERNMENT FUNDS'!F71 -> 594695.96 | G84: ='ALL GOVERNMENT FUNDS'!G71 -> 4015617.3 | I84: 4457 | N84: =-105361+76334 -> -29027 | R84: =SUM(G84:Q84) -> 3991047.3
A85: ='ALL GOVERNMENT FUNDS'!A72 -> Public safety | B85: ='ALL GOVERNMENT FUNDS'!B72 -> 4859726.8 | C85: ='ALL GOVERNMENT FUNDS'!C72 -> 0 | D85: ='ALL GOVERNMENT FUNDS'!D72 -> 0 | E85: ='ALL GOVERNMENT FUNDS'!E72 -> 0 | F85: ='ALL GOVERNMENT FUNDS'!F72 -> 1851076.3 | G85: ='ALL GOVERNMENT FUNDS'!G72 -> 6710803.1 | I85: 4953 | N85: =-37884+393992 -> 356108 | P85: 247536 | R85: =SUM(G85:Q85) -> 7319400.1
A86: ='ALL GOVERNMENT FUNDS'!A73 -> Public works and enterprises | B86: ='ALL GOVERNMENT FUNDS'!B73 -> 527577.1 | C86: ='ALL GOVERNMENT FUNDS'!C73 -> 0 | D86: ='ALL GOVERNMENT FUNDS'!D73 -> 0 | E86: ='ALL GOVERNMENT FUNDS'!E73 -> 0 | F86: ='ALL GOVERNMENT FUNDS'!F73 -> 1303670.7 | G86: ='ALL GOVERNMENT FUNDS'!G73 -> 1831247.8 | I86: 495 | N86: =-28190+633393 -> 605203 | R86: =SUM(G86:Q86) -> 2436945.8
A87: ='ALL GOVERNMENT FUNDS'!A74 -> Human services | B87: ='ALL GOVERNMENT FUNDS'!B74 -> 125330.94 | C87: ='ALL GOVERNMENT FUNDS'!C74 -> 0 | D87: ='ALL GOVERNMENT FUNDS'!D74 -> 17603493 | E87: ='ALL GOVERNMENT FUNDS'!E74 -> 8691756.1 | F87: ='ALL GOVERNMENT FUNDS'!F74 -> 2104925.1 | G87: ='ALL GOVERNMENT FUNDS'!G74 -> 28525505 | I87: 10400 | N87: =-698375+318351+12291.96 -> -367732.04 | P87: 6809 | R87: =SUM(G87:Q87) -> 28174982
A88: ='ALL GOVERNMENT FUNDS'!A75 -> Conservation and development | B88: ='ALL GOVERNMENT FUNDS'!B75 -> 660670.43 | C88: ='ALL GOVERNMENT FUNDS'!C75 -> 0 | D88: ='ALL GOVERNMENT FUNDS'!D75 -> 0 | E88: ='ALL GOVERNMENT FUNDS'!E75 -> 0 | F88: ='ALL GOVERNMENT FUNDS'!F75 -> 430737.36 | G88: ='ALL GOVERNMENT FUNDS'!G75 -> 1091407.8 | P88: 72 | R88: =SUM(G88:Q88) -> 1091479.8
A89: ='ALL GOVERNMENT FUNDS'!A76 -> Culture & Recreation | B89: ='ALL GOVERNMENT FUNDS'!B76 -> 394165.19 | C89: ='ALL GOVERNMENT FUNDS'!C76 -> 0 | D89: ='ALL GOVERNMENT FUNDS'!D76 -> 0 | E89: ='ALL GOVERNMENT FUNDS'!E76 -> 0 | F89: ='ALL GOVERNMENT FUNDS'!F76 -> 0 | G89: ='ALL GOVERNMENT FUNDS'!G76 -> 394165.19 | I89: 248 | N89: =-88968+36769 -> -52199 | P89: 15492 | R89: =SUM(G89:Q89) -> 357706.19
A90: ='ALL GOVERNMENT FUNDS'!A77 -> Debt Service & Capital Outlay | B90: ='ALL GOVERNMENT FUNDS'!B77 -> 0 | C90: ='ALL GOVERNMENT FUNDS'!C77 -> 783392 | D90: ='ALL GOVERNMENT FUNDS'!D77 -> 0 | E90: ='ALL GOVERNMENT FUNDS'!E77 -> 0 | F90: ='ALL GOVERNMENT FUNDS'!F77 -> 0 | G90: ='ALL GOVERNMENT FUNDS'!G77 -> 783392 | K90: -710000 | O90: -51392 | R90: =SUM(G90:Q90) -> 22000 | S90: =SUM(R83:R90) -> 51039779
A91: ='ALL GOVERNMENT FUNDS'!A78 -> Total Expenditures | B91: ='ALL GOVERNMENT FUNDS'!B78 -> 17086650 | C91: ='ALL GOVERNMENT FUNDS'!C78 -> 792492 | D91: ='ALL GOVERNMENT FUNDS'!D78 -> 17603493 | E91: ='ALL GOVERNMENT FUNDS'!E78 -> 8691756.1 | F91: ='ALL GOVERNMENT FUNDS'!F78 -> 6289978.8 | G91: ='ALL GOVERNMENT FUNDS'!G78 -> 50464370 | H91: =SUM(H83:H90) -> 0 | I91: =SUM(I83:I90) -> 24763 | J91: =SUM(J83:J90) -> 0 | K91: =SUM(K83:K90) -> -743133 | L91: =SUM(L83:L90) -> 0 | M91: =SUM(M83:M90) -> 0 | N91: =SUM(N83:N90) -> 801543.96 | O91: =SUM(O83:O90) -> -51392 | ... Q91: =SUM(Q83:Q90) -> 0 | R91: =SUM(G91:Q91) -> 51039779
A93: ='ALL GOVERNMENT FUNDS'!A80 -> Excess (Deficiency) | B93: ='ALL GOVERNMENT FUNDS'!B80 -> 12230.56 | C93: ='ALL GOVERNMENT FUNDS'!C80 -> -791860.17 | D93: ='ALL GOVERNMENT FUNDS'!D80 -> -357641.83 | E93: ='ALL GOVERNMENT FUNDS'!E80 -> 149999.62 | F93: ='ALL GOVERNMENT FUNDS'!F80 -> -75869.56 | G93: ='ALL GOVERNMENT FUNDS'!G80 -> -1063141.4 | H93: =H80-H91 -> 0 | I93: =I80-I91 -> -24763 | J93: =J80-J91 -> -7042 | K93: =K80-K91 -> 743133 | L93: =L80-L91 -> -5676 | M93: =M80-M91 -> 0 | N93: =N80-N91 -> -801543.96 | O93: =O80-O91 -> 62432 | ... Q93: =Q80-Q91 -> 0 | R93: =SUM(G93:Q93) -> -1640228.3 | S93: =S79-S90 -> -1640228.3
A95: ='ALL GOVERNMENT FUNDS'!A82 -> Sale of Fixed Assets | B95: ='ALL GOVERNMENT FUNDS'!B82 -> 3038.84 | C95: ='ALL GOVERNMENT FUNDS'!C82 -> 0 | D95: ='ALL GOVERNMENT FUNDS'!D82 -> 9870 | E95: ='ALL GOVERNMENT FUNDS'!E82 -> 0 | F95: ='ALL GOVERNMENT FUNDS'!F82 -> 0 | G95: ='ALL GOVERNMENT FUNDS'!G82 -> 12908.84 | N95: =-104513+104513 -> 0 | R95: =SUM(G95:Q95) -> 12908.84 | S95: =R95 -> 12908.84
A96: ='ALL GOVERNMENT FUNDS'!A83 -> Proceeds from capital leases | B96: ='ALL GOVERNMENT FUNDS'!B83 -> 0 | C96: ='ALL GOVERNMENT FUNDS'!C83 -> 59992 | D96: ='ALL GOVERNMENT FUNDS'!D83 -> 0 | E96: ='ALL GOVERNMENT FUNDS'!E83 -> 0 | F96: ='ALL GOVERNMENT FUNDS'!F83 -> 0 | G96: ='ALL GOVERNMENT FUNDS'!G83 -> 59992 | O96: -59992 | R96: =SUM(G96:Q96) -> 0
A97: ='ALL GOVERNMENT FUNDS'!A84 -> Premium on refunding bonds | B97: ='ALL GOVERNMENT FUNDS'!B84 -> 0 | C97: ='ALL GOVERNMENT FUNDS'!C84 -> 0 | D97: ='ALL GOVERNMENT FUNDS'!D84 -> 0 | E97: ='ALL GOVERNMENT FUNDS'!E84 -> 0 | F97: ='ALL GOVERNMENT FUNDS'!F84 -> 0 | G97: ='ALL GOVERNMENT FUNDS'!G84 -> 0 | R97: =SUM(G97:Q97) -> 0
A98: ='ALL GOVERNMENT FUNDS'!A85 -> Payment to refunded bond escrow | B98: ='ALL GOVERNMENT FUNDS'!B85 -> 0 | C98: ='ALL GOVERNMENT FUNDS'!C85 -> 0 | D98: ='ALL GOVERNMENT FUNDS'!D85 -> 0 | E98: ='ALL GOVERNMENT FUNDS'!E85 -> 0 | F98: ='ALL GOVERNMENT FUNDS'!F85 -> 0 | G98: ='ALL GOVERNMENT FUNDS'!G85 -> 0 | R98: =SUM(G98:Q98) -> 0
A99: ='ALL GOVERNMENT FUNDS'!A86 -> Transfers In | B99: ='ALL GOVERNMENT FUNDS'!B86 -> 4371940.4 | C99: ='ALL GOVERNMENT FUNDS'!C86 -> 822257.38 | D99: ='ALL GOVERNMENT FUNDS'!D86 -> 1320723 | E99: ='ALL GOVERNMENT FUNDS'!E86 -> 0 | F99: ='ALL GOVERNMENT FUNDS'!F86 -> 2260435.4 | G99: ='ALL GOVERNMENT FUNDS'!G86 -> 8775356.2 | R99: =SUM(G99:Q99) -> 8775356.2
A100: ='ALL GOVERNMENT FUNDS'!A87 -> Transfers Out | B100: ='ALL GOVERNMENT FUNDS'!B87 -> 5325602 | C100: ='ALL GOVERNMENT FUNDS'!C87 -> 109741.8 | D100: ='ALL GOVERNMENT FUNDS'!D87 -> 996352.88 | E100: ='ALL GOVERNMENT FUNDS'!E87 -> 150000 | F100: ='ALL GOVERNMENT FUNDS'!F87 -> 2193658 | G100: ='ALL GOVERNMENT FUNDS'!G87 -> 8775354.7 | R100: =SUM(G100:Q100) -> 8775354.7
A101: ='ALL GOVERNMENT FUNDS'!A88 -> Total Other | B101: ='ALL GOVERNMENT FUNDS'!B88 -> -950622.75 | C101: ='ALL GOVERNMENT FUNDS'!C88 -> 772507.58 | D101: ='ALL GOVERNMENT FUNDS'!D88 -> 334240.12 | E101: ='ALL GOVERNMENT FUNDS'!E88 -> -150000 | F101: ='ALL GOVERNMENT FUNDS'!F88 -> 66777.43 | G101: ='ALL GOVERNMENT FUNDS'!G88 -> 72902.38 | H101: =H95+H96+H97+H98+H99-H100 -> 0 | I101: =I95+I96+I97+I98+I99-I100 -> 0 | J101: =J95+J96+J97+J98+J99-J100 -> 0 | K101: =K95+K96+K97+K98+K99-K100 -> 0 | L101: =L95+L96+L97+L98+L99-L100 -> 0 | M101: =M95+M96+M97+M98+M99-M100 -> 0 | N101: =N95+N96+N97+N98+N99-N100 -> 0 | O101: =O95+O96+O97+O98+O99-O100 -> -59992 | ... Q101: =Q95+Q96+Q97+Q98+Q99-Q100 -> 0 | R101: =SUM(G101:Q101) -> 12910.38 | S101: =SUM(S93:S100) -> -1627319.5
A103: ='ALL GOVERNMENT FUNDS'!A90 -> Net Change in Fund Balance | B103: ='ALL GOVERNMENT FUNDS'!B90 -> -938392.19 | C103: ='ALL GOVERNMENT FUNDS'!C90 -> -19352.59 | D103: ='ALL GOVERNMENT FUNDS'!D90 -> -23401.71 | E103: ='ALL GOVERNMENT FUNDS'!E90 -> -0.38 | F103: ='ALL GOVERNMENT FUNDS'!F90 -> -9092.13 | G103: ='ALL GOVERNMENT FUNDS'!G90 -> -990239
A104: ='ALL GOVERNMENT FUNDS'!A91 -> Fund Balance - Beginning | B104: ='ALL GOVERNMENT FUNDS'!B91 -> 8474759.9 | C104: ='ALL GOVERNMENT FUNDS'!C91 -> 270433.04 | D104: ='ALL GOVERNMENT FUNDS'!D91 -> 373795.43 | E104: ='ALL GOVERNMENT FUNDS'!E91 -> 1.72 | F104: ='ALL GOVERNMENT FUNDS'!F91 -> 3391236.9 | G104: ='ALL GOVERNMENT FUNDS'!G91 -> 12510227
A105: ='ALL GOVERNMENT FUNDS'!A92 -> Fund Balance - End of Year | B105: ='ALL GOVERNMENT FUNDS'!B92 -> 7536367.7 | C105: ='ALL GOVERNMENT FUNDS'!C92 -> 251080.45 | D105: ='ALL GOVERNMENT FUNDS'!D92 -> 350393.72 | E105: ='ALL GOVERNMENT FUNDS'!E92 -> 1.34 | F105: ='ALL GOVERNMENT FUNDS'!F92 -> 3382144.8 | G105: ='ALL GOVERNMENT FUNDS'!G92 -> 11519988

Sheet Other Government
A1: Other Governmental Funds
A2: Combining Balance sheet and Statement of Revenue & Expenses
A3: 43435
B5: Liquid Fuels 2000 | C5: Affordable Housing 2020 | D5: Airport 2100/2150/ 2050 | E5: Hazmat 2200 | F5: Planning/ Marcellus 2790 | G5: Register and Recorder 2770 | I5: Court Constable 2400 | J5: Adj for Court Constable | K5: Adj Court Constable | L5: Offender ID 2450 | M5: Juevenile Court 2460 | N5: County Records 2750 | O5: Prothonotary 2760 | P5: Adjustments to Prothonotary | Q5: Adj Prothonotary | R5: CDBG 1720/2579 | S5: CSBG 1710 | T5: ADJ | U5: Adjusted CSBG | V5: OEO-SWP 1730 | W5: ADJ | X5: Adjusted OEO-SWP | Y5: OEO Weather 1900/1910/1920 | Z5: OEO-Other 1740-1790 | AA5: Transportation 1810/1820/1830/1840/7580 & 7581/7582 | AB5: Special Purpose 7100/7150/ 7540 | AD5: Adoption 7250 | AE5: Domestic Relations 7700 | AF5: ADJ | AG5: Adjusted Domestic Relations | AH5: 911 2252/2250 | AI5: TOTAL OTHER GVT
A7: Assets
A8: Cash & cash equivalents | B8: 1219572.2 | C8: 19293.64 | D8: ='Airport Funds'!I8 -> -379122.55 | E8: 66855.8 | F8: 300479.27 | G8: 19769.52 | I8: 298098.97 | K8: =SUM(I8:J8) -> 298098.97 | L8: 439870.21 | M8: 7788.8 | N8: 28363.92 | O8: 27947.52 | Q8: =SUM(O8:P8) -> 27947.52 | R8: =CDBG!H8 -> -153586.18 | S8: -41398.2 | U8: =S8+T8 -> -41398.2 | V8: -23845.47 | X8: =V8+W8 -> -23845.47 | Y8: ='OEO-Weatherization'!H8 -> 25534.7 | Z8: ='OEO-Other'!Y8 -> 805106.94 | AA8: ='Transportation Fund'!Y8 -> -203763.24 | AB8: ='Special Purpose '!E8 -> 161824.82 | AD8: 10785.43 | AE8: 693112.67 | AG8: =AE8+AF8 -> 693112.67 | AH8: ='911'!H8 -> 190260.32 | AI8: =B8+C8+D8+E8+F8+G8+K8+L8+M8+N8+Q8+R8+U8+X8+Y8+Z8+AA8+AB8+AD8+AG8+AH8 -> 3512949.1
A9: A/R | D9: ='Airport Funds'!I9 -> 383688.46 | K9: =SUM(I9:J9) -> 0 | Q9: =SUM(O9:P9) -> 0 | R9: =CDBG!H9 -> 153017.03 | S9: 95525 | U9: =S9+T9 -> 95525 | X9: =V9+W9 -> 0 | Y9: ='OEO-Weatherization'!H9 -> 1501 | Z9: ='OEO-Other'!Y9 -> 10675.58 | AA9: ='Transportation Fund'!Y9 -> 0 | AB9: ='Special Purpose '!E9 -> 0 | AF9: 60570 | AG9: =AE9+AF9 -> 60570 | AH9: ='911'!H9 -> 236497.15 | AI9: =B9+C9+D9+E9+F9+G9+K9+L9+M9+N9+Q9+R9+U9+X9+Y9+Z9+AA9+AB9+AD9+AG9+AH9 -> 941474.22
A10: Due from Other Funds | C10: 2496.88 | D10: ='Airport Funds'!I10 -> 0 | I10: 468.01 | K10: =SUM(I10:J10) -> 468.01 | L10: 5275.48 | M10: 787.98 | Q10: =SUM(O10:P10) -> 0 | R10: =CDBG!H10 -> 569 | U10: =S10+T10 -> 0 | V10: 40440.59 | X10: =V10+W10 -> 40440.59 | Y10: ='OEO-Weatherization'!H10 -> 1956.21 | Z10: ='OEO-Other'!Y10 -> 5160.28 | AA10: ='Transportation Fund'!Y10 -> 1488.21 | AB10: ='Special Purpose '!E10 -> 0 | AG10: =AE10+AF10 -> 0 | AH10: ='911'!H10 -> 0 | AI10: =B10+C10+D10+E10+F10+G10+K10+L10+M10+N10+Q10+R10+U10+X10+Y10+Z10+AA10+AB10+AD10+AG10+AH10 -> 58642.64
A11: Due from Other Governments | D11: ='Airport Funds'!I11 -> 0 | K11: =SUM(I11:J11) -> 0 | Q11: =SUM(O11:P11) -> 0 | R11: =CDBG!H11 -> 0 | U11: =S11+T11 -> 0 | X11: =V11+W11 -> 0 | Y11: ='OEO-Weatherization'!H11 -> 4759 | Z11: ='OEO-Other'!Y11 -> 15656.51 | AA11: ='Transportation Fund'!Y11 -> 280831 | AB11: ='Special Purpose '!E11 -> 0 | AG11: =AE11+AF11 -> 0 | AH11: ='911'!H11 -> 0 | AI11: =B11+C11+D11+E11+F11+G11+K11+L11+M11+N11+Q11+R11+U11+X11+Y11+Z11+AA11+AB11+AD11+AG11+AH11 -> 301246.51
A12: Prepaids | D12: ='Airport Funds'!I12 -> 52043.19 | K12: =SUM(I12:J12) -> 0 | Q12: =SUM(O12:P12) -> 0 | R12: =CDBG!H12 -> 0 | S12: 2483.51 | U12: =S12+T12 -> 2483.51 | V12: 1115.02 | X12: =V12+W12 -> 1115.02 | Y12: ='OEO-Weatherization'!H12 -> 0 | Z12: ='OEO-Other'!Y12 -> 0 | AA12: ='Transportation Fund'!Y12 -> 0 | AB12: ='Special Purpose '!E12 -> 3000 | AG12: =AE12+AF12 -> 0 | AH12: ='911'!H12 -> 0 | AI12: =B12+C12+D12+E12+F12+G12+K12+L12+M12+N12+Q12+R12+U12+X12+Y12+Z12+AA12+AB12+AD12+AG12+AH12 -> 58641.72
A13: Total Assets | B13: =SUM(B8:B12) -> 1219572.2 | C13: =SUM(C8:C12) -> 21790.52 | D13: ='Airport Funds'!I13 -> 56609.1 | E13: =SUM(E8:E12) -> 66855.8 | F13: =SUM(F8:F12) -> 300479.27 | G13: =SUM(G8:G12) -> 19769.52 | I13: =SUM(I8:I12) -> 298566.98 | J13: =SUM(J8:J12) -> 0 | K13: =SUM(K8:K12) -> 298566.98 | L13: =SUM(L8:L12) -> 445145.69 | M13: =SUM(M8:M12) -> 8576.78 | N13: =SUM(N8:N12) -> 28363.92 | O13: =SUM(O8:O12) -> 27947.52 | P13: =SUM(P8:P12) -> 0 | Q13: =SUM(O13:P13) -> 27947.52 | R13: =CDBG!H13 -> -0.15 | S13: =ROUND(SUM(S8:S12),2) -> 56610.31 | T13: =SUM(T8:T12) -> 0 | U13: =S13+T13 -> 56610.31 | V13: =SUM(V8:V12) -> 17710.14 | W13: =SUM(W8:W12) -> 0 | X13: =V13+W13 -> 17710.14 | Y13: ='OEO-Weatherization'!H13 -> 33750.91 | Z13: ='OEO-Other'!Y13 -> 836599.31 | AA13: ='Transportation Fund'!Y13 -> 78555.97 | AB13: ='Special Purpose '!E13 -> 164824.82 | AD13: =SUM(AD8:AD12) -> 10785.43 | AE13: =SUM(AE8:AE12) -> 693112.67 | AF13: =SUM(AF8:AF12) -> 60570 | AG13: =AE13+AF13 -> 753682.67 | AH13: ='911'!H13 -> 426757.47 | AI13: =B13+C13+D13+E13+F13+G13+K13+L13+M13+N13+Q13+R13+U13+X13+Y13+Z13+AA13+AB13+AD13+AG13+AH13 -> 4872954.2
K14: =SUM(I14:J14) -> 0 | Q14: =SUM(O14:P14) -> 0
A15: Liabilities | K15: =SUM(I15:J15) -> 0 | Q15: =SUM(O15:P15) -> 0
A16: A/P | B16: 19976.88 | D16: ='Airport Funds'!I16 -> 47920.63 | F16: 8200 | I16: 8747.72 | K16: =SUM(I16:J16) -> 8747.72 | L16: 38.02 | Q16: =SUM(O16:P16) -> 0 | R16: =CDBG!H16 -> 0 | S16: 13041.71 | U16: =S16+T16 -> 13041.71 | V16: 14442.52 | X16: =V16+W16 -> 14442.52 | Y16: ='OEO-Weatherization'!H16 -> 145.21 | Z16: ='OEO-Other'!Y16 -> 52914.37 | AA16: ='Transportation Fund'!Y16 -> 77279.93 | AB16: ='Special Purpose '!E16 -> 0 | AG16: =AE16+AF16 -> 0 | AH16: ='911'!H16 -> 38098.37 | AI16: =B16+C16+D16+E16+F16+G16+K16+L16+M16+N16+Q16+R16+U16+X16+Y16+Z16+AA16+AB16+AD16+AG16+AH16 -> 280805.36
A17: Accrued Payroll | D17: ='Airport Funds'!I17 -> 0 | K17: =SUM(I17:J17) -> 0 | Q17: =SUM(O17:P17) -> 0 | R17: =CDBG!H17 -> 0 | S17: 4983.54 | U17: =S17+T17 -> 4983.54 | V17: 2245.32 | X17: =V17+W17 -> 2245.32 | Y17: ='OEO-Weatherization'!H17 -> 0 | Z17: ='OEO-Other'!Y17 -> 16939.51 | AA17: ='Transportation Fund'!Y17 -> 1276.16 | AB17: ='Special Purpose '!E17 -> 0 | AG17: =AE17+AF17 -> 0 | AH17: ='911'!H17 -> 21763.77 | AI17: =B17+C17+D17+E17+F17+G17+K17+L17+M17+N17+Q17+R17+U17+X17+Y17+Z17+AA17+AB17+AD17+AG17+AH17 -> 47208.3
A18: Due to other Funds | D18: ='Airport Funds'!I18 -> 0 | K18: =SUM(I18:J18) -> 0 | Q18: =SUM(O18:P18) -> 0 | R18: =CDBG!H18 -> 0 | U18: =S18+T18 -> 0 | X18: =V18+W18 -> 0 | Y18: ='OEO-Weatherization'!H18 -> 0 | Z18: ='OEO-Other'!Y18 -> 0 | AA18: ='Transportation Fund'!Y18 -> 0 | AB18: ='Special Purpose '!E18 -> 0 | AG18: =AE18+AF18 -> 0 | AH18: ='911'!H18 -> 0 | AI18: =B18+C18+D18+E18+F18+G18+K18+L18+M18+N18+Q18+R18+U18+X18+Y18+Z18+AA18+AB18+AD18+AG18+AH18 -> 0
A19: Due to Other Governments | D19: ='Airport Funds'!I18 -> 0 | K19: =SUM(I19:J19) -> 0 | Q19: =SUM(O19:P19) -> 0 | R19: 0 | U19: =S19+T19 -> 0 | X19: =V19+W19 -> 0 | Y19: 0 | Z19: 0 | AA19: 0 | AB19: ='Special Purpose '!E18 -> 0 | AG19: =AE19+AF19 -> 0 | AH19: ='911'!H18 -> 0 | AI19: =B19+C19+D19+E19+F19+G19+K19+L19+M19+N19+Q19+R19+U19+X19+Y19+Z19+AA19+AB19+AD19+AG19+AH19 -> 0
A20: Deferred Revenue | D20: ='Airport Funds'!I19 -> 0 | K20: =SUM(I20:J20) -> 0 | Q20: =SUM(O20:P20) -> 0 | R20: =CDBG!H19 -> 0 | S20: 38585 | U20: =S20+T20 -> 38585 | V20: 7527.39 | W20: -6504 | X20: =V20+W20 -> 1023.39 | Y20: ='OEO-Weatherization'!H19 -> 33606 | Z20: ='OEO-Other'!Y19 -> 749378.57 | AA20: ='Transportation Fund'!Y20 -> 0 | AB20: ='Special Purpose '!E19 -> 0 | AG20: =AE20+AF20 -> 0 | AH20: ='911'!H19 -> 340202.81 | AI20: =B20+C20+D20+E20+F20+G20+K20+L20+M20+N20+Q20+R20+U20+X20+Y20+Z20+AA20+AB20+AD20+AG20+AH20 -> 1162795.8
A21: Total Liabilities | B21: =SUM(B16:B20) -> 19976.88 | C21: =SUM(C16:C20) -> 0 | D21: ='Airport Funds'!I20 -> 47920.63 | E21: =SUM(E16:E20) -> 0 | F21: =SUM(F16:F20) -> 8200 | G21: =SUM(G16:G20) -> 0 | I21: =SUM(I16:I20) -> 8747.72 | J21: =SUM(J16:J20) -> 0 | K21: =SUM(I21:J21) -> 8747.72 | L21: =SUM(L16:L20) -> 38.02 | M21: =SUM(M16:M20) -> 0 | N21: =SUM(N16:N20) -> 0 | O21: =SUM(O16:O20) -> 0 | P21: =SUM(P16:P20) -> 0 | Q21: =SUM(O21:P21) -> 0 | R21: =SUM(R16:R20) -> 0 | S21: =SUM(S16:S20) -> 56610.25 | T21: =SUM(T16:T20) -> 0 | U21: =S21+T21 -> 56610.25 | V21: =SUM(V16:V20) -> 24215.23 | W21: =SUM(W16:W20) -> -6504 | X21: =V21+W21 -> 17711.23 | Y21: ='OEO-Weatherization'!H20 -> 33751.21 | Z21: ='OEO-Other'!Y20 -> 819232.45 | AA21: ='Transportation Fund'!Y21 -> 78556.09 | AB21: ='Special Purpose '!E20 -> 0 | AD21: =SUM(AD16:AD20) -> 0 | AE21: =SUM(AE16:AE20) -> 0 | AF21: =SUM(AF16:AF20) -> 0 | AG21: =AE21+AF21 -> 0 | AH21: ='911'!H20 -> 400064.95 | AI21: =B21+C21+D21+E21+F21+G21+K21+L21+M21+N21+Q21+R21+U21+X21+Y21+Z21+AA21+AB21+AD21+AG21+AH21 -> 1490809.4
K22: =SUM(I22:J22) -> 0 | Q22: =SUM(O22:P22) -> 0
A23: Fund Balance | K23: =SUM(I23:J23) -> 0 | Q23: =SUM(O23:P23) -> 0
A24: Restricted: | K24: =SUM(I24:J24) -> 0 | Q24: =SUM(O24:P24) -> 0 | R24: =CDBG!H23 -> 0
A25: Operating Reserve | D25: ='Airport Funds'!I24 -> 0 | K25: =SUM(I25:J25) -> 0 | Q25: =SUM(O25:P25) -> 0 | X25: =V25+W25 -> 0 | Y25: ='OEO-Weatherization'!H24 -> 0 | Z25: ='OEO-Other'!Y24 -> 0 | AA25: ='Transportation Fund'!Y25 -> 0 | AB25: ='Special Purpose '!E24 -> 0 | AG25: =AE25+AF25 -> 0 | AH25: ='911'!H24 -> 0 | AI25: =B25+C25+D25+E25+F25+G25+K25+L25+M25+N25+Q25+R25+U25+X25+Y25+Z25+AA25+AB25+AD25+AG25+AH25 -> 0
A26: Human services | D26: ='Airport Funds'!I25 -> 0 | K26: =SUM(I26:J26) -> 0 | Q26: =SUM(O26:P26) -> 0 | X26: =V26+W26 -> 0 | Y26: ='OEO-Weatherization'!H25 -> 0 | Z26: ='OEO-Other'!Y25 -> 0 | AA26: ='Transportation Fund'!Y26 -> 0 | AB26: ='Special Purpose '!E25 -> 40127.23 | AG26: =AE26+AF26 -> 0 | AH26: ='911'!H25 -> 0 | AI26: =B26+C26+D26+E26+F26+G26+K26+L26+M26+N26+Q26+R26+U26+X26+Y26+Z26+AA26+AB26+AD26+AG26+AH26 -> 40127.23
A27: Roads and Bridges | B27: 1199595.3 | D27: ='Airport Funds'!I26 -> 0 | K27: =SUM(I27:J27) -> 0 | Q27: =SUM(O27:P27) -> 0 | X27: =V27+W27 -> 0 | Y27: ='OEO-Weatherization'!H26 -> 0 | Z27: ='OEO-Other'!Y26 -> 0 | AA27: ='Transportation Fund'!Y27 -> 0 | AB27: ='Special Purpose '!E26 -> 0 | AG27: =AE27+AF27 -> 0 | AH27: ='911'!H26 -> 0 | AI27: =B27+C27+D27+E27+F27+G27+K27+L27+M27+N27+Q27+R27+U27+X27+Y27+Z27+AA27+AB27+AD27+AG27+AH27 -> 1199595.3
A28: Affordable housing | C28: 21790.52 | D28: ='Airport Funds'!I27 -> 0 | K28: =SUM(I28:J28) -> 0 | Q28: =SUM(O28:P28) -> 0 | X28: =V28+W28 -> 0 | Y28: ='OEO-Weatherization'!H27 -> 0 | Z28: ='OEO-Other'!Y27 -> 0 | AA28: ='Transportation Fund'!Y28 -> 0 | AB28: ='Special Purpose '!E27 -> 0 | AG28: =AE28+AF28 -> 0 | AH28: ='911'!H27 -> 0 | AI28: =B28+C28+D28+E28+F28+G28+K28+L28+M28+N28+Q28+R28+U28+X28+Y28+Z28+AA28+AB28+AD28+AG28+AH28 -> 21790.52
A29: Act 13 | D29: ='Airport Funds'!I28 -> 0 | F29: 292279.27 | K29: =SUM(I29:J29) -> 0 | Q29: =SUM(O29:P29) -> 0 | X29: =V29+W29 -> 0 | Y29: ='OEO-Weatherization'!H28 -> 0 | Z29: ='OEO-Other'!Y28 -> 0 | AA29: ='Transportation Fund'!Y29 -> 0 | AB29: ='Special Purpose '!E28 -> 0 | AG29: =AE29+AF29 -> 0 | AH29: ='911'!H28 -> 0 | AI29: =B29+C29+D29+E29+F29+G29+K29+L29+M29+N29+Q29+R29+U29+X29+Y29+Z29+AA29+AB29+AD29+AG29+AH29 -> 292279.27
A30: Constable server fees | D30: ='Airport Funds'!I29 -> 0 | I30: 289819.26 | K30: =SUM(I30:J30) -> 289819.26 | Q30: =SUM(O30:P30) -> 0 | X30: =V30+W30 -> 0 | Y30: ='OEO-Weatherization'!H29 -> 0 | Z30: ='OEO-Other'!Y29 -> 0 | AA30: ='Transportation Fund'!Y30 -> 0 | AB30: ='Special Purpose '!E29 -> 0 | AG30: =AE30+AF30 -> 0 | AH30: ='911'!H29 -> 0 | AI30: =B30+C30+D30+E30+F30+G30+K30+L30+M30+N30+Q30+R30+U30+X30+Y30+Z30+AA30+AB30+AD30+AG30+AH30 -> 289819.26
A31: Offender identification | D31: ='Airport Funds'!I30 -> 0 | K31: =SUM(I31:J31) -> 0 | L31: 445107.69 | Q31: =SUM(O31:P31) -> 0 | X31: =V31+W31 -> 0 | Y31: ='OEO-Weatherization'!H30 -> 0 | Z31: ='OEO-Other'!Y30 -> 0 | AA31: ='Transportation Fund'!Y31 -> 0 | AB31: ='Special Purpose '!E30 -> 0 | AG31: =AE31+AF31 -> 0 | AH31: ='911'!H30 -> 0 | AI31: =B31+C31+D31+E31+F31+G31+K31+L31+M31+N31+Q31+R31+U31+X31+Y31+Z31+AA31+AB31+AD31+AG31+AH31 -> 445107.69
A32: Records improvement | D32: ='Airport Funds'!I31 -> 0 | K32: =SUM(I32:J32) -> 0 | N32: 28363.92 | O32: 27947.52 | Q32: =SUM(O32:P32) -> 27947.52 | X32: =V32+W32 -> 0 | Y32: ='OEO-Weatherization'!H31 -> 0 | Z32: ='OEO-Other'!Y31 -> 0 | AA32: ='Transportation Fund'!Y32 -> 0 | AB32: ='Special Purpose '!E31 -> 0 | AG32: =AE32+AF32 -> 0 | AH32: ='911'!H31 -> 0 | AI32: =B32+C32+D32+E32+F32+G32+K32+L32+M32+N32+Q32+R32+U32+X32+Y32+Z32+AA32+AB32+AD32+AG32+AH32 -> 56311.44
A33: Sugar Valley Lodge | D33: ='Airport Funds'!I32 -> 0 | K33: =SUM(I33:J33) -> 0 | Q33: =SUM(O33:P33) -> 0 | X33: =V33+W33 -> 0 | Y33: ='OEO-Weatherization'!H32 -> 0 | Z33: ='OEO-Other'!Y32 -> 0 | AA33: ='Transportation Fund'!Y33 -> 0 | AB33: ='Special Purpose '!E32 -> 124697.59 | AG33: =AE33+AF33 -> 0 | AH33: ='911'!H32 -> 0 | AI33: =B33+C33+D33+E33+F33+G33+K33+L33+M33+N33+Q33+R33+U33+X33+Y33+Z33+AA33+AB33+AD33+AG33+AH33 -> 124697.59
A34: Domestic relations | D34: ='Airport Funds'!I33 -> 0 | K34: =SUM(I34:J34) -> 0 | Q34: =SUM(O34:P34) -> 0 | X34: =V34+W34 -> 0 | Y34: ='OEO-Weatherization'!H33 -> 0 | Z34: ='OEO-Other'!Y33 -> 0 | AA34: ='Transportation Fund'!Y34 -> 0 | AB34: ='Special Purpose '!E33 -> 0 | AE34: 693112.67 | AF34: 60570 | AG34: =AE34+AF34 -> 753682.67 | AH34: ='911'!H33 -> 0 | AI34: =B34+C34+D34+E34+F34+G34+K34+L34+M34+N34+Q34+R34+U34+X34+Y34+Z34+AA34+AB34+AD34+AG34+AH34 -> 753682.67
A35: Other purposes | D35: ='Airport Funds'!I34 -> 0 | E35: 66855.8 | G35: 19769.52 | K35: =SUM(I35:J35) -> 0 | L35: -0.02 | M35: 8576.78 | Q35: =SUM(O35:P35) -> 0 | X35: =V35+W35 -> 0 | Y35: ='OEO-Weatherization'!H34 -> 0 | Z35: ='OEO-Other'!Y34 -> 0 | AA35: ='Transportation Fund'!Y35 -> 0 | AB35: ='Special Purpose '!E34 -> 0 | AD35: 10785.43 | AG35: =AE35+AF35 -> 0 | AH35: ='911'!H34 -> 26692.52 | AI35: =B35+C35+D35+E35+F35+G35+K35+L35+M35+N35+Q35+R35+U35+X35+Y35+Z35+AA35+AB35+AD35+AG35+AH35 -> 132680.03
A36: Assigned: | D36: ='Airport Funds'!I35 -> 0 | K36: =SUM(I36:J36) -> 0 | Q36: =SUM(O36:P36) -> 0 | R36: =CDBG!H24 -> 0 | U36: =S36+T36 -> 0 | X36: =V36+W36 -> 0 | Y36: ='OEO-Weatherization'!H35 -> 0 | Z36: ='OEO-Other'!Y35 -> 0 | AA36: ='Transportation Fund'!Y36 -> 0 | AB36: ='Special Purpose '!E35 -> 0 | AG36: =AE36+AF36 -> 0 | AH36: ='911'!H35 -> 0 | AI36: =B36+C36+D36+E36+F36+G36+K36+L36+M36+N36+Q36+R36+U36+X36+Y36+Z36+AA36+AB36+AD36+AG36+AH36 -> 0
A37: Capital Projects | D37: ='Airport Funds'!I36 -> 0 | K37: =SUM(I37:J37) -> 0 | Q37: =SUM(O37:P37) -> 0 | U37: =S37+T37 -> 0 | X37: =V37+W37 -> 0 | Y37: ='OEO-Weatherization'!H36 -> 0 | Z37: ='OEO-Other'!Y36 -> 0 | AA37: ='Transportation Fund'!Y37 -> 0 | AB37: ='Special Purpose '!E36 -> 0 | AG37: =AE37+AF37 -> 0 | AH37: ='911'!H36 -> 0 | AI37: =B37+C37+D37+E37+F37+G37+K37+L37+M37+N37+Q37+R37+U37+X37+Y37+Z37+AA37+AB37+AD37+AG37+AH37 -> 0
A38: Substance abuse | D38: ='Airport Funds'!I37 -> 0 | K38: =SUM(I38:J38) -> 0 | Q38: =SUM(O38:P38) -> 0 | U38: =S38+T38 -> 0 | X38: =V38+W38 -> 0 | Y38: ='OEO-Weatherization'!H37 -> 0 | Z38: ='OEO-Other'!Y37 -> 0 | AA38: ='Transportation Fund'!Y38 -> 0 | AB38: ='Special Purpose '!E37 -> 0 | AG38: =AE38+AF38 -> 0 | AH38: ='911'!H37 -> 0 | AI38: =B38+C38+D38+E38+F38+G38+K38+L38+M38+N38+Q38+R38+U38+X38+Y38+Z38+AA38+AB38+AD38+AG38+AH38 -> 0
A39: Airport operations | D39: ='Airport Funds'!I38 -> 8688.47 | K39: =SUM(I39:J39) -> 0 | Q39: =SUM(O39:P39) -> 0 | U39: =S39+T39 -> 0 | X39: =V39+W39 -> 0 | Y39: ='OEO-Weatherization'!H38 -> 0 | Z39: ='OEO-Other'!Y38 -> 0 | AA39: ='Transportation Fund'!Y39 -> 0 | AB39: ='Special Purpose '!E38 -> 0 | AG39: =AE39+AF39 -> 0 | AH39: ='911'!H38 -> 0 | AI39: =B39+C39+D39+E39+F39+G39+K39+L39+M39+N39+Q39+R39+U39+X39+Y39+Z39+AA39+AB39+AD39+AG39+AH39 -> 8688.47
A40: Community action | D40: ='Airport Funds'!I39 -> 0 | G40: =19769.52-19769.52 -> 0 | K40: =SUM(I40:J40) -> 0 | Q40: =SUM(O40:P40) -> 0 | S40: 0.06 | U40: =S40+T40 -> 0.06 | V40: -6505.09 | W40: 6504 | X40: =V40+W40 -> -1.09 | Y40: ='OEO-Weatherization'!H39 -> -0.3 | Z40: ='OEO-Other'!Y39 -> 17366.86 | AA40: ='Transportation Fund'!Y40 -> -0.12 | AB40: ='Special Purpose '!E39 -> 0 | AG40: =AE40+AF40 -> 0 | AH40: ='911'!H39 -> 0 | AI40: =B40+C40+D40+E40+F40+G40+K40+L40+M40+N40+Q40+R40+U40+X40+Y40+Z40+AA40+AB40+AD40+AG40+AH40 -> 17365.41
A41: Unreserved | D41: ='Airport Funds'!I40 -> 0 | K41: =SUM(I41:J41) -> 0 | Q41: =SUM(O41:P41) -> 0 | R41: =CDBG!H25 -> -0.15 | U41: =S41+T41 -> 0 | X41: =V41+W41 -> 0 | Y41: ='OEO-Weatherization'!H40 -> 0 | Z41: ='OEO-Other'!Y40 -> 0 | AA41: ='Transportation Fund'!Y41 -> 0 | AB41: ='Special Purpose '!E40 -> 0 | AG41: =AE41+AF41 -> 0 | AH41: ='911'!H40 -> 0 | AI41: =B41+C41+D41+E41+F41+G41+K41+L41+M41+N41+Q41+R41+U41+X41+Y41+Z41+AA41+AB41+AD41+AG41+AH41 -> -0.15
A42: Total Fund Balance | B42: =SUM(B24:B41) -> 1199595.3 | C42: =SUM(C24:C41) -> 21790.52 | D42: ='Airport Funds'!I41 -> 8688.47 | E42: =SUM(E24:E41) -> 66855.8 | F42: =SUM(F24:F41) -> 292279.27 | G42: =SUM(G24:G41) -> 19769.52 | I42: =SUM(I24:I41) -> 289819.26 | J42: =SUM(J24:J41) -> 0 | K42: =SUM(I42:J42) -> 289819.26 | L42: =SUM(L24:L41) -> 445107.67 | M42: =SUM(M24:M41) -> 8576.78 | N42: =SUM(N24:N41) -> 28363.92 | O42: =SUM(O24:O41) -> 27947.52 | P42: =SUM(P24:P41) -> 0 | Q42: =SUM(O42:P42) -> 27947.52 | R42: =CDBG!H26 -> -0.15 | S42: =SUM(S24:S41) -> 0.06 | T42: =SUM(T24:T41) -> 0 | U42: =S42+T42 -> 0.06 | V42: =SUM(V24:V41) -> -6505.09 | W42: =SUM(W24:W41) -> 6504 | X42: =V42+W42 -> -1.09 | Y42: ='OEO-Weatherization'!H41 -> -0.3 | Z42: ='OEO-Other'!Y41 -> 17366.86 | AA42: ='Transportation Fund'!Y42 -> -0.12 | AB42: ='Special Purpose '!E41 -> 164824.82 | AD42: =SUM(AD24:AD41) -> 10785.43 | AE42: =SUM(AE24:AE41) -> 693112.67 | AF42: =SUM(AF24:AF41) -> 60570 | AG42: =AE42+AF42 -> 753682.67 | AH42: ='911'!H41 -> 26692.52 | AI42: =B42+C42+D42+E42+F42+G42+K42+L42+M42+N42+Q42+R42+U42+X42+Y42+Z42+AA42+AB42+AD42+AG42+AH42 -> 3382144.8
K43: =SUM(I43:J43) -> 0 | Q43: =SUM(O43:P43) -> 0
A44: Total Liabilities & Fund Balance | B44: =B21+B42 -> 1219572.2 | C44: =C21+C42 -> 21790.52 | D44: ='Airport Funds'!I43 -> 56609.1 | E44: =E21+E42 -> 66855.8 | F44: =F21+F42 -> 300479.27 | G44: =G21+G42 -> 19769.52 | I44: =I21+I42 -> 298566.98 | J44: =J21+J42 -> 0 | K44: =K21+K42 -> 298566.98 | L44: =L21+L42 -> 445145.69 | M44: =M21+M42 -> 8576.78 | N44: =N21+N42 -> 28363.92 | O44: =O21+O42 -> 27947.52 | P44: =P21+P42 -> 0 | Q44: =SUM(O44:P44) -> 27947.52 | R44: =CDBG!H28 -> -0.15 | S44: =S21+S42 -> 56610.31 | T44: =T21+T42 -> 0 | U44: =S44+T44 -> 56610.31 | V44: =V21+V42 -> 17710.14 | W44: =W21+W42 -> 0 | X44: =V44+W44 -> 17710.14 | Y44: ='OEO-Weatherization'!H43 -> 33750.91 | Z44: ='OEO-Other'!Y43 -> 836599.31 | AA44: ='Transportation Fund'!Y44 -> 78555.97 | AB44: ='Special Purpose '!E43 -> 164824.82 | AD44: =AD21+AD42 -> 10785.43 | AE44: =AE21+AE42 -> 693112.67 | AF44: =AF21+AF42 -> 60570 | AG44: =AE44+AF44 -> 753682.67 | AH44: ='911'!H43 -> 426757.47 | AI44: =B44+C44+D44+E44+F44+G44+K44+L44+M44+N44+Q44+R44+U44+X44+Y44+Z44+AA44+AB44+AD44+AG44+AH44 -> 4872954.2
B45: =IF(B13=B44,"YES","NO") -> YES | C45: =IF(C13=C44,"YES","NO") -> YES | D45: =IF(D13=D44,"YES","NO") -> YES | E45: =IF(E13=E44,"YES","NO") -> YES | F45: =IF(F13=F44,"YES","NO") -> YES | G45: =IF(G13=G44,"YES","NO") -> YES | H45: =IF(H13=H44,"YES","NO") -> YES | I45: =IF(I13=I44,"YES","NO") -> YES | ... AI45: =IF(AI13=AI44,"YES","NO") -> YES
A46: Revenue | K46: =SUM(I46:J46) -> 0 | Q46: =SUM(O46:P46) -> 0
A47: Intergovermental | B47: =493482.28+174981.29 -> 668463.57 | D47: ='Airport Funds'!I46 -> 345008.76 | E47: 7860.29 | F47: 123579.58 | K47: =SUM(I47:J47) -> 0 | L47: =3760+85721.61 -> 89481.61 | Q47: =SUM(O47:P47) -> 0 | R47: =CDBG!H31 -> 297558.03 | S47: 341699 | U47: =S47+T47 -> 341699 | V47: 154808.83 | W47: 6504 | X47: =V47+W47 -> 161312.83 | Y47: ='OEO-Weatherization'!H46 -> 36476 | Z47: ='OEO-Other'!Y46 -> 137338.89 | AA47: ='Transportation Fund'!Y47 -> 1229663 | AB47: ='Special Purpose '!E46 -> 0 | AE47: =356947.7-99955.39-402 -> 256590.31 | AF47: =60570+23472 -> 84042 | AG47: =AE47+AF47 -> 340632.31 | AH47: ='911'!H46 -> 1833396.4 | AI47: =B47+C47+D47+E47+F47+G47+K47+L47+M47+N47+Q47+R47+U47+X47+Y47+Z47+AA47+AB47+AD47+AG47+AH47 -> 5612470.3
A48: Charges for Services | B48: =174981.29-174981.29 -> 0 | C48: 31705.02 | D48: ='Airport Funds'!I47 -> 297973.53 | E48: 20500 | G48: 25860 | K48: =SUM(I48:J48) -> 0 | L48: =3760-3760 -> 0 | M48: 2542.09 | N48: 10978 | O48: 7354.97 | Q48: =SUM(O48:P48) -> 7354.97 | R48: =CDBG!H32 -> 1000 | U48: =S48+T48 -> 0 | X48: =V48+W48 -> 0 | Y48: ='OEO-Weatherization'!H47 -> 0 | Z48: ='OEO-Other'!Y47 -> 0 | AA48: ='Transportation Fund'!Y48 -> 0 | AB48: ='Special Purpose '!E47 -> 0 | AE48: =99955.39+402 -> 100357.39 | AG48: =AE48+AF48 -> 100357.39 | AH48: ='911'!H47 -> 0 | AI48: =B48+C48+D48+E48+F48+G48+K48+L48+M48+N48+Q48+R48+U48+X48+Y48+Z48+AA48+AB48+AD48+AG48+AH48 -> 498271
A49: Fines & Forfeits | I49: 54970.97 | K49: =SUM(I49:J49) -> 54970.97 | L49: =85721.61-85721.61 -> 0 | U49: =S49+T49 -> 0 | Y49: ='OEO-Weatherization'!H48 -> 0 | Z49: ='OEO-Other'!Y48 -> 40 | AA49: ='Transportation Fund'!Y49 -> 0 | AH49: 0 | AI49: =B49+C49+D49+E49+F49+G49+K49+L49+M49+N49+Q49+R49+U49+X49+Y49+Z49+AA49+AB49+AD49+AG49+AH49 -> 55010.97
A50: Interest | B50: 2803.03 | C50: 35.46 | D50: ='Airport Funds'!I48 -> 683.78 | E50: 156.3 | F50: 592.48 | G50: 19.52 | I50: 670.98 | K50: =SUM(I50:J50) -> 670.98 | L50: 971.32 | M50: 16.03 | N50: 71.93 | O50: 61.41 | Q50: =SUM(O50:P50) -> 61.41 | R50: =CDBG!H33 -> 4.33 | U50: =S50+T50 -> 0 | V50: -2 | X50: =V50+W50 -> -2 | Y50: ='OEO-Weatherization'!H49 -> 0 | Z50: ='OEO-Other'!Y49 -> 4086.08 | AA50: ='Transportation Fund'!Y50 -> 47.58 | AB50: ='Special Purpose '!E48 -> 11353.08 | AD50: 25.62 | AE50: 1603.04 | AG50: =AE50+AF50 -> 1603.04 | AH50: ='911'!H48 -> 4120.69 | AI50: =B50+C50+D50+E50+F50+G50+K50+L50+M50+N50+Q50+R50+U50+X50+Y50+Z50+AA50+AB50+AD50+AG50+AH50 -> 27320.66
A51: Other | D51: ='Airport Funds'!I49 -> 19675.32 | K51: =SUM(I51:J51) -> 0 | Q51: =SUM(O51:P51) -> 0 | R51: =CDBG!H34 -> 0 | U51: =S51+T51 -> 0 | X51: =V51+W51 -> 0 | Y51: ='OEO-Weatherization'!H50 -> 0 | Z51: ='OEO-Other'!Y50 -> 0 | AA51: ='Transportation Fund'!Y51 -> 0 | AB51: ='Special Purpose '!E49 -> 0 | AF51: =1150+11+200 -> 1361 | AG51: =AE51+AF51 -> 1361 | AH51: ='911'!H49 -> 0 | AI51: =B51+C51+D51+E51+F51+G51+K51+L51+M51+N51+Q51+R51+U51+X51+Y51+Z51+AA51+AB51+AD51+AG51+AH51 -> 21036.32
A52: Total Revenues | B52: =SUM(B47:B51) -> 671266.6 | C52: =SUM(C47:C51) -> 31740.48 | D52: =SUM(D47:D51) -> 663341.39 | E52: =SUM(E47:E51) -> 28516.59 | F52: =SUM(F47:F51) -> 124172.06 | G52: =SUM(G47:G51) -> 25879.52 | I52: =SUM(I47:I51) -> 55641.95 | J52: =SUM(J47:J51) -> 0 | K52: =SUM(I52:J52) -> 55641.95 | L52: =SUM(L47:L51) -> 90452.93 | M52: =SUM(M47:M51) -> 2558.12 | N52: =SUM(N47:N51) -> 11049.93 | O52: =SUM(O47:O51) -> 7416.38 | P52: =SUM(P47:P51) -> 0 | Q52: =SUM(O52:P52) -> 7416.38 | R52: =CDBG!H35 -> 298562.36 | S52: =SUM(S47:S51) -> 341699 | T52: =SUM(T47:T51) -> 0 | U52: =S52+T52 -> 341699 | V52: =SUM(V47:V51) -> 154806.83 | W52: =SUM(W47:W51) -> 6504 | X52: =V52+W52 -> 161310.83 | Y52: ='OEO-Weatherization'!H51 -> 36476 | Z52: ='OEO-Other'!Y51 -> 141464.97 | AA52: ='Transportation Fund'!Y52 -> 1229710.6 | AB52: ='Special Purpose '!E50 -> 11353.08 | AD52: =SUM(AD47:AD51) -> 25.62 | AE52: =SUM(AE47:AE51) -> 358550.74 | AF52: =SUM(AF47:AF51) -> 85403 | AG52: =AE52+AF52 -> 443953.74 | AH52: ='911'!H50 -> 1837517.1 | AI52: =B52+C52+D52+E52+F52+G52+K52+L52+M52+N52+Q52+R52+U52+X52+Y52+Z52+AA52+AB52+AD52+AG52+AH52 -> 6214109.2
K53: =SUM(I53:J53) -> 0
A54: Expenditures | K54: =SUM(I54:J54) -> 0
A55: General gvt - administration | K55: =SUM(I55:J55) -> 0 | N55: 4873.38 | Q55: =SUM(O55:P55) -> 0 | R55: =CDBG!H38 -> 0 | U55: =S55+T55 -> 0 | X55: =V55+W55 -> 0 | Y55: ='OEO-Weatherization'!H54 -> 0 | Z55: ='OEO-Other'!Y54 -> 0 | AA55: ='Transportation Fund'!Y55 -> 0 | AB55: ='Special Purpose '!E53 -> 0 | AG55: =AE55+AF55 -> 0 | AH55: ='911'!H53 -> 0 | AI55: =B55+C55+D55+E55+F55+G55+K55+L55+M55+N55+Q55+R55+U55+X55+Y55+Z55+AA55+AB55+AD55+AG55+AH55 -> 4873.38
A56: General gvt - judicial | G56: 17795 | I56: 33032.36 | K56: =SUM(I56:J56) -> 33032.36 | L56: 45355.74 | M56: 0 | O56: 4085.86 | Q56: =SUM(O56:P56) -> 4085.86 | R56: =CDBG!H39 -> 0 | U56: =S56+T56 -> 0 | X56: =V56+W56 -> 0 | Y56: ='OEO-Weatherization'!H55 -> 0 | Z56: ='OEO-Other'!Y55 -> 0 | AA56: ='Transportation Fund'!Y56 -> 0 | AB56: ='Special Purpose '!E54 -> 0 | AF56: 494427 | AG56: =AE56+AF56 -> 494427 | AH56: ='911'!H54 -> 0 | AI56: =B56+C56+D56+E56+F56+G56+K56+L56+M56+N56+Q56+R56+U56+X56+Y56+Z56+AA56+AB56+AD56+AG56+AH56 -> 594695.96
A57: Public safety | E57: 15225.95 | K57: =SUM(I57:J57) -> 0 | Q57: =SUM(O57:P57) -> 0 | R57: =CDBG!H40 -> 0 | U57: =S57+T57 -> 0 | X57: =V57+W57 -> 0 | Y57: ='OEO-Weatherization'!H56 -> 0 | Z57: ='OEO-Other'!Y56 -> 0 | AA57: ='Transportation Fund'!Y57 -> 0 | AB57: ='Special Purpose '!E55 -> 0 | AG57: =AE57+AF57 -> 0 | AH57: ='911'!H55 -> 1835850.4 | AI57: =B57+C57+D57+E57+F57+G57+K57+L57+M57+N57+Q57+R57+U57+X57+Y57+Z57+AA57+AB57+AD57+AG57+AH57 -> 1851076.3
A58: Public works and enterprises | B58: 621911.13 | D58: ='Airport Funds'!I56 -> 681759.54 | K58: =SUM(I58:J58) -> 0 | Q58: =SUM(O58:P58) -> 0 | R58: =CDBG!H41 -> 0 | U58: =S58+T58 -> 0 | X58: =V58+W58 -> 0 | Y58: ='OEO-Weatherization'!H57 -> 0 | Z58: ='OEO-Other'!Y57 -> 0 | AA58: 0 | AB58: ='Special Purpose '!E56 -> 0 | AG58: =AE58+AF58 -> 0 | AH58: ='911'!H56 -> 0 | AI58: =B58+C58+D58+E58+F58+G58+K58+L58+M58+N58+Q58+R58+U58+X58+Y58+Z58+AA58+AB58+AD58+AG58+AH58 -> 1303670.7
A59: Human services | C59: 37494.95 | K59: =SUM(I59:J59) -> 0 | Q59: =SUM(O59:P59) -> 0 | R59: =CDBG!H42 -> 0 | S59: 328140.05 | U59: =S59+T59 -> 328140.05 | V59: 151104.41 | X59: =V59+W59 -> 151104.41 | Y59: ='OEO-Weatherization'!H58 -> 30546.19 | Z59: ='OEO-Other'!Y58 -> 342133.71 | AA59: ='Transportation Fund'!Y59 -> 1215448.5 | AB59: ='Special Purpose '!E57 -> 57.27 | AG59: =AE59+AF59 -> 0 | AH59: ='911'!H57 -> 0 | AI59: =B59+C59+D59+E59+F59+G59+K59+L59+M59+N59+Q59+R59+U59+X59+Y59+Z59+AA59+AB59+AD59+AG59+AH59 -> 2104925.1
A60: Conservation and development | D60: ='Airport Funds'!I58 -> 4000 | F60: 128175 | K60: =SUM(I60:J60) -> 0 | Q60: =SUM(O60:P60) -> 0 | R60: =CDBG!H43 -> 298562.36 | U60: =S60+T60 -> 0 | X60: =V60+W60 -> 0 | Y60: ='OEO-Weatherization'!H59 -> 0 | Z60: ='OEO-Other'!Y59 -> 0 | AA60: ='Transportation Fund'!Y60 -> 0 | AB60: ='Special Purpose '!E58 -> 0 | AG60: =AE60+AF60 -> 0 | AH60: ='911'!H58 -> 0 | AI60: =B60+C60+D60+E60+F60+G60+K60+L60+M60+N60+Q60+R60+U60+X60+Y60+Z60+AA60+AB60+AD60+AG60+AH60 -> 430737.36
A61: Total Expenditures | B61: =SUM(B55:B60) -> 621911.13 | C61: =SUM(C55:C60) -> 37494.95 | D61: =SUM(D55:D60) -> 685759.54 | E61: =SUM(E55:E60) -> 15225.95 | F61: =SUM(F55:F60) -> 128175 | G61: =SUM(G55:G60) -> 17795 | I61: =SUM(I55:I60) -> 33032.36 | J61: =SUM(J55:J60) -> 0 | K61: =SUM(I61:J61) -> 33032.36 | L61: =SUM(L55:L60) -> 45355.74 | M61: =SUM(M55:M60) -> 0 | N61: =SUM(N55:N60) -> 4873.38 | O61: =SUM(O55:O60) -> 4085.86 | P61: =SUM(P55:P60) -> 0 | Q61: =SUM(O61:P61) -> 4085.86 | R61: =SUM(R55:R60) -> 298562.36 | S61: =SUM(S55:S60) -> 328140.05 | T61: =SUM(T55:T60) -> 0 | U61: =SUM(U55:U60) -> 328140.05 | V61: =SUM(V55:V60) -> 151104.41 | W61: =SUM(W55:W60) -> 0 | X61: =V61+W61 -> 151104.41 | Y61: ='OEO-Weatherization'!H60 -> 30546.19 | Z61: ='OEO-Other'!Y60 -> 342133.71 | AA61: ='Transportation Fund'!Y61 -> 1215448.5 | AB61: ='Special Purpose '!E59 -> 57.27 | AD61: =SUM(AD55:AD60) -> 0 | AE61: =SUM(AE55:AE60) -> 0 | AF61: =SUM(AF55:AF60) -> 494427 | AG61: =AE61+AF61 -> 494427 | AH61: ='911'!H59 -> 1835850.4 | AI61: =B61+C61+D61+E61+F61+G61+K61+L61+M61+N61+Q61+R61+U61+X61+Y61+Z61+AA61+AB61+AD61+AG61+AH61 -> 6289978.8
K62: =SUM(I62:J62) -> 0 | Q62: =SUM(O62:P62) -> 0
A63: Excess (Deficiency) | B63: =B52-B61 -> 49355.47 | C63: =C52-C61 -> -5754.47 | D63: ='Airport Funds'!I61 -> -22418.15 | E63: =E52-E61 -> 13290.64 | F63: =F52-F61 -> -4002.94 | G63: =G52-G61 -> 8084.52 | I63: =I52-I61 -> 22609.59 | J63: =J52-J61 -> 0 | K63: =SUM(I63:J63) -> 22609.59 | L63: =L52-L61 -> 45097.19 | M63: =M52-M61 -> 2558.12 | N63: =N52-N61 -> 6176.55 | O63: =O52-O61 -> 3330.52 | P63: =P52-P61 -> 0 | Q63: =SUM(O63:P63) -> 3330.52 | R63: =CDBG!H46 -> 0 | S63: =S52-S61 -> 13558.95 | T63: =T52-T61 -> 0 | U63: =U52-U61 -> 13558.95 | V63: =V52-V61 -> 3702.42 | W63: =W52-W61 -> 6504 | X63: =V63+W63 -> 10206.42 | Y63: ='OEO-Weatherization'!H62 -> 5929.81 | Z63: ='OEO-Other'!Y62 -> -200668.74 | AA63: ='Transportation Fund'!Y63 -> 14262.11 | AB63: ='Special Purpose '!E61 -> 11295.81 | AD63: =AD52-AD61 -> 25.62 | AE63: =AE52-AE61 -> 358550.74 | AF63: =AF52-AF61 -> -409024 | AG63: =AE63+AF63 -> -50473.26 | AH63: ='911'!H61 -> 1666.68 | AI63: =B63+C63+D63+E63+F63+G63+K63+L63+M63+N63+Q63+R63+U63+X63+Y63+Z63+AA63+AB63+AD63+AG63+AH63 -> -75869.56
K64: =SUM(I64:J64) -> 0 | Q64: =SUM(O64:P64) -> 0
A65: Sale of Fixed Assets | D65: ='Airport Funds'!I63 -> 0 | K65: =SUM(I65:J65) -> 0 | Q65: =SUM(O65:P65) -> 0 | R65: =CDBG!H48 -> 0 | U65: =S65+T65 -> 0 | X65: =V65+W65 -> 0 | Y65: ='OEO-Weatherization'!H64 -> 0 | Z65: ='OEO-Other'!Y64 -> 0 | AA65: ='Transportation Fund'!Y65 -> 0 | AB65: ='Special Purpose '!E63 -> 0 | AG65: =AE65+AF65 -> 0 | AH65: ='911'!H63 -> 0 | AI65: =B65+C65+D65+E65+F65+G65+K65+L65+M65+N65+Q65+R65+U65+X65+Y65+Z65+AA65+AB65+AD65+AG65+AH65 -> 0
A66: Transfers In | D66: ='Airport Funds'!I64 -> 23150.54 | K66: =SUM(I66:J66) -> 0 | Q66: =SUM(O66:P66) -> 0 | R66: =CDBG!H49 -> 0 | U66: =S66+T66 -> 0 | X66: =V66+W66 -> 0 | Y66: ='OEO-Weatherization'!H65 -> 0 | Z66: ='OEO-Other'!Y65 -> 265866.73 | AA66: ='Transportation Fund'!Y66 -> 227.4 | AB66: ='Special Purpose '!E64 -> 0 | AF66: =208+133487 -> 133695 | AG66: =AE66+AF66 -> 133695 | AH66: ='911'!H64 -> 1837495.8 | AI66: =B66+C66+D66+E66+F66+G66+K66+L66+M66+N66+Q66+R66+U66+X66+Y66+Z66+AA66+AB66+AD66+AG66+AH66 -> 2260435.4
A67: Transfers Out | D67: ='Airport Funds'!I65 -> 173150.54 | K67: =SUM(I67:J67) -> 0 | Q67: =SUM(O67:P67) -> 0 | R67: =CDBG!H50 -> 0 | S67: 13559.42 | U67: =S67+T67 -> 13559.42 | V67: 10207.79 | X67: =V67+W67 -> 10207.79 | Y67: ='OEO-Weatherization'!H66 -> 5929.85 | Z67: ='OEO-Other'!Y66 -> 76326.1 | AA67: ='Transportation Fund'!Y67 -> 14490.74 | AB67: ='Special Purpose '!E65 -> 0 | AE67: 398396.8 | AF67: =280-336179 -> -335899 | AG67: =AE67+AF67 -> 62497.8 | AH67: ='911'!H65 -> 1837495.8 | AI67: =B67+C67+D67+E67+F67+G67+K67+L67+M67+N67+Q67+R67+U67+X67+Y67+Z67+AA67+AB67+AD67+AG67+AH67 -> 2193658
A68: Total Other | B68: =B66-B67 -> 0 | C68: =C66-C67 -> 0 | D68: ='Airport Funds'!I66 -> -150000 | E68: =E66-E67 -> 0 | F68: =F66-F67 -> 0 | G68: =G66-G67 -> 0 | I68: =I66-I67 -> 0 | J68: =J66-J67 -> 0 | K68: =SUM(I68:J68) -> 0 | L68: =L66-L67 -> 0 | M68: =M66-M67 -> 0 | N68: =N66-N67 -> 0 | O68: =O66-O67 -> 0 | P68: =P66-P67 -> 0 | Q68: =SUM(O68:P68) -> 0 | R68: =CDBG!H51 -> 0 | S68: =S66-S67 -> -13559.42 | T68: =T66-T67 -> 0 | U68: =S68+T68 -> -13559.42 | V68: =V66-V67 -> -10207.79 | W68: =W66-W67 -> 0 | X68: =V68+W68 -> -10207.79 | Y68: ='OEO-Weatherization'!H67 -> -5929.85 | Z68: ='OEO-Other'!Y67 -> 189540.63 | AA68: ='Transportation Fund'!Y68 -> -14263.34 | AB68: ='Special Purpose '!E66 -> 0 | AD68: =AD66-AD67 -> 0 | AE68: =AE66-AE67 -> -398396.8 | AF68: =AF65+AF66-AF67 -> 469594 | AG68: =AE68+AF68 -> 71197.2 | AH68: ='911'!H66 -> 0 | AI68: =B68+C68+D68+E68+F68+G68+K68+L68+M68+N68+Q68+R68+U68+X68+Y68+Z68+AA68+AB68+AD68+AG68+AH68 -> 66777.43
A70: Net Change in Fund Balance | B70: =B63+B68 -> 49355.47 | C70: =C63+C68 -> -5754.47 | D70: ='Airport Funds'!I68 -> -172418.15 | E70: =E63+E68 -> 13290.64 | F70: =F63+F68 -> -4002.94 | G70: =G63+G68 -> 8084.52 | I70: =I63+I68 -> 22609.59 | J70: =J63+J68 -> 0 | K70: =SUM(I70:J70) -> 22609.59 | L70: =L63+L68 -> 45097.19 | M70: =M63+M68 -> 2558.12 | N70: =N63+N68 -> 6176.55 | O70: =O63+O68 -> 3330.52 | P70: =P63+P68 -> 0 | Q70: =SUM(O70:P70) -> 3330.52 | R70: =CDBG!H53 -> 0 | S70: =S63+S68 -> -0.47 | T70: =T63+T68 -> 0 | U70: =U63+U68 -> -0.47 | V70: =V63+V68 -> -6505.37 | W70: =W63+W68 -> 6504 | X70: =X63+X68 -> -1.37 | Y70: ='OEO-Weatherization'!H69 -> -0.04 | Z70: ='OEO-Other'!Y69 -> -11128.11 | AA70: ='Transportation Fund'!Y70 -> -1.23 | AB70: ='Special Purpose '!E68 -> 11295.81 | AD70: =AD63+AD68 -> 25.62 | AE70: =AE63+AE68 -> -39846.06 | AF70: =AF63+AF68 -> 60570 | AG70: =AG63+AG68 -> 20723.94 | AH70: ='911'!H68 -> 1666.68 | AI70: =B70+C70+D70+E70+F70+G70+K70+L70+M70+N70+Q70+R70+U70+X70+Y70+Z70+AA70+AB70+AD70+AG70+AH70 -> -9092.13
A71: Fund Balance - Beginning | B71: =B72-B70 -> 1150239.9 | C71: =C72-C70 -> 27544.99 | D71: ='Airport Funds'!I69 -> 181106.62 | E71: =E72-E70 -> 53565.16 | F71: =F72-F70 -> 296282.21 | G71: =G72-G70 -> 11685 | I71: =I72-I70 -> 267209.67 | J71: =J72-J70 -> 0 | K71: =SUM(I71:J71) -> 267209.67 | L71: =L72-L70 -> 400010.48 | M71: =M72-M70 -> 6018.66 | N71: =N72-N70 -> 22187.37 | O71: =O72-O70 -> 24617 | P71: =P72-P70 -> 0 | Q71: =SUM(O71:P71) -> 24617 | R71: =CDBG!H54 -> -0.15 | S71: =S72-S70 -> 0.53 | T71: =T72-T70 -> 0 | U71: =U72-U70 -> 0.53 | V71: =V72-V70 -> 0.28 | W71: =W72-W70 -> 0 | X71: =X72-X70 -> 0.28 | Y71: ='OEO-Weatherization'!H70 -> -0.26 | Z71: ='OEO-Other'!Y70 -> 28494.97 | AA71: ='Transportation Fund'!Y71 -> 1.11 | AB71: ='Special Purpose '!E69 -> 153529.01 | AD71: =AD72-AD70 -> 10759.81 | AE71: =AE72-AE70 -> 732958.73 | AF71: =AF72-AF70 -> 0 | AG71: =AG72-AG70 -> 732958.73 | AH71: ='911'!H69 -> 25025.84 | AI71: =B71+C71+D71+E71+F71+G71+K71+L71+M71+N71+Q71+R71+U71+X71+Y71+Z71+AA71+AB71+AD71+AG71+AH71 -> 3391236.9
A72: Fund Balance - End of Year | B72: =B42 -> 1199595.3 | C72: =C42 -> 21790.52 | D72: ='Airport Funds'!I70 -> 8688.47 | E72: =E42 -> 66855.8 | F72: =F42 -> 292279.27 | G72: =G42 -> 19769.52 | I72: =I42 -> 289819.26 | J72: =J42 -> 0 | K72: =SUM(I72:J72) -> 289819.26 | L72: =L42 -> 445107.67 | M72: =M42 -> 8576.78 | N72: =N42 -> 28363.92 | O72: =O42 -> 27947.52 | P72: =P42 -> 0 | Q72: =SUM(O72:P72) -> 27947.52 | R72: =CDBG!H55 -> -0.15 | S72: =S42 -> 0.06 | T72: =T42 -> 0 | U72: =U42 -> 0.06 | V72: =V42 -> -6505.09 | W72: =W42 -> 6504 | X72: =X42 -> -1.09 | Y72: ='OEO-Weatherization'!H71 -> -0.3 | Z72: ='OEO-Other'!Y71 -> 17366.86 | AA72: ='Transportation Fund'!Y72 -> -0.12 | AB72: ='Special Purpose '!E70 -> 164824.82 | AD72: =AD42 -> 10785.43 | AE72: =AE42 -> 693112.67 | AF72: =AF42 -> 60570 | AG72: =AG42 -> 753682.67 | AH72: ='911'!H70 -> 26692.52 | AI72: =B72+C72+D72+E72+F72+G72+K72+L72+M72+N72+Q72+R72+U72+X72+Y72+Z72+AA72+AB72+AD72+AG72+AH72 -> 3382144.8

Sheet Stmt of Activities - Front
A1: Statement of Activities
A2: Year Ended | B2: ='ALL GOVERNMENT FUNDS'!A3 -> 43435
C4: Program Revenues | F4: Primary Government
A5: Functions/Programs | B5: Expenses | C5: Charges for Services | D5: Operating Grants and Contributions | E5: Captial Grants | F5: Governmental Activities
A6: Primary Government
A7: Government Activities:
A8: General government - administration | B8: ='Front Stmts'!R83 -> 7646218 | C8: =C99+W166 -> 775223.9 | D8: =C162+W167 -> 1468830.9 | F8: =-B8+C8+D8+E8 -> -5402163.3
A9: General government - judicial | B9: ='Front Stmts'!R84 -> 3991047.3 | C9: =D99+S166+T166+U166+V166+X166+AF166+AG166 -> 1294847.5 | D9: =D162+S167+T167+U167+V167+X167+AF167+AG167 -> 988813.63 | F9: =-B9+C9+D9+E9 -> -1707386.1
A10: Public safety | B10: ='Front Stmts'!R85 -> 7319400.1 | C10: =E99+Q166+AH166 -> 55756.25 | D10: =E162+Q167+AH167 -> 2218182.4 | F10: =-B10+C10+D10+E10 -> -5045461.5
A11: Public works | B11: ='Front Stmts'!R86 -> 2436945.8 | C11: =F99+N166+P166+R166 -> 567019.53 | D11: =F162+N167+P167+R167 -> 1137051.9 | F11: =-B11+C11+D11+E11 -> -732874.33
A12: Human services | B12: ='Front Stmts'!R87 -> 28174982 | C12: =G99+J166+M166+O166+Y166+Z166+AA166+AB166+AC166+AD166 -> 177392.84 | D12: =G162+J167+M167+O167+Y167+Z167+AA167+AB167+AC167+AD167 -> 27888245 | F12: =-B12+C12+D12+E12 -> -109344.24
A13: Conservation and development | B13: ='Front Stmts'!R88 -> 1091479.8 | C13: =H99 -> 16883 | D13: =H162 -> 0 | F13: =-B13+C13+D13+E13 -> -1074596.8
A14: Culture and recreation | B14: ='Front Stmts'!R89 -> 357706.19 | C14: =I99 -> 72800.4 | D14: =I162 -> 60456.2 | F14: =-B14+C14+D14+E14 -> -224449.59
A15: Interest | B15: ='Front Stmts'!R90 -> 22000 | F15: =-B15+C15+D15+E15 -> -22000
A17: Total governmental activities | B17: =SUM(B6:B16) -> 51039779 | C17: =SUM(C6:C16) -> 2959923.4 | D17: =SUM(D6:D16) -> 33761580 | E17: =SUM(E6:E16) -> 0 | F17: =SUM(F6:F16) -> -14318276
D20: General revenues:
D21: Property taxes | F21: ='Front Stmts'!R72-F22 -> 11460063
D22: Other taxes | F22: ='General Fund - Revenue'!G64+'General Fund - Revenue'!H64 -> 308986.84
D23: Interest and investment income | F23: ='Front Stmts'!R77 -> 56477.66
D24: Fines and Forfeits | F24: ='Front Stmts'!R76 -> 393705.73
D25: Licenses | F25: ='Front Stmts'!R73 -> 36683.5
D26: Lease Revenue | F26: ='Front Stmts'!R78 -> 0
D27: Other | F27: ='Front Stmts'!R79 -> 422130.83
D28: Gain on disposal of capital asset | F28: ='Front Stmts'!R95 -> 12908.84
D30: Total general revenues | F30: =SUM(F20:F29) -> 12690956
D32: Change in Net Position | F32: =F30+F17 -> -1627319.5
D34: Net Position:
D35: Beginning of year | F35: 42656354
D36: End of year | F36: =F35+F32 -> 41029034
A40: GENERAL FUND - Charges for Services | C40: **NOTE: If there are adjustments to these accounts on the General Fund-Revenue Sheet…they must be manually adjusted to the following links!
C41: General Admin | D41: General Judicial | E41: Public Safety | F41: Public Works | G41: Human Services | H41: Conservation | I41: Culture
A42: YEA Government | B42: 1100 | C42: ='General Fund - Revenue'!M7 -> 38147.24
A43: General Government | B43: 1105 | C43: ='General Fund - Revenue'!M8 -> 6374.82
A44: Fiscal | B44: 1135 | C44: ='General Fund - Revenue'!M9 -> 12000
A45: Tax Claim | B45: 1140 | C45: ='General Fund - Revenue'!M10 -> 552425.99
A46: Assessment | B46: 1145 | C46: ='General Fund - Revenue'!M11 -> 14460.4
A47: Telephone | B47: 1152 | C47: ='General Fund - Revenue'!M12 -> 0
A48: MIS | B48: 1155 | C48: ='General Fund - Revenue'!M13 -> 0
A49: Maintenance | B49: 1160 | C49: ='General Fund - Revenue'!M14 -> 3000
A50: Courthouse | B50: 1162 | C50: ='General Fund - Revenue'!M15 -> 0
A51: Annex | B51: 1164 | C51: ='General Fund - Revenue'!M16 -> 0
A52: Human Services Complex | B52: 1166 | C52: ='General Fund - Revenue'!M17 -> 0
A53: Exchange Building | B53: 1167 | C53: ='General Fund - Revenue'!M18 -> 0
... A56: Fleet Mgmt | B56: 1171 | C56: ='General Fund - Revenue'!M21 -> 0
A57: YEA - Judicial | B57: 1200 | D57: ='General Fund - Revenue'!M22 -> 31252.51
A58: YEA - Public Safety | B58: 1300 | E58: ='General Fund - Revenue'!M23 -> 0
A59: YEA - Public Works | B59: 1400 | F59: ='General Fund - Revenue'!M24 -> -4086
A60: YEA - Human Services | B60: 1500 | G60: ='General Fund - Revenue'!M25 -> 0
A61: YEA - Culture & Recreation | B61: 1600 | I61: ='General Fund - Revenue'!M26 -> 0
A62: YEA - Conservvation | B62: 1700 | H62: ='General Fund - Revenue'!M27 -> 0
A63: YEA - Other Miscellaneous | C63: ='General Fund - Revenue'!M28 -> 0
A64: Debt Service | B64: 1905 | C64: ='General Fund - Revenue'!M29 -> 0
A65: Courts | B65: 2205 | D65: ='General Fund - Revenue'!M30 -> 41637.71
A66: Domestic Relations | B66: 2210 | D66: ='General Fund - Revenue'!M31 -> 24621.18
A67: Law Library | B67: 2215 | D67: ='General Fund - Revenue'!M32 -> 0
A68: FISH - DJ | B68: 2225 | D68: ='General Fund - Revenue'!M33 -> 48092.98
A69: Dinberg - DJ | B69: 2230 | D69: ='General Fund - Revenue'!M34 -> 0
A70: Lowrey - DJ | B70: 2235 | D70: ='General Fund - Revenue'!M35 -> 49208.56
A71: Kirtland - DJ | B71: 2240 | D71: ='General Fund - Revenue'!M36 -> 76872.18
A72: Court Supervision | B72: 2310 | D72: ='General Fund - Revenue'!M37 -> 195107.32
A73: Juevenile Court | B73: 2311 | D73: ='General Fund - Revenue'!M38 -> 0
A74: Prison | B74: 3305 | E74: ='General Fund - Revenue'!M39 -> 35256.25
A75: EMA - 911 Building | B75: 4315 | E75: ='General Fund - Revenue'!M40 -> 0
A76: EMA | B76: 4320 | E76: ='General Fund - Revenue'!M41 -> 0
A77: 911 General | B77: 4325 | E77: ='General Fund - Revenue'!M42 -> 0
A78: Airport | B78: 4405 | F78: ='General Fund - Revenue'!M43 -> 273132
A79: Human Services | B79: 5505 | G79: ='General Fund - Revenue'!M44 -> 0
A80: Veterans | B80: 5507 | C80: ='General Fund - Revenue'!M45 -> 0
A81: Tax Collectors | B81: 8175 | C81: ='General Fund - Revenue'!M46 -> 45449.68
A82: Treasurer | B82: 8180 | C82: ='General Fund - Revenue'!M47 -> 4770.4
A83: Auditors | B83: 8185 | C83: ='General Fund - Revenue'!M48 -> 0
A84: Jury Commissioners | B84: 8245 | D84: ='General Fund - Revenue'!M49 -> 635.2
A85: Register & Recorder | B85: 8250 | D85: ='General Fund - Revenue'!M50 -> 296623.72
A86: Coroner | B86: 8255 | D86: ='General Fund - Revenue'!M51 -> 0
A87: District Attorney | B87: 8260 | D87: ='General Fund - Revenue'!M52 -> 0
A88: Prothonotary | B88: 8265 | D88: ='General Fund - Revenue'!M53 -> 281208.12
A89: Sheriff | B89: 8270 | D89: ='General Fund - Revenue'!M54 -> 113473.6
A90: Commissioners | B90: 9110 | C90: ='General Fund - Revenue'!M55 -> 1000
A91: Voter Registration | B91: 9115 | C91: ='General Fund - Revenue'!M56 -> 0
A92: Public Defender | B92: 9125 | C92: ='General Fund - Revenue'!M57 -> 807.5
A93: Human Resources | B93: 9130 | C93: ='General Fund - Revenue'!M58 -> 15
A94: Planning | B94: 9190 | C94: ='General Fund - Revenue'!M59 -> 78984.87
A95: Park | B95: 9605 | I95: ='General Fund - Revenue'!M60 -> 72800.4
A96: Community Development | B96: 9710 | H96: ='General Fund - Revenue'!M61 -> 16883
A97: Insurance | B97: 9805 | C97: ='General Fund - Revenue'!M62 -> 0
A98: Employee Benefits | B98: 9810 | C98: ='General Fund - Revenue'!M63 -> 0 | J98: TOTAL
A99: TOTALS | C99: =SUM(C42:C98) -> 764245.9 | D99: =SUM(D42:D98) -> 1158733.1 | E99: =SUM(E42:E98) -> 35256.25 | F99: =SUM(F42:F98) -> 269046 | G99: =SUM(G42:G98) -> 0 | H99: =SUM(H42:H98) -> 16883 | I99: =SUM(I42:I98) -> 72800.4 | J99: =SUM(C99:I99) -> 2316964.6
A103: GENERAL FUND - Intergovernmental | C103: **NOTE: If there are adjustments to these accounts on the General Fund-Revenue Sheet…they must be manually adjusted to the following links!
C104: General Admin | D104: General Judicial | E104: Public Safety | F104: Public Works | G104: Human Services | H104: Conservation | I104: Culture
A105: YEA Government | B105: 1100 | C105: ='General Fund - Revenue'!L7 -> -21450.76
A106: General Government | B106: 1105 | C106: ='General Fund - Revenue'!L8 -> 0
A107: Fiscal | B107: 1135 | C107: ='General Fund - Revenue'!L9 -> 0
A108: Tax Claim | B108: 1140 | C108: ='General Fund - Revenue'!L10 -> 0
A109: Assessment | B109: 1145 | C109: ='General Fund - Revenue'!L11 -> 0
A110: Telephone | B110: 1152 | C110: ='General Fund - Revenue'!L12 -> 0
A111: MIS | B111: 1155 | C111: ='General Fund - Revenue'!L13 -> 0
A112: Maintenance | B112: 1160 | C112: ='General Fund - Revenue'!L14 -> 0
A113: Courthouse | B113: 1162 | C113: ='General Fund - Revenue'!L15 -> 21450.76
A114: Annex | B114: 1164 | C114: ='General Fund - Revenue'!M16 -> 0
A115: Human Services Complex | B115: 1166 | C115: ='General Fund - Revenue'!L17 -> 0
...

Sheet General Fund
A1: General Fund & Operating Reserve
A2: Combining Balance sheet and Statement of Revenue & Expenses
A3: 43435
B5: General Fund 1000 | C5: ADJ | D5: Adjusted General Fund | E5: Operating Reserve 1100 | F5: Franklin Tax Collector 7210 | G5: Oil City Tax Collector 7211 | H5: Other Tax Collectors 7212 | I5: Franklin Per Capita 7213 | J5: Tax Claim 7600 | K5: PARK MANAGEMENT2300 | M5: Total General Fund
A7: Assets
A8: Cash & cash equivalents | B8: 5374033.7 | C8: =49553+1839-17619 -> 33773 | D8: =B8+C8 -> 5407806.7 | E8: 1755505.6 | F8: 29075.28 | G8: 29091.89 | H8: 42660.87 | I8: 4327.88 | J8: 328097.14 | M8: =D8+E8+F8+G8+H8+I8+J8+K8+L8 -> 7596565.4
A9: A/R | B9: 617730.12 | D9: =B9+C9 -> 617730.12 | E9: 0 | K9: 3510.42 | M9: =D9+E9+F9+G9+H9+I9+J9+K9+L9 -> 621240.54
A10: Taxes Receivable | B10: 1638372.4 | D10: =B10+C10 -> 1638372.4 | F10: -29075.28 | G10: -29091.89 | H10: -42660.87 | I10: -4327.88 | M10: =D10+E10+F10+G10+H10+I10+J10+K10+L10 -> 1533216.4
A11: Due from Component Unit | C11: 17619 | D11: =B11+C11 -> 17619 | M11: =D11+E11+F11+G11+H11+I11+J11+K11+L11 -> 17619
A12: Due from Other Funds | B12: 619924.85 | C12: -7042 | D12: =B12+C12 -> 612882.85 | M12: =D12+E12+F12+G12+H12+I12+J12+K13+L12 -> 612882.85
A13: Due from Other Governments | B13: 67643.23 | D13: =B13+C13 -> 67643.23 | M13: =D13+E13+F13+G13+H13+I13+J13+K14+L13 -> 67643.23
A14: Prepaids | D14: =B14+C14 -> 0 | M14: =D14+E14+F14+G14+H14+I14+J14+K14+L14 -> 0
A15: Total Assets | B15: =SUM(B8:B14) -> 8317704.3 | C15: =SUM(C8:C14) -> 44350 | D15: =B15+C15 -> 8362054.3 | E15: =SUM(E8:E14) -> 1755505.6 | F15: =SUM(F8:F14) -> 0 | G15: =SUM(G8:G14) -> 0 | H15: =SUM(H8:H14) -> 0 | I15: =SUM(I8:I14) -> 0 | J15: =SUM(J8:J14) -> 328097.14 | K15: =SUM(K8:K14) -> 3510.42 | M15: =D15+E15+F15+G15+H15+I15+J15+K15+L15 -> 10449167 | N15: =SUM(M8:M14) -> 10449167
A17: Liabilities
A18: A/P | B18: 412178.34 | D18: =B18+C18 -> 412178.34 | J18: 328097.14 | M18: =D18+E18+F18+G18+H18+I18+J18+K18+L18 -> 740275.48
A19: Accrued Payroll | B19: 338235.15 | D19: =B19+C19 -> 338235.15 | M19: =D19+E19+F19+G19+H19+I19+J19+K19+L19 -> 338235.15
A20: Due to Other Funds | B20: 106403.43 | D20: =B20+C20 -> 106403.43 | M20: =D20+E20+F20+G20+H20+I20+J20+K20+L20 -> 106403.43
A21: Due to Other Governments | B21: 62624.48 | D21: =B21+C21 -> 62624.48 | M21: =D21+E21+F21+G21+H21+I21+J21+K21+L21 -> 62624.48
A22: Unearned Revenue | B22: 1672303.1 | C22: =-7042 -> -7042 | D22: =B22+C22 -> 1665261.1 | M22: =D22+E22+F22+G22+H22+I22+J22+K22+L22 -> 1665261.1
A23: Total Liabilities | B23: =SUM(B18:B22) -> 2591744.5 | C23: =SUM(C18:C22) -> -7042 | D23: =B23+C23 -> 2584702.5 | E23: =SUM(E18:E22) -> 0 | F23: =SUM(F18:F22) -> 0 | G23: =SUM(G18:G22) -> 0 | H23: =SUM(H18:H22) -> 0 | I23: =SUM(I18:I22) -> 0 | J23: =SUM(J18:J22) -> 328097.14 | K23: =SUM(K18:K22) -> 0 | M23: =D23+E23+F23+G23+H23+I23+J23+K23+L23 -> 2912799.7 | N23: =SUM(M18:M22) -> 2912799.7
A25: Deferred Inflows of Resources:
A26: Unavailable revenue - taxes/fees | D26: =B26+C26 -> 0 | M26: =D26+E26+F26+G26+H26+I26+J26+K26+L26 -> 0
A27: Unavailable revenue - lease | D27: =B27+C27 -> 0 | M27: =D27+E27+F27+G27+H27+I27+J27+K27+L27 -> 0
A28: Total Deferred Inflows of Resources | B28: =SUM(B26:B27) -> 0 | C28: =SUM(C26:C27) -> 0 | D28: =SUM(D26:D27) -> 0 | E28: =SUM(E26:E27) -> 0 | F28: =SUM(F26:F27) -> 0 | G28: =SUM(G26:G27) -> 0 | H28: =SUM(H26:H27) -> 0 | I28: =SUM(I26:I27) -> 0 | ... K28: =SUM(K26:K27) -> 0 | M28: =D28+E28+F28+G28+H28+I28+J28+K28+L28 -> 0
A30: Fund Balance
A31: RESTRICTED
A32: Reserved: Program | D32: =B32+C32 -> 0 | M32: =D32+E32+F32+G32+H32+I32+J32+K32+L32 -> 0
A33: Operating Reserve | D33: =B33+C33 -> 0 | E33: 1755505.6 | M33: =D33+E33+F33+G33+H33+I33+J33+K33+L33 -> 1755505.6
A34: Debt Service | D34: =B34+C34 -> 0 | M34: =D34+E34+F34+G34+H34+I34+J34+K34+L34 -> 0
A35: Human Services | D35: =B35+C35 -> 0 | M35: =D35+E35+F35+G35+H35+I35+J35+K35+L35 -> 0
A36: Roads and bridges | D36: =B36+C36 -> 0 | M36: =D36+E36+F36+G36+H36+I36+J36+K36+L36 -> 0
A37: Affordable housing | D37: =B37+C37 -> 0 | M37: =D37+E37+F37+G37+H37+I37+J37+K37+L37 -> 0
A38: Act 13 | D38: =B38+C38 -> 0 | M38: =D38+E38+F38+G38+H38+I38+J38+K38+L38 -> 0
A39: Constable server fees | D39: =B39+C39 -> 0 | M39: =D39+E39+F39+G39+H39+I39+J39+K39+L39 -> 0
A40: Offender identification | D40: =B40+C40 -> 0 | M40: =D40+E40+F40+G40+H40+I40+J40+K40+L40 -> 0
A41: Records improvement/automation | D41: =B41+C41 -> 0 | M41: =D41+E41+F41+G41+H41+I41+J41+K41+L41 -> 0
A42: Sugar Valley Lodge | D42: =B42+C42 -> 0 | M42: =D42+E42+F42+G42+H42+I42+J42+K42+L42 -> 0
A43: Domestic Relations | D43: =B43+C43 -> 0 | M43: =D43+E43+F43+G43+H43+I43+J43+K43+L43 -> 0
A44: Other Purposes | D44: =B44+C44 -> 0 | M44: =D44+E44+F44+G44+H44+I44+J44+K44+L44 -> 0
A45: ASSIGNED | D45: =B45+C45 -> 0 | M45: =D45+E45+F45+G45+H45+I45+J45+K45+L45 -> 0
... A49: Community Action | D49: =B49+C49 -> 0 | M49: =D49+E49+F49+G49+H49+I49+J49+K49+L49 -> 0
A50: UNASSIGNED | B50: =5547.22+5720412.54 -> 5725959.8 | C50: 51392 | D50: =B50+C50 -> 5777351.8 | K50: 3510.42 | M50: =D50+E50+F50+G50+H50+I50+J50+K50+L50 -> 5780862.2
A51: Total Fund Balance | B51: =SUM(B32:B50) -> 5725959.8 | C51: =SUM(C32:C50) -> 51392 | D51: =B51+C51 -> 5777351.8 | E51: =SUM(E32:E50) -> 1755505.6 | F51: =SUM(F32:F50) -> 0 | G51: =SUM(G32:G50) -> 0 | H51: =SUM(H32:H50) -> 0 | I51: =SUM(I32:I50) -> 0 | J51: =SUM(J32:J50) -> 0 | K51: =SUM(K32:K50) -> 3510.42 | M51: =D51+E51+F51+G51+H51+I51+J51+K51+L51 -> 7536367.7 | N51: =SUM(M32:M50) -> 7536367.7
A53: Total Liabilities & Fund Balance | B53: =B23+B51+B28 -> 8317704.3 | C53: =C23+C51+C28 -> 44350 | D53: =D23+D51+D28 -> 8362054.3 | E53: =E23+E51+E28 -> 1755505.6 | F53: =F23+F51+F28 -> 0 | G53: =G23+G51+G28 -> 0 | H53: =H23+H51+H28 -> 0 | I53: =I23+I51+I28 -> 0 | ... K53: =K23+K51+K28 -> 3510.42 | M53: =M23+M51+M28 -> 10449167
B54: =IF(B15=B53, "YES", "NO") -> YES | C54: =IF(C15=C53, "YES", "NO") -> YES | D54: =IF(D15=D53, "YES", "NO") -> YES | E54: =IF(E15=E53, "YES", "NO") -> YES | F54: =IF(F15=F53, "YES", "NO") -> YES | G54: =IF(G15=G53, "YES", "NO") -> YES | H54: =IF(H15=H53, "YES", "NO") -> YES | I54: =IF(I15=I53, "YES", "NO") -> YES | ... M54: =IF(M15=M53, "YES", "NO") -> YES
A55: Revenue
A56: Taxes | B56: ='General Fund - Revenue'!E73+'General Fund - Revenue'!G73+'General Fund - Revenue'!H73 -> 11774726 | D56: =B56+C56 -> 11774726 | M56: =D56+E56+F56+G56+H56+I56+J56+K56+L56 -> 11774726
A57: Licenses | B57: ='General Fund - Revenue'!Q73 -> 36683.5 | D57: =B57+C57 -> 36683.5 | M57: =D57+E57+F57+G57+H57+I57+J57+K57+L57 -> 36683.5
A58: Intergovermental | B58: ='General Fund - Revenue'!I73+'General Fund - Revenue'!L73 -> 2464912.5 | D58: =B58+C58 -> 2464912.5 | M58: =D58+E58+F58+G58+H58+I58+J58+K58+L58 -> 2464912.5
A59: Charges for Services | B59: ='General Fund - Revenue'!M73 -> 2316964.6 | D59: =B59+C59 -> 2316964.6 | M59: =D59+E59+F59+G59+H59+I59+J59+K59+L59 -> 2316964.6
A60: Fines and Forfeits | B60: ='General Fund - Revenue'!N73 -> 130448.96 | D60: =B60+C60 -> 130448.96 | M60: =D60+E60+F60+G60+H60+I60+J60+K60+L60 -> 130448.96
A61: Interest | B61: ='General Fund - Revenue'!O73 -> 17474.18 | D61: =B61+C61 -> 17474.18 | E61: 5075.69 | M61: =D61+E61+F61+G61+H61+I61+J61+K61+L61 -> 22549.87
A62: Lease Revenue | B62: ='General Fund - Revenue'!P73 -> 0 | D62: =B62+C62 -> 0 | M62: =D62+E62+F62+G62+H62+I62+J62+K62+L62 -> 0
A63: Other | B63: ='General Fund - Revenue'!K73 -> 349970.26 | D63: =B63+C63 -> 349970.26 | E63: 2625.5 | K63: =10662.24-10662.24 -> 0 | M63: =D63+E63+F63+G63+H63+I63+J63+K63+L63 -> 352595.76
A64: Total Revenues | B64: =SUM(B56:B63) -> 17091180 | C64: =SUM(C56:C63) -> 0 | D64: =B64+C64 -> 17091180 | E64: =SUM(E56:E63) -> 7701.19 | F64: =SUM(F56:F63) -> 0 | G64: =SUM(G56:G63) -> 0 | H64: =SUM(H56:H63) -> 0 | I64: =SUM(I56:I63) -> 0 | J64: =SUM(J56:J63) -> 0 | K64: =SUM(K56:K63) -> 0 | M64: =SUM(M56:M63) -> 17098881
A66: Expenditures
A67: General gvt - administration | B67: ='General Fund - Revenue'!T73 -> 7098258.6 | D67: =B67+C67 -> 7098258.6 | M67: =D67+E67+F67+G67+H67+I67+J67+K67+L67 -> 7098258.6
A68: General gvt - judicial | B68: ='General Fund - Revenue'!U73 -> 3420921.3 | D68: =B68+C68 -> 3420921.3 | M68: =D68+E68+F68+G68+H68+I68+J68+K68+L68 -> 3420921.3
A69: Public safety | B69: ='General Fund - Revenue'!V73 -> 4859726.8 | D69: =B69+C69 -> 4859726.8 | M69: =D69+E69+F69+G69+H69+I69+J69+K69+L69 -> 4859726.8
A70: Public works and enterprises | B70: ='General Fund - Revenue'!W73 -> 527577.1 | D70: =B70+C70 -> 527577.1 | M70: =D70+E70+F70+G70+H70+I70+J70+K70+L70 -> 527577.1
A71: Human services | B71: ='General Fund - Revenue'!X73 -> 125330.94 | D71: =B71+C71 -> 125330.94 | M71: =D71+E71+F71+G71+H71+I71+J71+K71+L71 -> 125330.94
A72: Conservation and development | B72: ='General Fund - Revenue'!Y73 -> 660670.43 | D72: =B72+C72 -> 660670.43 | M72: =D72+E72+F72+G72+H72+I72+J72+K72+L72 -> 660670.43
A73: Culture & Recreatiion | B73: ='General Fund - Revenue'!Z73 -> 394165.19 | D73: =B73+C73 -> 394165.19 | M73: =D73+E73+F73+G73+H73+I73+J73+K73+L73 -> 394165.19
A74: Capital Projects | B74: ='General Fund - Revenue'!AA64 -> 0 | D74: =B74+C74 -> 0 | M74: =D74+E74+F74+G74+H74+I74+J74+K74+L74 -> 0
A75: Debt Service | B75: ='General Fund - Revenue'!AB64 -> 0 | D75: =B75+C75 -> 0 | M75: =D75+E75+F75+G75+H75+I75+J75+K75+L75 -> 0
A76: Total Expenditures | B76: =SUM(B67:B75) -> 17086650 | C76: =SUM(C67:C75) -> 0 | D76: =B76+C76 -> 17086650 | E76: =SUM(E67:E75) -> 0 | F76: =SUM(F67:F75) -> 0 | G76: =SUM(G67:G75) -> 0 | H76: =SUM(H67:H75) -> 0 | I76: =SUM(I67:I75) -> 0 | J76: =SUM(J67:J75) -> 0 | K76: =SUM(K67:K75) -> 0 | M76: =D76+E76+F76+G76+H76+I76+J76+K76+L76 -> 17086650
A78: Excess (Deficiency) | B78: =B64-B76 -> 4529.37 | C78: =C64-C76 -> 0 | D78: =B78+C78 -> 4529.37 | E78: =E64-E76 -> 7701.19 | F78: =F64-F76 -> 0 | G78: =G64-G76 -> 0 | H78: =H64-H76 -> 0 | I78: =I64-I76 -> 0 | J78: =J64-J76 -> 0 | K78: =K64-K76 -> 0 | M78: =M64-M76 -> 12230.56
A80: Sale of Fixed Assets | B80: ='General Fund - Revenue'!J73 -> 3038.84 | D80: =B80+C80 -> 3038.84 | M80: =D80+E80+F80+G80+H80+I80+J80+K80+L80 -> 3038.84
A81: Transfers In | B81: ='General Fund - Revenue'!AF73 -> 4371940.4 | D81: =B81+C81 -> 4371940.4 | M81: =D81+E81+F81+G81+H81+I81+J81+K81+L81 -> 4371940.4
A82: Transfers Out | B82: ='General Fund - Revenue'!AG73 -> 2218764.1 | D82: =B82+C82 -> 2218764.1 | E82: 3107708 | K82: =10792.09-10662.24-1000 -> -870.15 | M82: =D82+E82+F82+G82+H82+I82+J82+K82+L82 -> 5325602
A83: Total Other | B83: =B80+B81-B82 -> 2156215.1 | C83: =C80+C81-C82 -> 0 | D83: =B83+C83 -> 2156215.1 | E83: =E80+E81-E82 -> -3107708 | F83: =F80+F81-F82 -> 0 | G83: =G80+G81-G82 -> 0 | H83: =H80+H81-H82 -> 0 | I83: =I80+I81-I82 -> 0 | J83: =J80+J81-J82 -> 0 | K83: =K81-K82 -> 870.15 | M83: =D83+E83+F83+G83+H83+I83+J83+K83+L83 -> -950622.75
A85: Net Change in Fund Balance | B85: =B78+B83 -> 2160744.5 | C85: =C78+C83 -> 0 | D85: =B85+C85 -> 2160744.5 | E85: =E78+E83 -> -3100006.9 | F85: =F78+F83 -> 0 | G85: =G78+G83 -> 0 | H85: =H78+H83 -> 0 | I85: =I78+I83 -> 0 | J85: =J78+J83 -> 0 | K85: =K78+K83 -> 870.15 | M85: =D85+E85+F85+G85+H85+I85+J85+K85+L85 -> -938392.19
A86: Fund Balance - Beginning | B86: =B87-B85 -> 3565215.2 | C86: =C87-C85 -> 51392 | D86: =B86+C86 -> 3616607.2 | E86: =E87-E85 -> 4855512.4 | F86: =F87-F85 -> 0 | G86: =G87-G85 -> 0 | H86: =H87-H85 -> 0 | I86: =I87-I85 -> 0 | J86: =J87-J85 -> 0 | K86: =K87-K85 -> 2640.27 | M86: =D86+E86+F86+G86+H86+I86+J86+K86+L86 -> 8474759.9
A87: Fund Balance - End of Year | B87: =B51 -> 5725959.8 | C87: =C51 -> 51392 | D87: =B87+C87 -> 5777351.8 | E87: =E33 -> 1755505.6 | F87: =F50 -> 0 | G87: =G50 -> 0 | H87: =H50 -> 0 | I87: =I50 -> 0 | J87: =J50 -> 0 | K87: =K51 -> 3510.42 | M87: =D87+E87+F87+G87+H87+I87+J87+K87+L87 -> 7536367.7

Sheet General Fund - Revenue
A1: Revenue & Expenses
A2: General Fund
A3: 43435
F4: TAXES
C5: Income | J5: PROCEEDS FROM | T5: Expenses
A6: Org | B6: Org# | C6: Revenue | D6: Check | E6: Real Estate | F6: Occupational | G6: Per Capita | H6: Hotel Room | I6: Public Utility Realty Tax | J6: Sales | K6: Other | L6: Intergvt | M6: Charges for Services | N6: Fines & Forfeits | O6: Interest | P6: Lease Revenue/Rent | Q6: Licenses | R6: Total Revenue | T6: General Admin | U6: General Judicial | V6: Public Safety | W6: Public Works | X6: Human services | Y6: Conservation & Development | Z6: Culture & Recreation | AA6: Capital Projects | AB6: Debt Service | AC6: Total Expenses | AE6: Excess/ Deficiency | AF6: Interfund In | AG6: Interfund Out | AH6: TOTAL
A7: YEA Government | B7: 1100 | D7: =SUM(E7:Q7) -> 32527 | E7: 2505.95 | G7: 13447.57 | L7: -21450.76 | M7: =37700.24+447 -> 38147.24 | Q7: -123 | R7: =SUM(E7:Q7) -> 32527 | T7: 902.92 | AC7: =SUM(T7:AB7) -> 902.92 | AE7: =R7-AC7 -> 31624.08 | AH7: =AE7+AF7-AG7 -> 31624.08
A8: General Government | B8: 1105 | D8: =SUM(E8:Q8) -> 11639531 | E8: 11463233 | G8: 140679.84 | I8: 10649.29 | J8: 3038.84 | M8: 6374.82 | O8: 15555.56 | R8: =SUM(E8:Q8) -> 11639531 | T8: -39078.74 | AC8: =SUM(T8:AB8) -> -39078.74 | AE8: =R8-AC8 -> 11678610 | AF8: =3009723.04 -> 3009723 | AH8: =AE8+AF8-AG8 -> 14688333
A9: Fiscal | B9: 1135 | D9: =SUM(E9:Q9) -> 12000 | M9: 12000 | R9: =SUM(E9:Q9) -> 12000 | T9: 474583.14 | AC9: =SUM(T9:AB9) -> 474583.14 | AE9: =R9-AC9 -> -462583.14 | AF9: 267709.18 | AH9: =AE9+AF9-AG9 -> -194873.96
A10: Tax Claim | B10: 1140 | D10: =SUM(E10:Q10) -> 556898.26 | K10: 3040.25 | M10: 552425.99 | O10: 1432.02 | R10: =SUM(E10:Q10) -> 556898.26 | T10: 225857.64 | AC10: =SUM(T10:AB10) -> 225857.64 | AE10: =R10-AC10 -> 331040.62 | AH10: =AE10+AF10-AG10 -> 331040.62
A11: Assessment | B11: 1145 | D11: =SUM(E11:Q11) -> 14460.4 | M11: 14460.4 | R11: =SUM(E11:Q11) -> 14460.4 | T11: 357991.74 | AC11: =SUM(T11:AB11) -> 357991.74 | AE11: =R11-AC11 -> -343531.34 | AH11: =AE11+AF11-AG11 -> -343531.34
A12: Telephone | B12: 1152 | D12: =SUM(E12:Q12) -> 0 | R12: =SUM(E12:Q12) -> 0 | T12: 29944.96 | AC12: =SUM(T12:AB12) -> 29944.96 | AE12: =R12-AC12 -> -29944.96 | AH12: =AE12+AF12-AG12 -> -29944.96
A13: MIS | B13: 1155 | D13: =SUM(E13:Q13) -> 0 | R13: =SUM(E13:Q13) -> 0 | T13: 471860.76 | AC13: =SUM(T13:AB13) -> 471860.76 | AE13: =R13-AC13 -> -471860.76 | AF13: 213215.49 | AH13: =AE13+AF13-AG13 -> -258645.27
A14: Maintenance | B14: 1160 | D14: =SUM(E14:Q14) -> 3000 | M14: 3000 | R14: =SUM(E14:Q14) -> 3000 | T14: 442691.96 | AC14: =SUM(T14:AB14) -> 442691.96 | AE14: =R14-AC14 -> -439691.96 | AF14: 146489.59 | AH14: =AE14+AF14-AG14 -> -293202.37
A15: Courthouse | B15: 1162 | D15: =SUM(E15:Q15) -> 21450.76 | L15: 21450.76 | R15: =SUM(E15:Q15) -> 21450.76 | T15: 105012 | AC15: =SUM(T15:AB15) -> 105012 | AE15: =R15-AC15 -> -83561.24 | AH15: =AE15+AF15-AG15 -> -83561.24
A16: Annex | B16: 1164 | D16: =SUM(E16:Q16) -> 0 | R16: =SUM(E16:Q16) -> 0 | T16: 82806.23 | AC16: =SUM(T16:AB16) -> 82806.23 | AE16: =R16-AC16 -> -82806.23 | AH16: =AE16+AF16-AG16 -> -82806.23
A17: Human Services Complex | B17: 1166 | D17: =SUM(E17:Q17) -> 0 | R17: =SUM(E17:Q17) -> 0 | T17: 1151.5 | AC17: =SUM(T17:AB17) -> 1151.5 | AE17: =R17-AC17 -> -1151.5 | AH17: =AE17+AF17-AG17 -> -1151.5
A18: Exchange Building | B18: 1167 | D18: =SUM(E18:Q18) -> 48805.7 | K18: 48805.7 | R18: =SUM(E18:Q18) -> 48805.7 | T18: 140965.23 | AC18: =SUM(T18:AB18) -> 140965.23 | AE18: =R18-AC18 -> -92159.53 | AH18: =AE18+AF18-AG18 -> -92159.53
A19: Custodial | B19: 1168 | D19: =SUM(E19:Q19) -> 6810 | M19: 6810 | R19: =SUM(E19:Q19) -> 6810 | T19: 102799.33 | AC19: =SUM(T19:AB19) -> 102799.33 | AE19: =R19-AC19 -> -95989.33 | AH19: =AE19+AF19-AG19 -> -95989.33
A20: Sugar Valley Buildings | B20: 1169 | D20: =SUM(E20:Q20) -> 67652.63 | L20: 67652.63 | R20: =SUM(E20:Q20) -> 67652.63 | T20: 79906.43 | AC20: =SUM(T20:AB20) -> 79906.43 | AE20: =R20-AC20 -> -12253.8 | AH20: =AE20+AF20-AG20 -> -12253.8
A21: Fleet Mgmt | B21: 1171 | D21: =SUM(E21:Q21) -> 0 | R21: =SUM(E21:Q21) -> 0 | T21: 13330.87 | AC21: =SUM(T21:AB21) -> 13330.87 | AE21: =R21-AC21 -> -13330.87 | AH21: =AE21+AF21-AG21 -> -13330.87
A22: YEA - Judicial | B22: 1200 | D22: =SUM(E22:Q22) -> 42151.25 | K22: -1156 | L22: 3392.73 | M22: =29771.61+2243.21-762.31 -> 31252.51 | N22: =10108.9-2243.21+762.31 -> 8628 | O22: 34.01 | R22: =SUM(E22:Q22) -> 42151.25 | U22: 19822.6 | AC22: =SUM(T22:AB22) -> 19822.6 | AE22: =R22-AC22 -> 22328.65 | AF22: 62217.8 | AH22: =AE22+AF22-AG22 -> 84546.45
A23: YEA - Public Safety | B23: 1300 | D23: =SUM(E23:Q23) -> 58684.83 | L23: 58684.83 | R23: =SUM(E23:Q23) -> 58684.83 | V23: 16280.36 | AC23: =SUM(T23:AB23) -> 16280.36 | AE23: =R23-AC23 -> 42404.47 | AH23: =AE23+AF23-AG23 -> 42404.47
A24: YEA - Public Works | B24: 1400 | D24: =SUM(E24:Q24) -> -3256 | K24: 830 | M24: -4086 | R24: =SUM(E24:Q24) -> -3256 | W24: 519.78 | AC24: =SUM(T24:AB24) -> 519.78 | AE24: =R24-AC24 -> -3775.78 | AH24: =AE24+AF24-AG24 -> -3775.78
A25: YEA - Human Services | B25: 1500 | D25: =SUM(E25:Q25) -> 0 | R25: =SUM(E25:Q25) -> 0 | X25: -542.96 | AC25: =SUM(T25:AB25) -> -542.96 | AE25: =R25-AC25 -> 542.96 | AH25: =AE25+AF25-AG25 -> 542.96
A26: YEA - Culture & Recreation | B26: 1600 | D26: =SUM(E26:Q26) -> 17319.2 | K26: =1000-954 -> 46 | L26: 17273.2 | R26: =SUM(E26:Q26) -> 17319.2 | AC26: =SUM(T26:AB26) -> 0 | AE26: =R26-AC26 -> 17319.2 | AH26: =AE26+AF26-AG26 -> 17319.2
A27: YEA - Conservvation | B27: 1700 | D27: =SUM(E27:Q27) -> 0 | R27: =SUM(E27:Q27) -> 0 | Y27: 695.59 | AC27: =SUM(T27:AB27) -> 695.59 | AE27: =R27-AC27 -> -695.59 | AH27: =AE27+AF27-AG27 -> -695.59
A28: YEA - Other Miscellaneous | D28: =SUM(E28:Q28) -> 0 | R28: =SUM(E28:Q28) -> 0 | AC28: =SUM(T28:AB28) -> 0 | AE28: =R28-AC28 -> 0 | AH28: =AE28+AF28-AG28 -> 0
A29: Debt Service | B29: 1905 | D29: =SUM(E29:Q29) -> 0 | R29: =SUM(E29:Q29) -> 0 | AC29: =SUM(T29:AB29) -> 0 | AE29: =R29-AC29 -> 0 | AG29: 699150 | AH29: =AE29+AF29-AG29 -> -699150
A30: Courts | B30: 2205 | D30: =SUM(E30:Q30) -> 132736.71 | L30: 91099 | M30: =6672+34965.71 -> 41637.71 | R30: =SUM(E30:Q30) -> 132736.71 | U30: 635608.04 | AC30: =SUM(T30:AB30) -> 635608.04 | AE30: =R30-AC30 -> -502871.33 | AG30: 120 | AH30: =AE30+AF30-AG30 -> -502991.33
A31: Domestic Relations | B31: 2210 | D31: =SUM(E31:Q31) -> 24832.43 | K31: 211.25 | M31: 24621.18 | R31: =SUM(E31:Q31) -> 24832.43 | U31: 494426.45 | AC31: =SUM(T31:AB31) -> 494426.45 | AE31: =R31-AC31 -> -469594.02 | AF31: 336387.45 | AG31: 280 | AH31: =AE31+AF31-AG31 -> -133486.57
A32: Law Library | B32: 2215 | D32: =SUM(E32:Q32) -> 0 | R32: =SUM(E32:Q32) -> 0 | U32: 45359.17 | AC32: =SUM(T32:AB32) -> 45359.17 | AE32: =R32-AC32 -> -45359.17 | AH32: =AE32+AF32-AG32 -> -45359.17
A33: FISH - DJ | B33: 2225 | D33: =SUM(E33:Q33) -> 48832 | L33: 739.02 | M33: 48092.98 | R33: =SUM(E33:Q33) -> 48832 | U33: 129625.13 | AC33: =SUM(T33:AB33) -> 129625.13 | AE33: =R33-AC33 -> -80793.13 | AH33: =AE33+AF33-AG33 -> -80793.13
A34: Dinberg - DJ | B34: 2230 | D34: =SUM(E34:Q34) -> 0 | R34: =SUM(E34:Q34) -> 0 | AC34: =SUM(T34:AB34) -> 0 | AE34: =R34-AC34 -> 0 | AH34: =AE34+AF34-AG34 -> 0
A35: Lowrey - DJ | B35: 2235 | D35: =SUM(E35:Q35) -> 49208.56 | M35: 49208.56 | R35: =SUM(E35:Q35) -> 49208.56 | U35: 132934.14 | AC35: =SUM(T35:AB35) -> 132934.14 | AE35: =R35-AC35 -> -83725.58 | AH35: =AE35+AF35-AG35 -> -83725.58
A36: Kirtland - DJ | B36: 2240 | D36: =SUM(E36:Q36) -> 76872.18 | M36: 76872.18 | R36: =SUM(E36:Q36) -> 76872.18 | U36: 159419.35 | AC36: =SUM(T36:AB36) -> 159419.35 | AE36: =R36-AC36 -> -82547.17 | AH36: =AE36+AF36-AG36 -> -82547.17
A37: Court Supervision | B37: 2310 | D37: =SUM(E37:Q37) -> 290247.65 | K37: 233.44 | L37: 35801.89 | M37: =2998.05+192109.27 -> 195107.32 | N37: =251214.27-192109.27 -> 59105 | R37: =SUM(E37:Q37) -> 290247.65 | V37: 667876.58 | AC37: =SUM(T37:AB37) -> 667876.58 | AE37: =R37-AC37 -> -377628.93 | AH37: =AE37+AF37-AG37 -> -377628.93
A38: Juevenile Court | B38: 2311 | D38: =SUM(E38:Q38) -> 147085.11 | K38: 350.52 | L38: 142463.07 | N38: 4271.52 | R38: =SUM(E38:Q38) -> 147085.11 | V38: 489601.68 | AC38: =SUM(T38:AB38) -> 489601.68 | AE38: =R38-AC38 -> -342516.57 | AF38: 1176.5 | AH38: =AE38+AF38-AG38 -> -341340.07
A39: Prison | B39: 3305 | D39: =SUM(E39:Q39) -> 183096.06 | K39: =48153.83+99353.98 -> 147507.81 | M39: 35256.25 | N39: 332 | R39: =SUM(E39:Q39) -> 183096.06 | V39: 3197916.9 | AC39: =SUM(T39:AB39) -> 3197916.9 | AE39: =R39-AC39 -> -3014820.8 | AF39: =177286.86-99354 -> 77932.86 | AH39: =AE39+AF39-AG39 -> -2936888
A40: EMA - 911 Building | B40: 4315 | D40: =SUM(E40:Q40) -> 0 | R40: =SUM(E40:Q40) -> 0 | V40: 31715.06 | AC40: =SUM(T40:AB40) -> 31715.06 | AE40: =R40-AC40 -> -31715.06 | AH40: =AE40+AF40-AG40 -> -31715.06
A41: EMA | B41: 4320 | D41: =SUM(E41:Q41) -> 318240.88 | L41: 318240.88 | R41: =SUM(E41:Q41) -> 318240.88 | V41: 452822.61 | AC41: =SUM(T41:AB41) -> 452822.61 | AE41: =R41-AC41 -> -134581.73 | AH41: =AE41+AF41-AG41 -> -134581.73
A42: 911 General | B42: 4325 | D42: =SUM(E42:Q42) -> 0 | R42: =SUM(E42:Q42) -> 0 | V42: 3513.62 | AC42: =SUM(T42:AB42) -> 3513.62 | AE42: =R42-AC42 -> -3513.62 | AH42: =AE42+AF42-AG42 -> -3513.62
A43: Airport | B43: 4405 | D43: =SUM(E43:Q43) -> 273132 | M43: =45841.04+227290.96 -> 273132 | R43: =SUM(E43:Q43) -> 273132 | W43: 527057.32 | AC43: =SUM(T43:AB43) -> 527057.32 | AE43: =R43-AC43 -> -253925.32 | AF43: 150000 | AH43: =AE43+AF43-AG43 -> -103925.32
A44: Human Services | B44: 5505 | D44: =SUM(E44:Q44) -> 0 | R44: =SUM(E44:Q44) -> 0 | X44: 27952 | AC44: =SUM(T44:AB44) -> 27952 | AE44: =R44-AC44 -> -27952 | AF44: 266174.22 | AG44: 1517053.5 | AH44: =AE44+AF44-AG44 -> -1278831.3
A45: Veterans | B45: 5507 | D45: =SUM(E45:Q45) -> 5500 | K45: 5500 | R45: =SUM(E45:Q45) -> 5500 | X45: 97921.9 | AC45: =SUM(T45:AB45) -> 97921.9 | AE45: =R45-AC45 -> -92421.9 | AG45: 586.06 | AH45: =AE45+AF45-AG45 -> -93007.96
A46: Tax Collectors | B46: 8175 | D46: =SUM(E46:Q46) -> 45449.68 | M46: 45449.68 | R46: =SUM(E46:Q46) -> 45449.68 | T46: 197181.26 | AC46: =SUM(T46:AB46) -> 197181.26 | AE46: =R46-AC46 -> -151731.58 | AH46: =AE46+AF46-AG46 -> -151731.58
A47: Treasurer | B47: 8180 | D47: =SUM(E47:Q47) -> 195216.33 | H47: 154859.43 | K47: 100 | M47: 4770.4 | Q47: 35486.5 | R47: =SUM(E47:Q47) -> 195216.33 | T47: 364590.28 | AC47: =SUM(T47:AB47) -> 364590.28 | AE47: =R47-AC47 -> -169373.95 | AH47: =AE47+AF47-AG47 -> -169373.95
A48: Auditors | B48: 8185 | D48: =SUM(E48:Q48) -> 0 | R48: =SUM(E48:Q48) -> 0 | T48: 96560.16 | AC48: =SUM(T48:AB48) -> 96560.16 | AE48: =R48-AC48 -> -96560.16 | AG48: 856.56 | AH48: =AE48+AF48-AG48 -> -97416.72
A49: Jury Commissioners | B49: 8245 | D49: =SUM(E49:Q49) -> 635.2 | M49: 635.2 | R49: =SUM(E49:Q49) -> 635.2 | U49: 26578.91 | AC49: =SUM(T49:AB49) -> 26578.91 | AE49: =R49-AC49 -> -25943.71 | AH49: =AE49+AF49-AG49 -> -25943.71
A50: Register & Recorder | B50: 8250 | D50: =SUM(E50:Q50) -> 296623.72 | M50: 296623.72 | R50: =SUM(E50:Q50) -> 296623.72 | U50: 265861.45 | AC50: =SUM(T50:AB50) -> 265861.45 | AE50: =R50-AC50 -> 30762.27 | AH50: =AE50+AF50-AG50 -> 30762.27
A51: Coroner | B51: 8255 | D51: =SUM(E51:Q51) -> 6844.91 | L51: 5524.91 | Q51: 1320 | R51: =SUM(E51:Q51) -> 6844.91 | U51: 83778.36 | AC51: =SUM(T51:AB51) -> 83778.36 | AE51: =R51-AC51 -> -76933.45 | AH51: =AE51+AF51-AG51 -> -76933.45
A52: District Attorney | B52: 8260 | D52: =SUM(E52:Q52) -> 323061.89 | L52: 303151.09 | N52: 19910.8 | R52: =SUM(E52:Q52) -> 323061.89 | U52: 805363.33 | AC52: =SUM(T52:AB52) -> 805363.33 | AE52: =R52-AC52 -> -482301.44 | AG52: 120 | AH52: =AE52+AF52-AG52 -> -482421.44
A53: Prothonotary | B53: 8265 | D53: =SUM(E53:Q53) -> 281585.31 | M53: 281208.12 | O53: 377.19 | R53: =SUM(E53:Q53) -> 281585.31 | U53: 314195.18 | AC53: =SUM(T53:AB53) -> 314195.18 | AE53: =R53-AC53 -> -32609.87 | AH53: =AE53+AF53-AG53 -> -32609.87
A54: Sheriff | B54: 8270 | D54: =SUM(E54:Q54) -> 155017.59 | K54: 3342.35 | M54: 113473.6 | N54: 38201.64 | R54: =SUM(E54:Q54) -> 155017.59 | U54: 808393.2 | AC54: =SUM(T54:AB54) -> 808393.2 | AE54: =R54-AC54 -> -653375.61 | AG54: 390 | AH54: =AE54+AF54-AG54 -> -653765.61
A55: Commissioners | B55: 9110 | D55: =SUM(E55:Q55) -> 1075 | K55: 75 | M55: 1000 | R55: =SUM(E55:Q55) -> 1075 | T55: 417344.11 | AC55: =SUM(T55:AB55) -> 417344.11 | AE55: =R55-AC55 -> -416269.11 | AH55: =AE55+AF55-AG55 -> -416269.11
A56: Voter Registration | B56: 9115 | D56: =SUM(E56:Q56) -> 32.38 | L56: 32.38 | R56: =SUM(E56:Q56) -> 32.38 | T56: 184949.8 | AC56: =SUM(T56:AB56) -> 184949.8 | AE56: =R56-AC56 -> -184917.42 | AH56: =AE56+AF56-AG56 -> -184917.42
A57: Public Defender | B57: 9125 | D57: =SUM(E57:Q57) -> 807.5 | M57: 807.5 | R57: =SUM(E57:Q57) -> 807.5 | T57: 735446.6 | AC57: =SUM(T57:AB57) -> 735446.6 | AE57: =R57-AC57 -> -734639.1 | AF57: 39000 | AH57: =AE57+AF57-AG57 -> -695639.1
A58: Human Resources | B58: 9130 | D58: =SUM(E58:Q58) -> 15 | M58: 15 | R58: =SUM(E58:Q58) -> 15 | T58: 378630.65 | AC58: =SUM(T58:AB58) -> 378630.65 | AE58: =R58-AC58 -> -378615.65 | AF58: 35217.06 | AH58: =AE58+AF58-AG58 -> -343398.59
A59: Planning | B59: 9190 | D59: =SUM(E59:Q59) -> 1594481.4 | K59: 125000 | L59: 1390496.6 | M59: 78984.87 | R59: =SUM(E59:Q59) -> 1594481.4 | T59: 1669644.3 | AC59: =SUM(T59:AB59) -> 1669644.3 | AE59: =R59-AC59 -> -75162.9 | AH59: =AE59+AF59-AG59 -> -75162.9
A60: Park | B60: 9605 | D60: =SUM(E60:Q60) -> 131188.13 | K60: =4132+10957.33+40 -> 15129.33 | L60: 43183 | M60: =72840.4-40 -> 72800.4 | O60: 75.4 | R60: =SUM(E60:Q60) -> 131188.13 | Z60: 394165.19 | AC60: =SUM(T60:AB60) -> 394165.19 | AE60: =R60-AC60 -> -262977.06 | AF60: 10792.09 | AH60: =AE60+AF60-AG60 -> -252184.97
A61: Community Development | B61: 9710 | D61: =SUM(E61:Q61) -> 19198.61 | K61: =2315.61 -> 2315.61 | M61: =9990.61+9208-2315.61 -> 16883 | R61: =SUM(E61:Q61) -> 19198.61 | Y61: 659974.84 | AC61: =SUM(U61:AB61) -> 659974.84 | AE61: =R61-AC61 -> -640776.23 | AF61: 97985 | AH61: =AE61+AF61-AG61 -> -542791.23
A62: Insurance | B62: 9805 | D62: =SUM(E62:Q62) -> 0 | R62: =SUM(E62:Q62) -> 0 | T62: 480029.24 | AC62: =SUM(T62:AB62) -> 480029.24 | AE62: =R62-AC62 -> -480029.24 | AF62: 76194.15 | AH62: =AE62+AF62-AG62 -> -403835.09
A63: Employee Benefits | B63: 9810 | D63: =SUM(E63:Q63) -> 0 | R63: =SUM(E63:Q63) -> 0 | T63: 83156.25 | AC63: =SUM(T63:AB63) -> 83156.25 | AE63: =R63-AC63 -> -83156.25 | AH63: =AE63+AF63-AG63 -> -83156.25
A64: TOTALS | C64: =SUM(C7:C63) -> 0 | D64: =SUM(D7:D63) -> 17119052 | E64: =SUM(E7:E63) -> 11465739 | F64: =SUM(F7:F63) -> 0 | G64: =SUM(G7:G63) -> 154127.41 | H64: =SUM(H7:H63) -> 154859.43 | I64: =SUM(I7:I63) -> 10649.29 | J64: =SUM(J7:J63) -> 3038.84 | ... R64: =SUM(R7:R63) -> 17119052 | T64: =SUM(T7:T63) -> 7098258.6 | U64: =SUM(U7:U63) -> 3921365.3 | V64: =SUM(V7:V63) -> 4859726.8 | W64: =SUM(W7:W63) -> 527577.1 | X64: =SUM(X7:X63) -> 125330.94 | Y64: =SUM(Y7:Y63) -> 660670.43 | Z64: =SUM(Z7:Z63) -> 394165.19 | AA64: =SUM(AA7:AA63) -> 0 | ... AC64: =SUM(AC7:AC63) -> 17587094 | AE64: =SUM(AE7:AE63) -> -468042.79 | AF64: =SUM(AF7:AF63) -> 4790214.4 | AG64: =SUM(AG7:AG63) -> 2218556.1 | AH64: =SUM(AH7:AH63) -> 2103615.5
E65: TAXES | F65: =SUM(E64:H64) -> 11774726
A66: Journal Entries - # 1 - Domestic Relationship Adj | K66: -1361 | L66: -23472 | U66: -494707 | AF66: =-133487-336179 -> -469666 | AG66: 208
A67: # 2 - District Attorney | U67: -5737 | AK67: =R64+AF64 -> 21909266
A68: # 3 - Capital Projects | AF68: =49553+1839 -> 51392 | AK68: =AC64+AG64 -> 19805651
A69: # 4
A70: # 5
A71: # 7
A72: # 8
C73: =SUM(C64:C72) -> 0 | D73: =SUM(E73:Q73) -> 17094219 | E73: =SUM(E64:E72) -> 11465739 | F73: =F64 -> 0 | G73: =SUM(G64:G72) -> 154127.41 | H73: =SUM(H64:H72) -> 154859.43 | I73: =SUM(I64:I72) -> 10649.29 | J73: =SUM(J64:J72) -> 3038.84 | K73: =SUM(K64:K72) -> 349970.26 | L73: =SUM(L64:L72) -> 2454263.2 | M73: =SUM(M64:M72) -> 2316964.6 | N73: =SUM(N64:N72) -> 130448.96 | ... Q73: =SUM(Q64:Q72) -> 36683.5 | R73: =SUM(E73:Q73) -> 17094219 | T73: =SUM(T64:T72) -> 7098258.6 | U73: =SUM(U64:U72) -> 3420921.3 | V73: =SUM(V64:V72) -> 4859726.8 | W73: =SUM(W64:W72) -> 527577.1 | X73: =SUM(X64:X72) -> 125330.94 | Y73: =SUM(Y64:Y72) -> 660670.43 | Z73: =SUM(Z64:Z72) -> 394165.19 | AA73: =SUM(AA64:AA72) -> 0 | AB73: =SUM(AB64:AB72) -> 0 | AC73: =SUM(T73:AB73) -> 17086650 | AE73: =R73-AC73 -> 7568.21 | AF73: =SUM(AF64:AF72) -> 4371940.4 | AG73: =SUM(AG64:AG72) -> 2218764.1 | AH73: =AE73+AF73-AG73 -> 2160744.5
F75: =SUM(E73:H73) -> 11774726
F76: TAX REVENUE | J76: =I73+L73 -> 2464912.5
J77: INTERGOVERNMENTAL | N77: =K73+P73 -> 349970.26
J78: & PUBLIC UTILITY TAX | N78: OTHER & RENT

Sheet Capital Projects Fund
A1: Capital Projects Fund
A2: Combining Balance sheet and Statement of Revenue & Expenses
A3: 43435 | C3: check categories
B5: Capital Projects 3000 | C5: Debt Service 4000 | D5: Debt Service 4100 | E5: 2010 Debt Service 4300 | F5: Adjustments | G5: Adjusted 2010 Debt Service 4300 | H5: TOTAL Capital Projects
A7: Assets
A8: Cash & cash equivalents | B8: =21878.14-1839-49553 -> -29513.86 | C8: 280594.53 | G8: =E8+F8 -> 0 | H8: =SUM(B8+C8+D8+G8) -> 251080.67
A9: A/R | B9: 0 | G9: =E9+F9 -> 0 | H9: =SUM(B9+C9+D9+G9) -> 0
A10: Due from Other Funds | B10: 69 | E10: -69.22 | G10: =E10+F10 -> -69.22 | H10: =SUM(B10+C10+D10+G10) -> -0.22
A11: Due from Other Governments | G11: =E11+F11 -> 0 | H11: =SUM(B11+C11+D11+G11) -> 0
A12: Prepaids | G12: =E12+F12 -> 0 | H12: =SUM(B12+C12+D12+G12) -> 0
A13: Lease Receivable/Other | C13: =415000-415000 -> 0 | G13: =E13+F13 -> 0 | H13: =SUM(B13+C13+D13+G13) -> 0
A14: Total Assets | B14: =SUM(B8:B13) -> -29444.86 | C14: =SUM(C8:C13) -> 280594.53 | D14: =SUM(D8:D13) -> 0 | E14: =SUM(E8:E13) -> -69.22 | F14: =SUM(F8:F13) -> 0 | G14: =E14+F14 -> -69.22 | H14: =SUM(B14+C14+D14+G14) -> 251080.45
A16: Liabilities
A17: A/P | G17: =E17+F17 -> 0 | H17: =SUM(B17+C17+D17+G17) -> 0
A18: Accrued Payroll | G18: =E18+F18 -> 0 | H18: =SUM(B18+C18+D18+G18) -> 0
A19: Due to Other Governments | C19: =415000-415000 -> 0 | G19: =E19+F19 -> 0 | H19: =SUM(B19+C19+D19+G19) -> 0
A20: Deferred Revenue | G20: =E20+F20 -> 0 | H20: =SUM(B20+C20+D20+G20) -> 0
A21: Total Liabilities | B21: =SUM(B17:B20) -> 0 | C21: =SUM(C17:C20) -> 0 | D21: =SUM(D17:D20) -> 0 | E21: =SUM(E17:E20) -> 0 | F21: =SUM(F17:F20) -> 0 | G21: =E21+F21 -> 0 | H21: =SUM(B21+C21+D21+G21) -> 0
A23: Deferred Inflows of Resources:
A24: Unavailable revenue - taxes/fees | G24: =E24+F24 -> 0 | H24: =SUM(B24+C24+D24+G24) -> 0
A25: Unavailable revenue - lease | G25: =E25+F25 -> 0 | H25: =SUM(B25+C25+D25+G25) -> 0
A26: Total Deferred Inflows | B26: =SUM(B24:B25) -> 0 | C26: =SUM(C24:C25) -> 0 | D26: =SUM(D24:D25) -> 0 | E26: =SUM(E24:E25) -> 0 | F26: =SUM(F24:F25) -> 0 | G26: =E26+F26 -> 0 | H26: =SUM(B26+C26+D26+G26) -> 0
A28: Fund Balance
A29: Reserved: Program | G29: =E29+F29 -> 0 | H29: =SUM(B29+C29+D29+G29) -> 0
A30: Reserved: Prepaids | G30: =E30+F30 -> 0 | H30: =SUM(B30+C30+D30+G30) -> 0
A31: Unreserved | B31: =21878.14-1839-49553+69 -> -29444.86 | C31: 280594.53 | E31: -69.22 | G31: =E31+F31 -> -69.22 | H31: =SUM(B31+C31+D31+G31) -> 251080.45
A32: Total Fund Balance | B32: =SUM(B29:B31) -> -29444.86 | C32: =SUM(C29:C31) -> 280594.53 | D32: =SUM(D29:D31) -> 0 | E32: =SUM(E29:E31) -> -69.22 | F32: =SUM(F29:F31) -> 0 | G32: =E32+F32 -> -69.22 | H32: =SUM(B32+C32+D32+G32) -> 251080.45
A34: Total Liabilities & Fund Balance | B34: =B21+B26+B32 -> -29444.86 | C34: =C21+C26+C32 -> 280594.53 | D34: =D21+D26+D32 -> 0 | E34: =E21+E26+E32 -> -69.22 | F34: =F21+F26+F32 -> 0 | G34: =G21+G26+G32 -> -69.22 | H34: =H21+H26+H32 -> 251080.45
B35: =IF(B14=B34,"YES","NO") -> YES | C35: =IF(C14=C34,"YES","NO") -> YES | D35: =IF(D14=D34,"YES","NO") -> YES | E35: =IF(E14=E34,"YES","NO") -> YES | F35: =IF(F14=F34,"YES","NO") -> YES | G35: =IF(G14=G34,"YES","NO") -> YES | H35: =IF(H14=H34,"YES","NO") -> YES
A36: Revenue
A37: Intergovermental | G37: =E37+F37 -> 0 | H37: =SUM(B37:F37) -> 0
A38: Charges for Services | G38: =E38+F38 -> 0 | H38: =SUM(B38:F38) -> 0
A39: Lease Revenue | G39: =E39+F39 -> 0 | H39: =SUM(B39:F39) -> 0
A40: Interest | C40: 615.05 | E40: 16.78 | G40: =E40+F40 -> 16.78 | H40: =SUM(B40:F40) -> 631.83
A41: Lease Revenue | G41: =E41+F41 -> 0 | H41: =SUM(B41:F41) -> 0
A42: Other | B42: =59992-59992 -> 0 | G42: =E42+F42 -> 0 | H42: =SUM(B42:F42) -> 0
A43: Total Revenues | B43: =SUM(B37:B42) -> 0 | C43: =SUM(C37:C42) -> 615.05 | D43: =SUM(D37:D42) -> 0 | E43: =SUM(E37:E42) -> 16.78 | F43: =SUM(F37:F42) -> 0 | G43: =SUM(G37:G42) -> 16.78 | H43: =SUM(B43:F43) -> 631.83
A45: Expenditures
A46: General gvt - administration | B46: 9100 | G46: =E46+F46 -> 0 | H46: =SUM(B46:F46) -> 9100
A47: General gvt - judicial | G47: =E47+F47 -> 0 | H47: =SUM(B47:F47) -> 0
A48: Public safety | G48: =E48+F48 -> 0 | H48: =SUM(B48:F48) -> 0
A49: Public works and enterprises | G49: =E49+F49 -> 0 | H49: =SUM(B49:F49) -> 0
A50: Human services | G50: =E50+F50 -> 0 | H50: =SUM(B50:F50) -> 0
A51: Conservation and Development | G51: =E51+F51 -> 0 | H51: =SUM(B51:F51) -> 0
A52: Culture & Recreation | G52: =E52+F52 -> 0 | H52: =SUM(B52:F52) -> 0
A53: Capital Projects | B53: =1839-1839+59992+49553-49553-59992 -> 0 | G53: =E53+F53 -> 0 | H53: =SUM(B53:F53) -> 0
A54: Debt Service | B54: =59992-9100 -> 50892 | C54: 717200 | E54: 15300 | G54: =E54+F54 -> 15300 | H54: =SUM(B54:F54) -> 783392
A55: Total Expenditures | B55: =SUM(B46:B54) -> 59992 | C55: =SUM(C46:C54) -> 717200 | D55: =SUM(D46:D54) -> 0 | E55: =SUM(E46:E54) -> 15300 | F55: =SUM(F46:F54) -> 0 | G55: =E55+F55 -> 15300 | H55: =SUM(B55:F55) -> 792492
A57: Excess (Deficiency) | B57: =B43-B55 -> -59992 | C57: =C43-C55 -> -716584.95 | D57: =D43-D55 -> 0 | E57: =E43-E55 -> -15283.22 | F57: =F43-F55 -> 0 | G57: =E57+F57 -> -15283.22 | H57: =SUM(B57:F57) -> -791860.17
A59: Sale of Fixed Assets | G59: =E59+F59 -> 0 | H59: =SUM(B59:F59) -> 0
A60: Proceeds from capital leases | B60: 59992 | G60: =E60+F60 -> 0 | H60: =SUM(B60:F60) -> 59992
A61: Premium on refunding bonds | G61: =E61+F61 -> 0 | H61: =SUM(B61:F61) -> 0
A62: Payment to refunded bond escrow | G62: =E62+F62 -> 0 | H62: =SUM(B62:F62) -> 0
A63: Transfers In | B63: 58349.8 | C63: 699150 | E63: 64757.58 | G63: =E63+F63 -> 64757.58 | H63: =SUM(B63:F63) -> 822257.38
A64: Transfers Out | B64: =1839+49553 -> 51392 | E64: 58349.8 | G64: =E64+F64 -> 58349.8 | H64: =SUM(B64:F64) -> 109741.8
A65: Total Other | B65: =B59+B60+B61+B62+B63-B64 -> 66949.8 | C65: =C59+C60+C61+C62+C63-C64 -> 699150 | D65: =D59+D60+D61+D62+D63-D64 -> 0 | E65: =E59+E60+E61+E62+E63-E64 -> 6407.78 | F65: =F59+F60+F61+F62+F63-F64 -> 0 | G65: =E65+F65 -> 6407.78 | H65: =H59+H60+H61+H62+H63-H64 -> 772507.58
A67: Net Change in Fund Balance | B67: =B57+B65 -> 6957.8 | C67: =C57+C65 -> -17434.95 | D67: =D57+D65 -> 0 | E67: =E57+E65 -> -8875.44 | F67: =F57+F65 -> 0 | G67: =G57+G65 -> -8875.44 | H67: =SUM(B67:F67) -> -19352.59
A68: Fund Balance - Beginning | B68: =B69-B67 -> -36402.66 | C68: =C69-C67 -> 298029.48 | D68: =D69-D67 -> 0 | E68: =E69-E67 -> 8806.22 | F68: =F69-F67 -> 0 | G68: =G69-G67 -> 8806.22 | H68: =SUM(B68:F68) -> 270433.04
A69: Fund Balance - End of Year | B69: =B32 -> -29444.86 | C69: =C32 -> 280594.53 | D69: =D32 -> 0 | E69: =E32 -> -69.22 | F69: =F32 -> 0 | G69: =G32 -> -69.22 | H69: =SUM(B69:F69) -> 251080.45

Sheet Human Services
A1: Human Services Funds
A2: Combining Balance sheet and Statement of Revenue & Expenses
A3: 43435 | G3: Developmental | H3: Developmental
G4: Services | H4: Services
B5: AAA Funds | C5: RSVP Funds | D5: CYS Funds | E5: Substance Abuse Funds | F5: Mental Health Funds | G5: Mental Retardation Funds | H5: Human Services 1150 | I5: Eliminations | J5: Total Human Services
A7: Assets
A8: Cash & cash equivalents | B8: ='AAA Funds'!F8 -> 589362.86 | C8: ='RSVP Funds'!F8 -> 18934.33 | D8: ='CYS Funds'!R8 -> -2962769.1 | E8: ='Substance Abuse'!I8 -> 346249.52 | F8: ='Mental Health Funds'!K8 -> -275376.54 | G8: ='Mental Retardation Funds'!N8 -> 1452244.6 | H8: ='Human Services 1150'!D8 -> -6321.03 | J8: =SUM(B8:I8) -> -837675.43
A9: Advances Receivable | B9: ='AAA Funds'!F9 -> 0 | C9: ='RSVP Funds'!F9 -> 0 | D9: ='CYS Funds'!R9 -> 0 | E9: ='Substance Abuse'!I9 -> 0 | F9: ='Mental Health Funds'!K9 -> 0 | G9: ='Mental Retardation Funds'!N9 -> 0 | H9: ='Human Services 1150'!D9 -> 0 | J9: =SUM(B9:I9) -> 0
A10: A/R | B10: ='AAA Funds'!F10 -> 677.01 | C10: ='RSVP Funds'!F10 -> 0 | D10: ='CYS Funds'!R10 -> 302779.06 | E10: ='Substance Abuse'!I10 -> 68538.17 | F10: ='Mental Health Funds'!K10 -> 34411.02 | G10: ='Mental Retardation Funds'!N10 -> 0 | H10: ='Human Services 1150'!D10 -> 9561 | J10: =SUM(B10:I10) -> 415966.26
A11: Due from Other Funds | B11: ='AAA Funds'!F11 -> 17402.95 | C11: ='RSVP Funds'!F11 -> 0 | D11: ='CYS Funds'!R11 -> 27840.1 | E11: ='Substance Abuse'!I11 -> 8399.57 | F11: ='Mental Health Funds'!K11 -> 14487.33 | G11: ='Mental Retardation Funds'!N11 -> 15770.57 | H11: ='Human Services 1150'!D11 -> 0 | J11: =SUM(B11:I11) -> 83900.52
A12: Due from Other Governments | B12: ='AAA Funds'!F12 -> 104070.25 | C12: ='RSVP Funds'!F12 -> 0 | D12: ='CYS Funds'!R12 -> 3653428.5 | E12: ='Substance Abuse'!I12 -> 3651.29 | F12: ='Mental Health Funds'!K12 -> 437365.41 | G12: ='Mental Retardation Funds'!N12 -> 26009 | H12: ='Human Services 1150'!D12 -> 0 | J12: =SUM(B12:I12) -> 4224524.5
A13: Prepaids | B13: ='AAA Funds'!F13 -> 0 | C13: ='RSVP Funds'!F13 -> 0 | D13: ='CYS Funds'!R13 -> 0 | E13: ='Substance Abuse'!I13 -> 0 | F13: ='Mental Health Funds'!K13 -> 0 | G13: ='Mental Retardation Funds'!N13 -> 0 | H13: ='Human Services 1150'!D13 -> 0 | J13: =SUM(B13:I13) -> 0
A14: Total Assets | B14: ='AAA Funds'!F14 -> 711513.07 | C14: ='RSVP Funds'!F14 -> 18934.33 | D14: ='CYS Funds'!R14 -> 1021278.5 | E14: ='Substance Abuse'!I14 -> 426838.55 | F14: ='Mental Health Funds'!K14 -> 210887.22 | G14: ='Mental Retardation Funds'!N14 -> 1494024.1 | H14: ='Human Services 1150'!D14 -> 3239.97 | J14: =SUM(B14:I14) -> 3886715.8
A16: Liabilities
A17: A/P | B17: ='AAA Funds'!F17 -> 83929.59 | C17: ='RSVP Funds'!F17 -> 0 | D17: ='CYS Funds'!R17 -> 696764.37 | E17: ='Substance Abuse'!I17 -> 42438.81 | F17: ='Mental Health Funds'!K17 -> 124754.75 | G17: ='Mental Retardation Funds'!N17 -> 56756.9 | H17: ='Human Services 1150'!D17 -> 274.43 | J17: =SUM(B17:I17) -> 1004918.9
A18: Accrued Payroll | B18: ='AAA Funds'!F18 -> 59027.16 | C18: ='RSVP Funds'!F18 -> 0 | D18: ='CYS Funds'!R18 -> 127943.49 | E18: ='Substance Abuse'!I18 -> 23395.23 | F18: ='Mental Health Funds'!K18 -> 46070.65 | G18: ='Mental Retardation Funds'!N18 -> 28014.86 | H18: ='Human Services 1150'!D18 -> 2965.22 | J18: =SUM(B18:I18) -> 287416.61
A19: Due to Other Funds | B19: ='AAA Funds'!F19 -> 0 | C19: ='RSVP Funds'!F19 -> 0 | D19: ='CYS Funds'!R19 -> 160355 | E19: ='Substance Abuse'!I19 -> 0 | F19: ='Mental Health Funds'!K19 -> 0 | G19: ='Mental Retardation Funds'!N19 -> 0 | H19: ='Human Services 1150'!D19 -> 0 | J19: =SUM(B19:I19) -> 160355
A20: Due to Other Governments | B20: ='AAA Funds'!F20 -> 0 | C20: ='RSVP Funds'!F20 -> 0 | D20: ='CYS Funds'!R20 -> 0 | E20: ='Substance Abuse'!I20 -> 0 | F20: ='Mental Health Funds'!K20 -> 0 | G20: ='Mental Retardation Funds'!N20 -> 0 | H20: ='Human Services 1150'!D20 -> 0 | J20: =SUM(B20:I20) -> 0
A21: Deferred Revenue | B21: ='AAA Funds'!F21 -> 568557.03 | C21: ='RSVP Funds'!F21 -> 327.41 | D21: ='CYS Funds'!R21 -> 0 | E21: ='Substance Abuse'!I21 -> 65436.53 | F21: ='Mental Health Funds'!K21 -> 40059.75 | G21: ='Mental Retardation Funds'!N21 -> 1409250.9 | H21: ='Human Services 1150'!D21 -> 0 | J21: =SUM(B21:I21) -> 2083631.6
A22: Total Liabilities | B22: ='AAA Funds'!F22 -> 711513.78 | C22: ='RSVP Funds'!F22 -> 327.41 | D22: ='CYS Funds'!R22 -> 985062.86 | E22: ='Substance Abuse'!I22 -> 131270.57 | F22: ='Mental Health Funds'!K22 -> 210885.15 | G22: ='Mental Retardation Funds'!N22 -> 1494022.7 | H22: ='Human Services 1150'!D22 -> 3239.65 | I22: =SUM(I17:I21) -> 0 | J22: =SUM(B22:I22) -> 3536322.1
A24: Fund Balance
A25: Reserved: Program | B25: ='AAA Funds'!F25 -> 0 | C25: ='RSVP Funds'!F25 -> 18606.92 | D25: ='CYS Funds'!R25 -> 36215.68 | E25: ='Substance Abuse'!I25 -> 0 | F25: ='Mental Health Funds'!K25 -> 0 | G25: ='Mental Retardation Funds'!N25 -> 0 | H25: ='Human Services 1150'!D25 -> 0 | J25: =SUM(B25:I25) -> 54822.6
A26: Reserved: Prepaids | B26: ='AAA Funds'!F26 -> 0 | C26: ='RSVP Funds'!F26 -> 0 | D26: ='CYS Funds'!R26 -> 0 | E26: ='Substance Abuse'!I26 -> 0 | F26: ='Mental Health Funds'!K26 -> 0 | G26: ='Mental Retardation Funds'!N26 -> 0 | H26: ='Human Services 1150'!D26 -> 0 | J26: =SUM(B26:I26) -> 0
A27: Unreserved | B27: ='AAA Funds'!F27 -> -0.71 | C27: ='RSVP Funds'!F27 -> 0 | D27: ='CYS Funds'!R27 -> 0 | E27: ='Substance Abuse'!I27 -> 295567.98 | F27: ='Mental Health Funds'!K27 -> 2.07 | G27: ='Mental Retardation Funds'!N27 -> 1.46 | H27: ='Human Services 1150'!D27 -> 0.32 | J27: =SUM(B27:I27) -> 295571.12
A28: Total Fund Balance | B28: ='AAA Funds'!F28 -> -0.71 | C28: ='RSVP Funds'!F28 -> 18606.92 | D28: ='CYS Funds'!R28 -> 36215.68 | E28: ='Substance Abuse'!I28 -> 295567.98 | F28: ='Mental Health Funds'!K28 -> 2.07 | G28: ='Mental Retardation Funds'!N28 -> 1.46 | H28: =SUM(H25:H27) -> 0.32 | I28: =SUM(I25:I27) -> 0 | J28: =SUM(B28:I28) -> 350393.72
A30: Total Liabilities & Fund Balance | B30: ='AAA Funds'!F30 -> 711513.07 | C30: ='RSVP Funds'!F30 -> 18934.33 | D30: ='CYS Funds'!R30 -> 1021278.5 | E30: ='Substance Abuse'!I30 -> 426838.55 | F30: ='Mental Health Funds'!K30 -> 210887.22 | G30: ='Mental Retardation Funds'!N30 -> 1494024.1 | H30: =H22+H28 -> 3239.97 | I30: ='Human Services 1150'!E30 -> 0 | J30: =SUM(B30:I30) -> 3886715.8
B31: =IF(B14=B30,"YES","NO") -> YES | C31: =IF(C14=C30,"YES","NO") -> YES | D31: =IF(D14=D30,"YES","NO") -> YES | E31: =IF(E14=E30,"YES","NO") -> YES | F31: =IF(F14=F30,"YES","NO") -> YES | G31: =IF(G14=G30,"YES","NO") -> YES | H31: =IF(H14=H30,"YES","NO") -> YES | I31: =IF(I14=I30,"YES","NO") -> YES | J31: =IF(J14=J30,"YES","NO") -> YES
A32: Revenue
A33: Intergovermental | B33: ='AAA Funds'!F33 -> 2019293.6 | C33: ='RSVP Funds'!F33 -> 0 | D33: ='CYS Funds'!R33 -> 8500582.4 | E33: ='Substance Abuse'!I33 -> 969014.04 | F33: ='Mental Health Funds'!K33 -> 3197413.1 | G33: ='Mental Retardation Funds'!N33 -> 1928479.4 | H33: ='Human Services 1150'!D33 -> 75513.52 | J33: =SUM(B33:I33) -> 16690296
A34: Charges for Services | B34: ='AAA Funds'!F34 -> 120 | C34: ='RSVP Funds'!F34 -> 0 | D34: ='CYS Funds'!R34 -> 115063.74 | E34: ='Substance Abuse'!I34 -> 0 | F34: ='Mental Health Funds'!K34 -> 0 | G34: ='Mental Retardation Funds'!N34 -> 5054.15 | H34: ='Human Services 1150'!D34 -> 0 | J34: =SUM(B34:I34) -> 120237.89
A35: Fines and Forfeits | B35: ='AAA Funds'!F35 -> 0 | C35: ='RSVP Funds'!F35 -> 0 | D35: ='CYS Funds'!R35 -> 0 | E35: ='Substance Abuse'!I35 -> 215287.8 | F35: ='Mental Health Funds'!K35 -> 6.9121597e-11 | G35: ='Mental Retardation Funds'!N35 -> 0 | H35: ='Human Services 1150'!D35 -> 0 | J35: =SUM(B35:I35) -> 215287.8
A36: Interest | B36: ='AAA Funds'!F36 -> 1347.04 | C36: ='RSVP Funds'!F36 -> 19.55 | D36: ='CYS Funds'!R36 -> 111.53 | E36: ='Substance Abuse'!I36 -> 814.06 | F36: ='Mental Health Funds'!K36 -> 63.75 | G36: ='Mental Retardation Funds'!N36 -> 3153.33 | H36: ='Human Services 1150'!D36 -> 0 | J36: =SUM(B36:I36) -> 5509.26
A37: Other | B37: ='AAA Funds'!F37 -> 1285 | C37: ='RSVP Funds'!F37 -> 0 | D37: ='CYS Funds'!R37 -> 177060.5 | E37: ='Substance Abuse'!I37 -> 2500 | F37: ='Mental Health Funds'!K37 -> 27103.58 | G37: ='Mental Retardation Funds'!N37 -> 6570.67 | H37: ='Human Services 1150'!D37 -> 0 | J37: =SUM(B37:I37) -> 214519.75
A38: Total Revenues | B38: ='AAA Funds'!F38 -> 2022045.7 | C38: ='RSVP Funds'!F38 -> 19.55 | D38: ='CYS Funds'!R38 -> 8792818.1 | E38: ='Substance Abuse'!I38 -> 1187615.9 | F38: ='Mental Health Funds'!K38 -> 3224580.4 | G38: ='Mental Retardation Funds'!N38 -> 1943257.6 | H38: ='Human Services 1150'!D38 -> 75513.52 | J38: =SUM(B38:I38) -> 17245851
A40: Expenditures
A41: General gvt - administration | B41: ='AAA Funds'!F41 -> 0 | C41: ='RSVP Funds'!F41 -> 0 | D41: ='CYS Funds'!R41 -> 0 | E41: ='Substance Abuse'!I41 -> 0 | F41: ='Mental Health Funds'!K41 -> 0 | G41: ='Mental Retardation Funds'!N41 -> 0 | H41: ='Human Services 1150'!D41 -> 0 | J41: =SUM(B41:I41) -> 0
A42: General gvt - judicial | B42: ='AAA Funds'!F42 -> 0 | C42: ='RSVP Funds'!F42 -> 0 | D42: ='CYS Funds'!R42 -> 0 | E42: ='Substance Abuse'!I42 -> 0 | F42: ='Mental Health Funds'!K42 -> 0 | G42: ='Mental Retardation Funds'!N42 -> 0 | H42: ='Human Services 1150'!D42 -> 0 | J42: =SUM(B42:I42) -> 0
A43: Public safety | B43: ='AAA Funds'!F43 -> 0 | C43: ='RSVP Funds'!F43 -> 0 | D43: ='CYS Funds'!R43 -> 0 | E43: ='Substance Abuse'!I43 -> 0 | F43: ='Mental Health Funds'!K43 -> 0 | G43: ='Mental Retardation Funds'!N43 -> 0 | H43: ='Human Services 1150'!D43 -> 0 | J43: =SUM(B43:I43) -> 0
A44: Public works and enterprises | B44: ='AAA Funds'!F44 -> 0 | C44: ='RSVP Funds'!F44 -> 0 | D44: ='CYS Funds'!R44 -> 0 | E44: ='Substance Abuse'!I44 -> 0 | F44: ='Mental Health Funds'!K44 -> 0 | G44: ='Mental Retardation Funds'!N44 -> 0 | H44: ='Human Services 1150'!D44 -> 0 | J44: =SUM(B44:I44) -> 0
A45: Human services | B45: ='AAA Funds'!F45 -> 1955878.3 | C45: ='RSVP Funds'!F45 -> 10710.13 | D45: ='CYS Funds'!R45 -> 9528834.1 | E45: ='Substance Abuse'!I45 -> 1162634.8 | F45: ='Mental Health Funds'!K45 -> 3043310.4 | G45: ='Mental Retardation Funds'!N45 -> 1826611.1 | H45: ='Human Services 1150'!D45 -> 75513.53 | J45: =SUM(B45:I45) -> 17603493
A46: Conservation and Development | B46: ='AAA Funds'!F46 -> 0 | C46: ='RSVP Funds'!F46 -> 0 | D46: ='CYS Funds'!R46 -> 0 | E46: ='Substance Abuse'!I46 -> 0 | F46: ='Mental Health Funds'!K46 -> 0 | G46: ='Mental Retardation Funds'!N46 -> 0 | H46: ='Human Services 1150'!D46 -> 0 | J46: =SUM(B46:I46) -> 0
A47: Total Expenditures | B47: ='AAA Funds'!F47 -> 1955878.3 | C47: ='RSVP Funds'!F47 -> 10710.13 | D47: ='CYS Funds'!R47 -> 9528834.1 | E47: ='Substance Abuse'!I47 -> 1162634.8 | F47: ='Mental Health Funds'!K47 -> 3043310.4 | G47: ='Mental Retardation Funds'!N47 -> 1826611.1 | H47: ='Human Services 1150'!D47 -> 75513.53 | J47: =SUM(B47:I47) -> 17603493
A49: Excess (Deficiency) | B49: ='AAA Funds'!F49 -> 66167.32 | C49: ='RSVP Funds'!F49 -> -10690.58 | D49: ='CYS Funds'!R49 -> -736016.01 | E49: ='Substance Abuse'!I49 -> 24981.07 | F49: ='Mental Health Funds'!K49 -> 181269.96 | G49: ='Mental Retardation Funds'!N49 -> 116646.42 | H49: ='Human Services 1150'!D49 -> -0.01 | J49: =SUM(B49:I49) -> -357641.83
A51: Sale of Fixed Assets | B51: ='AAA Funds'!F51 -> 1407 | C51: ='RSVP Funds'!F51 -> 0 | D51: ='CYS Funds'!R51 -> 5043 | E51: ='Substance Abuse'!I51 -> 0 | F51: ='Mental Health Funds'!K51 -> 0 | G51: ='Mental Retardation Funds'!N51 -> 3420 | H51: ='Human Services 1150'!D51 -> 0 | J51: =SUM(B51:I51) -> 9870
A52: Transfers In | B52: ='AAA Funds'!F52 -> 58825.73 | C52: ='RSVP Funds'!F52 -> 0 | D52: ='CYS Funds'!R52 -> 1149996 | E52: ='Substance Abuse'!I52 -> 53175.1 | F52: ='Mental Health Funds'!K52 -> 9525.85 | G52: ='Mental Retardation Funds'!N52 -> 49200.32 | H52: ='Human Services 1150'!D52 -> 0 | J52: =SUM(B52:I52) -> 1320723
A53: Transfers Out | B53: ='AAA Funds'!F53 -> 126400.74 | C53: ='RSVP Funds'!F53 -> -10710.27 | D53: ='CYS Funds'!R53 -> 419529.28 | E53: ='Substance Abuse'!I53 -> 101071.22 | F53: ='Mental Health Funds'!K53 -> 190794.81 | G53: ='Mental Retardation Funds'!N53 -> 169267.1 | H53: ='Human Services 1150'!D53 -> 0 | J53: =SUM(B53:I53) -> 996352.88
A54: Total Other | B54: ='AAA Funds'!F54 -> -66168.01 | C54: ='RSVP Funds'!F54 -> 10710.27 | D54: ='CYS Funds'!R54 -> 735509.72 | E54: ='Substance Abuse'!I54 -> -47896.12 | F54: ='Mental Health Funds'!K54 -> -181268.96 | G54: ='Mental Retardation Funds'!N54 -> -116646.78 | H54: ='Human Services 1150'!D54 -> 0 | J54: =SUM(B54:I54) -> 334240.12
A56: Net Change in Fund Balance | B56: ='AAA Funds'!F56 -> -0.69 | C56: ='RSVP Funds'!F56 -> 19.69 | D56: ='CYS Funds'!R56 -> -506.29 | E56: ='Substance Abuse'!I56 -> -22915.05 | F56: ='Mental Health Funds'!K56 -> 1 | G56: ='Mental Retardation Funds'!N56 -> -0.36 | H56: ='Human Services 1150'!D56 -> -0.01 | J56: =J49+J54 -> -23401.71
A57: Fund Balance - Beginning | B57: ='AAA Funds'!F57 -> -0.02 | C57: ='RSVP Funds'!F57 -> 18587.23 | D57: ='CYS Funds'!R57 -> 36721.97 | E57: ='Substance Abuse'!I57 -> 318483.03 | F57: ='Mental Health Funds'!K57 -> 1.07 | G57: ='Mental Retardation Funds'!N57 -> 1.82 | H57: ='Human Services 1150'!D57 -> 0.33 | J57: =J58-J56 -> 373795.43
A58: Fund Balance - End of Year | B58: ='AAA Funds'!F58 -> -0.71 | C58: ='RSVP Funds'!F58 -> 18606.92 | D58: ='CYS Funds'!R58 -> 36215.68 | E58: ='Substance Abuse'!I58 -> 295567.98 | F58: ='Mental Health Funds'!K58 -> 2.07 | G58: ='Mental Retardation Funds'!N58 -> 1.46 | H58: ='Human Services 1150'!D58 -> 0.32 | J58: =J28 -> 350393.72

Sheet AAA Funds
A1: AAA Funds
A2: Combining Balance sheet and Statement of Revenue & Expenses
A3: 43435
B5: AAA 1160 | C5: ADJ | D5: Adjusted AAA | E5: AAA 7510 | F5: TOTAL AAA
A7: Assets
A8: Cash & cash equivalents | B8: 600073.13 | C8: =-21420.54+10710.27 -> -10710.27 | D8: =B8+C8 -> 589362.86 | F8: =D8+E8 -> 589362.86
A9: Advances Receivable | D9: =B9+C9 -> 0 | F9: =D9+E9 -> 0
A10: A/R | B10: =104747.26-104070.25 -> 677.01 | D10: =B10+C10 -> 677.01 | F10: =D10+E10 -> 677.01
A11: Due from Other Funds | B11: 17402.95 | D11: =B11+C11 -> 17402.95 | F11: =D11+E11 -> 17402.95
A12: Due from Other Governments | B12: 104070.25 | D12: =B12+C12 -> 104070.25 | F12: =D12+E12 -> 104070.25
A13: Prepaids | B13: =17402.95-17402.95 -> 0 | D13: =B13+C13 -> 0 | F13: =D13+E13 -> 0
A14: Total Assets | B14: =SUM(B8:B13) -> 722223.34 | C14: =SUM(C8:C13) -> -10710.27 | D14: =SUM(D8:D13) -> 711513.07 | E14: =SUM(E8:E13) -> 0 | F14: =D14+E14 -> 711513.07
A16: Liabilities
A17: A/P | B17: 83929.59 | D17: =B17+C17 -> 83929.59 | F17: =D17+E17 -> 83929.59
A18: Accrued Payroll | B18: 59027.16 | D18: =B18+C18 -> 59027.16 | F18: =D18+E18 -> 59027.16
A19: Due to Other Funds | D19: =B19+C19 -> 0 | F19: =D19+E19 -> 0
A20: Due to Other Governments | D20: =B20+C20 -> 0 | F20: =D20+E20 -> 0
A21: Deferred Revenue | B21: 388215.03 | C21: =191052-10710 -> 180342 | D21: =B21+C21 -> 568557.03 | F21: =D21+E21 -> 568557.03
A22: Total Liabilities | B22: =SUM(B17:B21) -> 531171.78 | C22: =SUM(C17:C21) -> 180342 | D22: =SUM(D17:D21) -> 711513.78 | E22: =SUM(E17:E21) -> 0 | F22: =D22+E22 -> 711513.78
A24: Fund Balance
A25: Reserved: Program | D25: =B25+C25 -> 0 | F25: =D25+E25 -> 0
A26: Reserved: Prepaids | D26: =B26+C26 -> 0 | F26: =D26+E26 -> 0
A27: Unreserved | B27: =191014.4+37.16 -> 191051.56 | C27: =-191052-21420.54+10710.27+10710 -> -191052.27 | D27: =B27+C27 -> -0.71 | F27: =D27+E27 -> -0.71
A28: Total Fund Balance | B28: =SUM(B25:B27) -> 191051.56 | C28: =SUM(C25:C27) -> -191052.27 | D28: =SUM(D25:D27) -> -0.71 | E28: =SUM(E25:E27) -> 0 | F28: =D28+E28 -> -0.71
A30: Total Liabilities & Fund Balance | B30: =B22+B28 -> 722223.34 | C30: =C22+C28 -> -10710.27 | D30: =D22+D28 -> 711513.07 | E30: =E22+E28 -> 0 | F30: =D30+E30 -> 711513.07
B31: =IF(B14=B30,"YES","NO") -> YES | C31: =IF(C14=C30,"YES","NO") -> YES | D31: =IF(D14=D30,"YES","NO") -> YES | E31: =IF(E14=E30,"YES","NO") -> YES | F31: =IF(F14=F30,"YES","NO") -> YES
A32: Revenue
A33: Intergovermental | B33: =2182457.23+17178.39 -> 2199635.6 | C33: =-191052+10710 -> -180342 | D33: =B33+C33 -> 2019293.6 | F33: =D33+E33 -> 2019293.6
A34: Charges for Services | B34: =17298.39-17178.39 -> 120 | D34: =B34+C34 -> 120 | F34: =D34+E34 -> 120
A35: Fines and Forfeits | D35: =B35+C35 -> 0 | F35: =D35+E35 -> 0
A36: Interest | B36: 1347.04 | D36: =B36+C36 -> 1347.04 | F36: =D36+E36 -> 1347.04
A37: Other | B37: =1285+1407-1407 -> 1285 | D37: =B37+C37 -> 1285 | F37: =D37+E37 -> 1285
A38: Total Revenues | B38: =SUM(B33:B37) -> 2202387.7 | C38: =SUM(C33:C37) -> -180342 | D38: =SUM(D33:D37) -> 2022045.7 | E38: =SUM(E33:E37) -> 0 | F38: =D38+E38 -> 2022045.7
A40: Expenditures
A41: General gvt - administration | D41: =B41+C41 -> 0 | F41: =D41+E41 -> 0
A42: General gvt - judicial | D42: =B42+C42 -> 0 | F42: =D42+E42 -> 0
A43: Public safety | D43: =B43+C43 -> 0 | F43: =D43+E43 -> 0
A44: Public works and enterprises | D44: =B44+C44 -> 0 | F44: =D44+E44 -> 0
A45: Human services | B45: 1955915.3 | C45: -37 | D45: =B45+C45 -> 1955878.3 | F45: =D45+E45 -> 1955878.3
A46: Conservation and Development | D46: =B46+C46 -> 0 | F46: =D46+E46 -> 0
A47: Total Expenditures | B47: =SUM(B41:B46) -> 1955915.3 | C47: =SUM(C41:C46) -> -37 | D47: =SUM(D41:D46) -> 1955878.3 | E47: =SUM(E41:E46) -> 0 | F47: =D47+E47 -> 1955878.3
A49: Excess (Deficiency) | B49: =B38-B47 -> 246472.32 | C49: =C38-C47 -> -180305 | D49: =D38-D47 -> 66167.32 | E49: =E38-E47 -> 0 | F49: =D49+E49 -> 66167.32
A51: Proceeds from Sale of Fixed Assets | B51: 1407 | D51: =B51+C51 -> 1407 | F51: =D51+E51 -> 1407
A52: Transfers In | B52: 69536 | C52: =-21420.54+10710.27 -> -10710.27 | D52: =B52+C52 -> 58825.73 | F52: =D52+E52 -> 58825.73
A53: Transfers Out | B53: 126400.74 | D53: =B53+C53 -> 126400.74 | F53: =D53+E53 -> 126400.74
A54: Total Other | B54: =B51+B52-B53 -> -55457.74 | C54: =C51+C52-C53 -> -10710.27 | D54: =B54+C54 -> -66168.01 | E54: =E51+E52-E53 -> 0 | F54: =D54+E54 -> -66168.01
A56: Net Change in Fund Balance | B56: =B49+B54 -> 191014.58 | C56: =C49+C54 -> -191015.27 | D56: =D49+D54 -> -0.69 | E56: =E49+E54 -> 0 | F56: =D56+E56 -> -0.69
A57: Fund Balance - Beginning | B57: =B58-B56 -> 36.98 | C57: =C58-C56 -> -37 | D57: =D58-D56 -> -0.02 | E57: =E58-E56 -> 0 | F57: =D57+E57 -> -0.02
A58: Fund Balance - End of Year | B58: =B28 -> 191051.56 | C58: =C28 -> -191052.27 | D58: =D28 -> -0.71 | E58: =E28 -> 0 | F58: =D58+E58 -> -0.71

Sheet CYS Funds
A1: CYS Funds
A2: Combining Balance sheet and Statement of Revenue & Expenses
A3: 43435
B5: CYS 1200 | C5: ADJ | D5: Adjusted CYS | E5: Crisis 1230 | F5: ADJ | G5: Adjusted Crisis | H5: Regional Training 1240 | I5: ADJ | J5: Adjusted Regional Training | K5: CYS Restricted 7520 | L5: Family Services 7521 | M5: ADJ | N5: Adjusted Family Services | O5: Early Head Start 7522 | P5: ADJ | Q5: Adjusted Early Head Start | R5: TOTAL CYS
A7: Assets
A8: Cash & cash equivalents | B8: -2809195.2 | D8: =B8+C8 -> -2809195.2 | F8: 4578.66 | G8: =E8+F8 -> 4578.66 | J8: =H8+I8 -> 0 | K8: 36895.41 | N8: =L8+M8 -> 0 | O8: -190469.34 | Q8: =O8+P8 -> -190469.34 | R8: =D8+J8+K8+N8+Q8 -> -2962769.1
A9: Advances Receivable | D9: =B9+C9 -> 0 | G9: =E9+F9 -> 0 | J9: =H9+I9 -> 0 | N9: =L9+M9 -> 0 | Q9: =O9+P9 -> 0 | R9: =D9+J9+K9+N9+Q9 -> 0
A10: A/R | D10: =B10+C10 -> 0 | G10: =E10+F10 -> 0 | J10: =H10+I10 -> 0 | N10: =L10+M10 -> 0 | O10: 302779.06 | Q10: =O10+P10 -> 302779.06 | R10: =D10+J10+K10+N10+Q10 -> 302779.06
A11: Due from Other Funds | B11: 27840.1 | D11: =B11+C11 -> 27840.1 | G11: =E11+F11 -> 0 | J11: =H11+I11 -> 0 | N11: =L11+M11 -> 0 | Q11: =O11+P11 -> 0 | R11: =D11+J11+K11+N11+Q11 -> 27840.1
A12: Due from Other Governments | B12: 3627445.5 | C12: =15385+10598 -> 25983 | D12: =B12+C12 -> 3653428.5 | G12: =E12+F12 -> 0 | J12: =H12+I12 -> 0 | N12: =L12+M12 -> 0 | Q12: =O12+P12 -> 0 | R12: =D12+J12+K12+N12+Q12 -> 3653428.5
A13: Prepaids | B13: =27840.1-27840.1 -> 0 | D13: =B13+C13 -> 0 | F13: =-114.78-959.06-1995.97-1508.37-0.48 -> -4578.66 | G13: =E13+F13 -> -4578.66 | J13: =H13+I13 -> 0 | N13: =L13+M13 -> 0 | Q13: =O13+P13 -> 0 | R13: =D13+J13+K13+N13+Q13 -> 0
A14: Total Assets | B14: =SUM(B8:B13) -> 846090.41 | C14: =SUM(C8:C13) -> 25983 | D14: =SUM(D8:D13) -> 872073.41 | E14: =SUM(E8:E13) -> 0 | F14: =SUM(F8:F13) -> 0 | G14: =SUM(G8:G13) -> 0 | H14: =SUM(H8:H13) -> 0 | I14: =SUM(I8:I13) -> 0 | ... Q14: =SUM(Q8:Q13) -> 112309.72 | R14: =D14+J14+K14+N14+Q14 -> 1021278.5
A16: Liabilities
A17: A/P | B17: 583777.33 | D17: =B17+C17 -> 583777.33 | G17: =E17+F17 -> 0 | J17: =H17+I17 -> 0 | K17: 675.55 | N17: =L17+M17 -> 0 | O17: =112311.95-0.46 -> 112311.49 | Q17: =O17+P17 -> 112311.49 | R17: =D17+J17+K17+N17+Q17 -> 696764.37
A18: Accrued Payroll | B18: 127943.49 | D18: =B18+C18 -> 127943.49 | G18: =E18+F18 -> 0 | J18: =H18+I18 -> 0 | N18: =L18+M18 -> 0 | Q18: =O18+P18 -> 0 | R18: =D18+J18+K18+N18+Q18 -> 127943.49
A19: Due to Other Funds | B19: 160355 | D19: =B19+C19 -> 160355 | G19: =E19+F19 -> 0 | J19: =H19+I19 -> 0 | N19: =L19+M19 -> 0 | Q19: =O19+P19 -> 0 | R19: =D19+J19+K19+N19+Q19 -> 160355
A20: Due to Other Governments | D20: =B20+C20 -> 0 | G20: =E20+F20 -> 0 | J20: =H20+I20 -> 0 | N20: =L20+M20 -> 0 | Q20: =O20+P20 -> 0 | R20: =D20+J20+K20+N20+Q20 -> 0
A21: Deferred Revenue | D21: =B21+C21 -> 0 | G21: =E21+F21 -> 0 | J21: =H21+I21 -> 0 | N21: =L21+M21 -> 0 | O21: =-0.46+0.46 -> 0 | Q21: =O21+P21 -> 0 | R21: =D21+J21+K21+N21+Q21 -> 0
A22: Total Liabilities | B22: =SUM(B17:B21) -> 872075.82 | C22: =SUM(C17:C21) -> 0 | D22: =SUM(D17:D21) -> 872075.82 | E22: =SUM(E17:E21) -> 0 | F22: =SUM(F17:F21) -> 0 | G22: =SUM(G17:G21) -> 0 | H22: =SUM(H17:H21) -> 0 | I22: =SUM(I17:I21) -> 0 | ... Q22: =SUM(Q17:Q21) -> 112311.49 | R22: =D22+J22+K22+N22+Q22 -> 985062.86
A24: Fund Balance
A25: Reserved: Program | B25: =-26100.66+115.25 -> -25985.41 | C25: =15385+10598 -> 25983 | D25: =B25+C25 -> -2.41 | G25: =E25+F25 -> 0 | J25: =H25+I25 -> 0 | K25: 36219.86 | N25: =L25+M25 -> 0 | O25: -1.77 | P25: =-134340.5+134340.5 -> 0 | Q25: =O25+P25 -> -1.77 | R25: =D25+J25+K25+N25+Q25 -> 36215.68
A26: Reserved: Prepaids | D26: =B26+C26 -> 0 | G26: =E26+F26 -> 0 | J26: =H26+I26 -> 0 | N26: =L26+M26 -> 0 | Q26: =O26+P26 -> 0 | R26: =D26+J26+K26+N26+Q26 -> 0
A27: Unreserved | D27: =B27+C27 -> 0 | G27: =E27+F27 -> 0 | J27: =H27+I27 -> 0 | N27: =L27+M27 -> 0 | Q27: =O27+P27 -> 0 | R27: =D27+J27+K27+N27+Q27 -> 0
A28: Total Fund Balance | B28: =SUM(B25:B27) -> -25985.41 | C28: =SUM(C25:C27) -> 25983 | D28: =SUM(D25:D27) -> -2.41 | E28: =SUM(E25:E27) -> 0 | F28: =SUM(F25:F27) -> 0 | G28: =SUM(G25:G27) -> 0 | H28: =SUM(H25:H27) -> 0 | I28: =SUM(I25:I27) -> 0 | ... Q28: =SUM(Q25:Q27) -> -1.77 | R28: =D28+J28+K28+N28+Q28 -> 36215.68
A30: Total Liabilities & Fund Balance | B30: =B22+B28 -> 846090.41 | C30: =C22+C28 -> 25983 | D30: =D22+D28 -> 872073.41 | E30: =E22+E28 -> 0 | F30: =F22+F28 -> 0 | G30: =G22+G28 -> 0 | H30: =H22+H28 -> 0 | I30: =I22+I28 -> 0 | ... Q30: =Q22+Q28 -> 112309.72 | R30: =D30+J30+K30+N30+Q30 -> 1021278.5
B31: =IF(B14=B30,"YES","NO") -> YES | C31: =IF(C14=C30,"YES","NO") -> YES | D31: =IF(D14=D30,"YES","NO") -> YES | E31: =IF(E14=E30,"YES","NO") -> YES | F31: =IF(F14=F30,"YES","NO") -> YES | G31: =IF(G14=G30,"YES","NO") -> YES | H31: =IF(H14=H30,"YES","NO") -> YES | I31: =IF(I14=I30,"YES","NO") -> YES | ... R31: =IF(R14=R30,"YES","NO") -> YES
A32: Revenue | R32: =D32+J32+K32+N32+Q32 -> 0
A33: Intergovermental | B33: 7589297.1 | C33: =15385+10598 -> 25983 | D33: =B33+C33 -> 7615280.1 | G33: =E33+F33 -> 0 | J33: =H33+I33 -> 0 | N33: =L33+M33 -> 0 | O33: 885302.29 | Q33: =O33+P33 -> 885302.29 | R33: =D33+G33+J33+K33+N33+Q33 -> 8500582.4
A34: Charges for Services | B34: 115703.57 | D34: =B34+C34 -> 115703.57 | G34: =E34+F34 -> 0 | J34: =H34+I34 -> 0 | K34: -639.83 | N34: =L34+M34 -> 0 | Q34: =O34+P34 -> 0 | R34: =D34+G34+J34+K34+N34+Q34 -> 115063.74
A35: Fines and Forfeits | D35: =B35+C35 -> 0 | G35: =E35+F35 -> 0 | J35: =H35+I35 -> 0 | N35: =L35+M35 -> 0 | Q35: =O35+P35 -> 0 | R35: =D35+G35+J35+K35+N35+Q35 -> 0
A36: Interest | D36: =B36+C36 -> 0 | G36: =E36+F36 -> 0 | J36: =H36+I36 -> 0 | K36: =89.53+22 -> 111.53 | N36: =L36+M36 -> 0 | Q36: =O36+P36 -> 0 | R36: =D36+G36+J36+K36+N36+Q36 -> 111.53
A37: Other | B37: =5043-5043 -> 0 | D37: =B37+C37 -> 0 | G37: =E37+F37 -> 0 | J37: =H37+I37 -> 0 | N37: =L37+M37 -> 0 | O37: 42720 | P37: 134340.5 | Q37: =O37+P37 -> 177060.5 | R37: =D37+G37+J37+K37+N37+Q37 -> 177060.5
A38: Total Revenues | B38: =SUM(B33:B37) -> 7705000.7 | C38: =SUM(C33:C37) -> 25983 | D38: =SUM(D33:D37) -> 7730983.7 | E38: =SUM(E33:E37) -> 0 | F38: =SUM(F33:F37) -> 0 | G38: =SUM(G33:G37) -> 0 | H38: =SUM(H33:H37) -> 0 | I38: =SUM(I33:I37) -> 0 | ... Q38: =SUM(Q33:Q37) -> 1062362.8 | R38: =D38+G38+J38+K38+N38+Q38 -> 8792818.1
R39: =D39+J39+K39+N39+Q39 -> 0
A40: Expenditures | R40: =D40+J40+K40+N40+Q40 -> 0
A41: General gvt - administration | R41: =D41+J41+K41+N41+Q41 -> 0
A42: General gvt - judicial | D42: =B42+C42 -> 0 | G42: =E42+F42 -> 0 | J42: =H42+I42 -> 0 | N42: =L42+M42 -> 0 | Q42: =O42+P42 -> 0 | R42: =D42+J42+K42+N42+Q42 -> 0
A43: Public safety | D43: =B43+C43 -> 0 | G43: =E43+F43 -> 0 | J43: =H43+I43 -> 0 | N43: =L43+M43 -> 0 | Q43: =O43+P43 -> 0 | R43: =D43+J43+K43+N43+Q43 -> 0
A44: Public works and enterprises | D44: =B44+C44 -> 0 | G44: =E44+F44 -> 0 | J44: =H44+I44 -> 0 | N44: =L44+M44 -> 0 | Q44: =O44+P44 -> 0 | R44: =D44+J44+K44+N44+Q44 -> 0
A45: Human services | B45: 8466584.4 | C45: -115 | D45: =B45+C45 -> 8466469.4 | E45: 0 | F45: =4578.18+0.48 -> 4578.66 | G45: =E45+F45 -> 4578.66 | J45: =H45+I45 -> 0 | N45: =L45+M45 -> 0 | O45: =885304.29+42720 -> 928024.29 | P45: 134340.5 | Q45: =O45+P45 -> 1062364.8 | R45: =D45+J45+K45+N45+Q45 -> 9528834.1
A46: Conservation and Development | D46: =B46+C46 -> 0 | G46: =E46+F46 -> 0 | J46: =H46+I46 -> 0 | N46: =L46+M46 -> 0 | Q46: =O46+P46 -> 0 | R46: =D46+J46+K46+N46+Q46 -> 0
A47: Total Expenditures | B47: =SUM(B41:B46) -> 8466584.4 | C47: =SUM(C41:C46) -> -115 | D47: =SUM(D41:D46) -> 8466469.4 | E47: =SUM(E41:E46) -> 0 | F47: =SUM(F41:F46) -> 4578.66 | G47: =SUM(G41:G46) -> 4578.66 | H47: =SUM(H41:H46) -> 0 | I47: =SUM(I41:I46) -> 0 | ... Q47: =SUM(Q41:Q46) -> 1062364.8 | R47: =D47+J47+K47+N47+Q47 -> 9528834.1
R48: =D48+J48+K48+N48+Q48 -> 0
A49: Excess (Deficiency) | B49: =B38-B47 -> -761583.71 | C49: =C38-C47 -> 26098 | D49: =D38-D47 -> -735485.71 | E49: =E38-E47 -> 0 | F49: =F38-F47 -> -4578.66 | G49: =G38-G47 -> -4578.66 | H49: =H38-H47 -> 0 | I49: =I38-I47 -> 0 | ... Q49: =Q38-Q47 -> -2 | R49: =D49+J49+K49+N49+Q49 -> -736016.01
R50: =D50+J50+K50+N50+Q50 -> 0
A51: Sale of Fixed Assets | B51: 5043 | D51: =B51+C51 -> 5043 | G51: =E51+F51 -> 0 | J51: =H51+I51 -> 0 | N51: =L51+M51 -> 0 | Q51: =O51+P51 -> 0 | R51: =D51+J51+K51+N51+Q51 -> 5043
A52: Transfers In | B52: 1149996 | D52: =B52+C52 -> 1149996 | G52: =E52+F52 -> 0 | J52: =H52+I52 -> 0 | N52: =L52+M52 -> 0 | Q52: =O52+P52 -> 0 | R52: =D52+J52+K52+N52+Q52 -> 1149996
A53: Transfers Out | B53: 419529.28 | D53: =B53+C53 -> 419529.28 | F53: -4578.66 | G53: =E53+F53 -> -4578.66 | J53: =H53+I53 -> 0 | N53: =L53+M53 -> 0 | Q53: =O53+P53 -> 0 | R53: =D53+J53+K53+N53+Q53 -> 419529.28
A54: Total Other | B54: =B51+B52-B53 -> 735509.72 | C54: =C51+C52-C53 -> 0 | D54: =B54+C54 -> 735509.72 | E54: =E51+E52-E53 -> 0 | F54: =F51+F52-F53 -> 4578.66 | G54: =E54+F54 -> 4578.66 | H54: =H51+H52-H53 -> 0 | I54: =I51+I52-I53 -> 0 | J54: =H54+I54 -> 0 | K54: =K51+K52-K53 -> 0 | L54: =L51+L52-L53 -> 0 | M54: =M51+M52-M53 -> 0 | N54: =L54+M54 -> 0 | O54: =O51+O52-O53 -> 0 | P54: =P51+P52-P53 -> 0 | Q54: =O54+P54 -> 0 | R54: =D54+J54+K54+N54+Q54 -> 735509.72
R55: =D55+J55+K55+N55+Q55 -> 0
A56: Net Change in Fund Balance | B56: =B49+B54 -> -26073.99 | C56: =C49+C54 -> 26098 | D56: =D49+D54 -> 24.01 | E56: =E49+E54 -> 0 | F56: =F49+F54 -> 0 | G56: =G49+G54 -> 0 | H56: =H49+H54 -> 0 | I56: =I49+I54 -> 0 | ... Q56: =Q49+Q54 -> -2 | R56: =D56+J56+K56+N56+Q56 -> -506.29
A57: Fund Balance - Beginning | B57: =B58-B56 -> 88.58 | C57: =C58-C56 -> -115 | D57: =D58-D56 -> -26.42 | E57: =E58-E56 -> 0 | F57: =F58-F56 -> 0 | G57: =G58-G56 -> 0 | H57: =H58-H56 -> 0 | I57: =I58-I56 -> 0 | ... Q57: =Q58-Q56 -> 0.23 | R57: =D57+J57+K57+N57+Q57 -> 36721.97
A58: Fund Balance - End of Year | B58: =B28 -> -25985.41 | C58: =C28 -> 25983 | D58: =D28 -> -2.41 | E58: =E28 -> 0 | F58: =F28 -> 0 | G58: =G28 -> 0 | H58: =H28 -> 0 | I58: =I28 -> 0 | ... Q58: =Q28 -> -1.77 | R58: =D58+J58+K58+N58+Q58 -> 36215.68

Sheet Substance Abuse
A1: Substance Abuse Funds
A2: Combining Balance sheet and Statement of Revenue & Expenses
A3: 43435
B5: Substance Abuse 1300 | C5: ADJ | D5: Adjusted SA | E5: DUI 1320 | F5: Tobacco 1340 | G5: ADJ | H5: Adjusted Tobacco | I5: TOTAL Substance Abuse
A7: Assets
A8: Cash & cash equivalents | B8: 52991.01 | D8: =B8+C8 -> 52991.01 | E8: 293258.51 | H8: =F8+G8 -> 0 | I8: =D8+E8+H8 -> 346249.52
A9: Advances Receivable | D9: =B9+C9 -> 0 | H9: =F9+G9 -> 0
A10: A/R | B10: =72189.46-3651.29 -> 68538.17 | D10: =B10+C10 -> 68538.17 | H10: =F10+G10 -> 0 | I10: =D10+E10+H10 -> 68538.17
A11: Due from Other Funds | B11: 6091.7 | D11: =B11+C11 -> 6091.7 | E11: 2307.87 | H11: =F11+G11 -> 0 | I11: =D11+E11+H11 -> 8399.57
A12: Due from Other Governments | B12: 3651.29 | D12: =B12+C12 -> 3651.29 | H12: =F12+G12 -> 0 | I12: =D12+E12+H12 -> 3651.29
A13: Prepaids | B13: =6091.7-6091.7 -> 0 | D13: =B13+C13 -> 0 | H13: =F13+G13 -> 0 | I13: =D13+E13+H13 -> 0
A14: Total Assets | B14: =SUM(B8:B13) -> 131272.17 | C14: =SUM(C8:C13) -> 0 | D14: =SUM(D8:D13) -> 131272.17 | E14: =SUM(E8:E13) -> 295566.38 | F14: =SUM(F8:F13) -> 0 | G14: =SUM(G8:G13) -> 0 | H14: =SUM(H8:H13) -> 0 | I14: =D14+E14+H14 -> 426838.55
A16: Liabilities
A17: A/P | B17: 42438.81 | D17: =B17+C17 -> 42438.81 | H17: =F17+G17 -> 0 | I17: =D17+E17+H17 -> 42438.81
A18: Accrued Payroll | B18: 23395.23 | D18: =B18+C18 -> 23395.23 | H18: =F18+G18 -> 0 | I18: =D18+E18+H18 -> 23395.23
A19: Due to Other Funds | D19: =B19+C19 -> 0 | H19: =F19+G19 -> 0 | I19: =D19+E19+H19 -> 0
A20: Due to Other Governments | D20: =B20+C20 -> 0 | H20: =F20+G20 -> 0 | I20: =D20+E20+H20 -> 0
A21: Deferred Revenue | B21: 69802.53 | C21: -4366 | D21: =B21+C21 -> 65436.53 | H21: =F21+G21 -> 0 | I21: =D21+E21+H21 -> 65436.53
A22: Total Liabilities | B22: =SUM(B17:B21) -> 135636.57 | C22: =SUM(C17:C21) -> -4366 | D22: =SUM(D17:D21) -> 131270.57 | E22: =SUM(E17:E21) -> 0 | F22: =SUM(F17:F21) -> 0 | G22: =SUM(G17:G21) -> 0 | H22: =SUM(H17:H21) -> 0 | I22: =D22+E22+H22 -> 131270.57
A24: Fund Balance
A25: Reserved: Program | B25: =-246.81+246.81 -> 0 | D25: =B25+C25 -> 0 | H25: =F25+G25 -> 0 | I25: =D25+E25+H25 -> 0
A26: Reserved: Prepaids | D26: =B26+C26 -> 0 | H26: =F26+G26 -> 0 | I26: =D26+E26+H26 -> 0
A27: Unreserved | B27: =-4117.59-246.81 -> -4364.4 | C27: 4366 | D27: =B27+C27 -> 1.6 | E27: 295566.38 | H27: =F27+G27 -> 0 | I27: =D27+E27+H27 -> 295567.98
A28: Total Fund Balance | B28: =SUM(B25:B27) -> -4364.4 | C28: =SUM(C25:C27) -> 4366 | D28: =SUM(D25:D27) -> 1.6 | E28: =SUM(E25:E27) -> 295566.38 | F28: =SUM(F25:F27) -> 0 | G28: =SUM(G25:G27) -> 0 | H28: =SUM(H25:H27) -> 0 | I28: =D28+E28+H28 -> 295567.98
A30: Total Liabilities & Fund Balance | B30: =B22+B28 -> 131272.17 | C30: =SUM(C22+C28) -> 0 | D30: =D22+D28 -> 131272.17 | E30: =E28+E22 -> 295566.38 | F30: =F22+F28 -> 0 | G30: =SUM(G22+G28) -> 0 | H30: =H22+H28 -> 0 | I30: =D30+E30+H30 -> 426838.55
B31: =IF(B14=B30,"YES","NO") -> YES | C31: =IF(C14=C30,"YES","NO") -> YES | D31: =IF(D14=D30,"YES","NO") -> YES | E31: =IF(E14=E30,"YES","NO") -> YES | F31: =IF(F14=F30,"YES","NO") -> YES | G31: =IF(G14=G30,"YES","NO") -> YES | H31: =IF(H14=H30,"YES","NO") -> YES | I31: =IF(I14=I30,"YES","NO") -> YES
A32: Revenue
A33: Intergovermental | B33: 964648.04 | C33: 4366 | D33: =B33+C33 -> 969014.04 | H33: =F33+G33 -> 0 | I33: =D33+E33+H33 -> 969014.04
A34: Charges for Services | D34: =B34+C34 -> 0 | H34: =F34+G34 -> 0 | I34: =D34+E34+H34 -> 0
A35: Fines and Forfeits | B35: 178387.92 | D35: =B35+C35 -> 178387.92 | E35: 36899.88 | H35: =F35+G35 -> 0 | I35: =D35+E35+H35 -> 215287.8
A36: Interest | B36: 58.62 | D36: =B36+C36 -> 58.62 | E36: 755.44 | H36: =F36+G36 -> 0 | I36: =D36+E36+H36 -> 814.06
A37: Other | B37: 2500 | D37: =SUM(B37+C37) -> 2500 | H37: =SUM(F37+G37) -> 0 | I37: =D37+E37+H37 -> 2500
A38: Total Revenues | B38: =SUM(B33:B37) -> 1145594.6 | C38: =SUM(C33:C37) -> 4366 | D38: =SUM(D33:D37) -> 1149960.6 | E38: =SUM(E33:E37) -> 37655.32 | F38: =SUM(F33:F37) -> 0 | G38: =SUM(G33:G37) -> 0 | H38: =SUM(H33:H37) -> 0 | I38: =D38+E38+H38 -> 1187615.9
A40: Expenditures
A41: General gvt - administration | D41: =B41+C41 -> 0 | I41: =D41+E41+H41 -> 0
A42: General gvt - judicial | D42: =B42+C42 -> 0 | H42: =F42+G42 -> 0 | I42: =D42+E42+H42 -> 0
A43: Public safety | D43: =SUM(D40:D42) -> 0 | H43: =SUM(H40:H42) -> 0 | I43: =D43+E43+H43 -> 0
A44: Public works and enterprises | I44: =D44+E44+H44 -> 0
A45: Human services | B45: 1137928.9 | D45: =B45+C45 -> 1137928.9 | E45: 24705.91 | H45: =F45+G45 -> 0 | I45: =D45+E45+H45 -> 1162634.8
A46: Conservation and Development | I46: =D46+E46+H46 -> 0
A47: Total Expenditures | B47: =SUM(B41:B46) -> 1137928.9 | C47: =SUM(C41:C46) -> 0 | D47: =SUM(D41:D46) -> 1137928.9 | E47: =SUM(E41:E46) -> 24705.91 | F47: =SUM(F41:F46) -> 0 | G47: =SUM(G41:G46) -> 0 | H47: =SUM(H41:H46) -> 0 | I47: =D47+E47+H47 -> 1162634.8
A49: Excess (Deficiency) | B49: =B38-B47 -> 7665.66 | C49: =C38-C47 -> 4366 | D49: =D38-D47 -> 12031.66 | E49: =E38-E47 -> 12949.41 | F49: =F38-F47 -> 0 | G49: =G38-G47 -> 0 | H49: =H38-H47 -> 0 | I49: =D49+E49+H49 -> 24981.07
A51: Sale of Fixed Assets | D51: =B51+C51 -> 0 | H51: =F51+G51 -> 0 | I51: =D51+E51+H51 -> 0
A52: Transfers In | B52: 53175.1 | D52: =B52+C52 -> 53175.1 | H52: =F52+G52 -> 0 | I52: =D52+E52+H52 -> 53175.1
A53: Transfers Out | B53: 65204.12 | D53: =B53+C53 -> 65204.12 | E53: 35867.1 | H53: =F53+G53 -> 0 | I53: =D53+E53+H53 -> 101071.22
A54: Total Other | B54: =B51+B52-B53 -> -12029.02 | C54: =C51+C52-C53 -> 0 | D54: =B54+C54 -> -12029.02 | E54: =E51+E52-E53 -> -35867.1 | F54: =F51+F52-F53 -> 0 | G54: =G51+G52-G53 -> 0 | H54: =F54+G54 -> 0 | I54: =D54+E54+H54 -> -47896.12
A56: Net Change in Fund Balance | B56: =B49+B54 -> -4363.36 | C56: =C49+C54 -> 4366 | D56: =D49+D54 -> 2.64 | E56: =E49+E54 -> -22917.69 | F56: =F49+F54 -> 0 | G56: =G49+G54 -> 0 | H56: =H49+H54 -> 0 | I56: =D56+E56+H56 -> -22915.05
A57: Fund Balance - Beginning | B57: =B58-B56 -> -1.04 | C57: =C58-C56 -> 0 | D57: =D58-D56 -> -1.04 | E57: =E58-E56 -> 318484.07 | F57: =F58-F56 -> 0 | G57: =G58-G56 -> 0 | H57: =H58-H56 -> 0 | I57: =D57+E57+H57 -> 318483.03
A58: Fund Balance - End of Year | B58: =B28 -> -4364.4 | C58: =C28 -> 4366 | D58: =D28 -> 1.6 | E58: =E28 -> 295566.38 | F58: =F28 -> 0 | G58: =G28 -> 0 | H58: =H28 -> 0 | I58: =D58+E58+H58 -> 295567.98

Sheet RSVP Funds
A1: RSVP Funds
A2: Combining Balance sheet and Statement of Revenue & Expenses
A3: 43435
B5: RSVP 1180 | C5: ADJ | D5: Adjusted RSVP 1180 | E5: RSVP 7515 | F5: TOTAL RSVP
A7: Assets
A8: Cash & cash equivalents | B8: =-10710.27 -> -10710.27 | C8: =21420.54-10710.27 -> 10710.27 | D8: =B8+C8 -> 0 | E8: 18934.33 | F8: =D8+E8 -> 18934.33
A9: Advances Receivable | D9: =B9+C9 -> 0 | F9: =D9+E9 -> 0
A10: A/R | B10: =12429 -> 12429 | C10: =-12429 -> -12429 | D10: =B10+C10 -> 0 | F10: =D10+E10 -> 0
A11: Due from Other Funds | D11: =B11+C11 -> 0 | F11: =D11+E11 -> 0
A12: Due from Other Governments | D12: =B12+C12 -> 0 | F12: =D12+E12 -> 0
A13: Prepaids | D13: =B13+C13 -> 0 | F13: =D13+E13 -> 0
A14: Total Assets | B14: =SUM(B8:B13) -> 1718.73 | C14: =SUM(C8:C13) -> -1718.73 | D14: =B14+C14 -> 0 | E14: =SUM(E8:E13) -> 18934.33 | F14: =D14+E14 -> 18934.33
A16: Liabilities
A17: A/P | D17: =B17+C17 -> 0 | F17: =D17+E17 -> 0
A18: Accrued Payroll | B18: =1718.87 -> 1718.87 | C18: =(-1269.69-449.18) -> -1718.87 | D18: =B18+C18 -> 0 | F18: =D18+E18 -> 0
A19: Due to Other Funds | D19: =B19+C19 -> 0 | F19: =D19+E19 -> 0
A20: Due to Other Governments | D20: =B20+C20 -> 0 | F20: =D20+E20 -> 0
A21: Deferred Revenue | D21: =B21+C21 -> 0 | E21: 327.41 | F21: =D21+E21 -> 327.41
A22: Total Liabilities | B22: =SUM(B17:B21) -> 1718.87 | C22: =SUM(C17:C21) -> -1718.87 | D22: =B22+C22 -> 0 | E22: =SUM(E17:E21) -> 327.41 | F22: =D22+E22 -> 327.41
A24: Fund Balance
A25: Reserved: Program | B25: =110-110.14 -> -0.14 | C25: =21420.54-21420.4+110-110 -> 0.14 | D25: =B25+C25 -> -5.8264504e-13 | E25: 18606.92 | F25: =D25+E25 -> 18606.92
A26: Reserved: Prepaids | D26: =B26+C26 -> 0 | F26: =D26+E26 -> 0
A27: Unreserved | D27: =B27+C27 -> 0 | F27: =D27+E27 -> 0
A28: Total Fund Balance | B28: =SUM(B25:B27) -> -0.14 | C28: =SUM(C25:C27) -> 0.14 | D28: =B28+C28 -> -5.8264504e-13 | E28: =SUM(E25:E27) -> 18606.92 | F28: =D28+E28 -> 18606.92
A30: Total Liabilities & Fund Balance | B30: =B22+B28 -> 1718.73 | C30: =C22+C28 -> -1718.73 | D30: =B30+C30 -> 0 | E30: =E22+E28 -> 18934.33 | F30: =D30+E30 -> 18934.33
B31: =IF(B14=B30,"YES","NO") -> YES | C31: =IF(C14=C30,"YES","NO") -> YES | D31: =IF(D14=D30,"YES","NO") -> YES | E31: =IF(E14=E30,"YES","NO") -> YES | F31: =IF(F14=F30,"YES","NO") -> YES
A32: Revenue
A33: Intergovermental | D33: =B33+C33 -> 0 | F33: =D33+E33 -> 0
A34: Charges for Services | D34: =B34+C34 -> 0 | F34: =D34+E34 -> 0
A35: Fines and Forfeits | D35: =B35+C35 -> 0 | F35: =D35+E35 -> 0
A36: Interest | D36: =B36+C36 -> 0 | E36: 19.55 | F36: =D36+E36 -> 19.55
A37: Other | D37: =B37+C37 -> 0 | F37: =D37+E37 -> 0
A38: Total Revenues | B38: =SUM(B33:B37) -> 0 | C38: =SUM(C33:C37) -> 0 | D38: =SUM(D33:D37) -> 0 | E38: =SUM(E33:E37) -> 19.55 | F38: =D38+E38 -> 19.55
A40: Expenditures
A41: General gvt - administration | F41: =D41+E41 -> 0
A42: General gvt - judicial | D42: =B42+C42 -> 0 | F42: =D42+E42 -> 0
A43: Public safety | D43: =B43+C43 -> 0 | F43: =D43+E43 -> 0
A44: Public works and enterprises | D44: =B44+C44 -> 0 | F44: =D44+E44 -> 0
A45: Human services | B45: 0 | C45: 10710.13 | D45: =B45+C45 -> 10710.13 | F45: =D45+E45 -> 10710.13
A46: Conservation and Development | F46: =D46+E46 -> 0
A47: Total Expenditures | B47: =SUM(B41:B46) -> 0 | C47: =SUM(C41:C46) -> 10710.13 | D47: =SUM(D41:D46) -> 10710.13 | E47: =SUM(E41:E46) -> 0 | F47: =D47+E47 -> 10710.13
A49: Excess (Deficiency) | B49: =B38-B47 -> 0 | C49: =C38-C47 -> -10710.13 | D49: =D38-D47 -> -10710.13 | E49: =E38-E47 -> 19.55 | F49: =D49+E49 -> -10690.58
A51: Sale of Fixed Assets | D51: =B51+C51 -> 0 | F51: =D51+E51 -> 0
A52: Transfers In | D52: =B52+C52 -> 0 | F52: =D52+E52 -> 0
A53: Transfers Out | C53: =-21420.54+10710.27 -> -10710.27 | D53: =B53+C53 -> -10710.27 | F53: =D53+E53 -> -10710.27
A54: Total Other | B54: =B51+B52-B53 -> 0 | C54: =C51+C52-C53 -> 10710.27 | D54: =B54+C54 -> 10710.27 | E54: =E51+E52-E53 -> 0 | F54: =D54+E54 -> 10710.27
A56: Net Change in Fund Balance | B56: =B49+B54 -> 0 | C56: =C49+C54 -> 0.14 | D56: =D49+D54 -> 0.14 | E56: =E49+E54 -> 19.55 | F56: =D56+E56 -> 19.69
A57: Fund Balance - Beginning | B57: =B58-B56 -> -0.14 | C57: =C58-C56 -> -1.8189894e-12 | D57: =D58-D56 -> -0.14 | E57: =E58-E56 -> 18587.37 | F57: =D57+E57 -> 18587.23
A58: Fund Balance - End of Year | B58: =B28 -> -0.14 | C58: =C28 -> 0.14 | D58: =D28 -> -5.8264504e-13 | E58: =E28 -> 18606.92 | F58: =D58+E58 -> 18606.92

Sheet Mental Health Funds
A1: Mental Health Funds
A2: Combining Balance sheet and Statement of Revenue & Expenses
A3: 43435
B5: Mental Health 1400 | C5: ADJ | D5: Adjusted Mental Health | E5: Health Choices 1450 | F5: ADJ | G5: Adjusted Health Choices | H5: Crisis 1230 | I5: ADJ | J5: Adjusted Crisis | K5: TOTAL Mental Health
A7: Assets
A8: Cash & cash equivalents | B8: -280620.97 | C8: =-4578.66 -> -4578.66 | D8: =(B8+C8) -> -285199.63 | E8: 9823.09 | G8: =E8+F8 -> 9823.09 | H8: -4578.66 | I8: 4578.66 | J8: =H8+I8 -> 0 | K8: =D8+G8+J8 -> -275376.54
A9: Advances Receivable | D9: =(B9+C9) -> 0 | G9: =E9+F9 -> 0 | J9: =H9+I9 -> 0 | K9: =D9+G9+J9 -> 0
A10: A/R | B10: =105957.41-105957.41 -> 0 | D10: =(B10+C10) -> 0 | E10: =34411.02 -> 34411.02 | G10: =E10+F10 -> 34411.02 | J10: =H10+I10 -> 0 | K10: =D10+G10+J10 -> 34411.02
A11: Due from Other Funds | B11: 12484.16 | D11: =(B11+C11) -> 12484.16 | E11: 2003.17 | G11: =E11+F11 -> 2003.17 | J11: =H11+I11 -> 0 | K11: =D11+G11+J11 -> 14487.33
A12: Due from Other Governments | B12: =254058+105957.41 -> 360015.41 | C12: 77350 | D12: =(B12+C12) -> 437365.41 | G12: =E12+F12 -> 0 | H12: =4578.18+0.48 -> 4578.66 | I12: =-4578.18-0.48 -> -4578.66 | J12: =H12+I12 -> 0 | K12: =D12+G12+J12 -> 437365.41
A13: Prepaids | B13: =12484.16-12484.16 -> 0 | D13: =(B13+C13) -> 0 | E13: =2003.17-2003.17 -> 0 | G13: =E13+F13 -> 0 | I13: =-114.78-959.06-1995.97-1508.37-0.48+4578.66 -> 0 | J13: =H13+I13 -> 0 | K13: =D13+G13+J13 -> 0
A14: Total Assets | B14: =SUM(B8:B13) -> 91878.6 | C14: =SUM(C8:C13) -> 72771.34 | D14: =(B14+C14) -> 164649.94 | E14: =SUM(E8:E13) -> 46237.28 | F14: =SUM(F8:F13) -> 0 | G14: =SUM(G8:G13) -> 46237.28 | H14: =SUM(H8:H13) -> 0 | I14: =SUM(I8:I13) -> 0 | J14: =SUM(J8:J13) -> 0 | K14: =D14+G14+J14 -> 210887.22
A16: Liabilities
A17: A/P | B17: 124630.27 | D17: =(B17+C17) -> 124630.27 | E17: 124.48 | G17: =E17+F17 -> 124.48 | J17: =H17+I17 -> 0 | K17: =D17+G17+J17 -> 124754.75
A18: Accrued Payroll | B18: 39661.41 | D18: =(B18+C18) -> 39661.41 | E18: 6409.24 | G18: =E18+F18 -> 6409.24 | J18: =H18+I18 -> 0 | K18: =D18+G18+J18 -> 46070.65
A19: Due to Other Funds | D19: =(B19+C19) -> 0 | G19: =E19+F19 -> 0 | J19: =H19+I19 -> 0 | K19: =D19+G19+J19 -> 0
A20: Due to Other Governments | D20: =(B20+C20) -> 0 | G20: =E20+F20 -> 0 | J20: =H20+I20 -> 0 | K20: =D20+G20+J20 -> 0
A21: Deferred Revenue | B21: 355.75 | C21: =-4581+4581 -> 0 | D21: =(B21+C21) -> 355.75 | F21: 39704 | G21: =E21+F21 -> 39704 | J21: =H21+I21 -> 0 | K21: =D21+G21+J21 -> 40059.75
A22: Total Liabilities | B22: =SUM(B17:B21) -> 164647.43 | C22: =SUM(C17:C21) -> 0 | D22: =(B22+C22) -> 164647.43 | E22: =SUM(E17:E21) -> 6533.72 | F22: =SUM(F17:F21) -> 39704 | G22: =SUM(G17:G21) -> 46237.72 | H22: =SUM(H17:H21) -> 0 | I22: =SUM(I17:I21) -> 0 | J22: =SUM(J17:J21) -> 0 | K22: =D22+G22+J22 -> 210885.15
A24: Fund Balance
A25: Reserved: Program | D25: =(B25+C25) -> 0 | G25: =E25+F25 -> 0 | J25: =H25+I25 -> 0 | K25: =D25+G25+J25 -> 0
A26: Reserved: Prepaids | D26: =(B26+C26) -> 0 | G26: =E26+F26 -> 0 | J26: =H26+I26 -> 0 | K26: =D26+G26+J26 -> 0
A27: Unreserved | B27: =-72768.39-0.44 -> -72768.83 | C27: =-4578.66+4581+77350-4581 -> 72771.34 | D27: =(B27+C27) -> 2.51 | E27: 39703.56 | F27: -39704 | G27: =E27+F27 -> -0.44 | J27: =H27+I27 -> 0 | K27: =D27+G27+J27 -> 2.07
A28: Total Fund Balance | B28: =SUM(B25:B27) -> -72768.83 | C28: =SUM(C25:C27) -> 72771.34 | D28: =(B28+C28) -> 2.51 | E28: =SUM(E25:E27) -> 39703.56 | F28: =SUM(F25:F27) -> -39704 | G28: =SUM(G25:G27) -> -0.44 | H28: =SUM(H25:H27) -> 0 | I28: =SUM(I25:I27) -> 0 | J28: =SUM(J25:J27) -> 0 | K28: =D28+G28+J28 -> 2.07
A30: Total Liabilities & Fund Balance | B30: =B22+B28 -> 91878.6 | C30: =C22+C28 -> 72771.34 | D30: =(B30+C30) -> 164649.94 | E30: =E22+E28 -> 46237.28 | F30: =F22+F28 -> 0 | G30: =G22+G28 -> 46237.28 | H30: =H22+H28 -> 0 | I30: =I22+I28 -> 0 | J30: =J22+J28 -> 0 | K30: =D30+G30+J30 -> 210887.22
B31: =IF(B14=B30,"YES","NO") -> YES | C31: =IF(C14=C30,"YES","NO") -> YES | D31: =IF(D14=D30,"YES","NO") -> YES | E31: =IF(E14=E30,"YES","NO") -> YES | F31: =IF(F14=F30,"YES","NO") -> YES | G31: =IF(G14=G30,"YES","NO") -> YES | H31: =IF(H14=H30,"YES","NO") -> YES | I31: =IF(I14=I30,"YES","NO") -> YES | ... K31: =IF(K14=K30,"YES","NO") -> YES
A32: Revenue | E32: =E14-E30 -> 0 | K32: =D32+G32+J32 -> 0
A33: Intergovermental | B33: =2295648.25+650908.98+20625.73 -> 2967183 | C33: =4581+77350-4581 -> 77350 | D33: =B33+C33 -> 3044533 | E33: =36375+156209.1 -> 192584.1 | F33: -39704 | G33: =E33+F33 -> 152880.1 | J33: =H33+I33 -> 0 | K33: =D33+G33+J33 -> 3197413.1
A34: Charges for Services | B34: =20625.73-20625.73 -> 0 | D34: =B34+C34 -> 0 | G34: =E34+F34 -> 0 | J34: =H34+I34 -> 0 | K34: =D34+G34+J34 -> 0
A35: Fines and Forfeits | B35: =675819.43-650908.98-24910.45 -> 6.9121597e-11 | D35: =B35+C35 -> 6.9121597e-11 | E35: =156209.1-156209.1 -> 0 | G35: =E35+F35 -> 0 | J35: =H35+I35 -> 0 | K35: =D35+G35+J35 -> 6.9121597e-11
A36: Interest | B36: 43.69 | D36: =B36+C36 -> 43.69 | E36: 20.06 | G36: =E36+F36 -> 20.06 | J36: =H36+I36 -> 0 | K36: =D36+G36+J36 -> 63.75
A37: Other | B37: =2193.13+24910.45 -> 27103.58 | D37: =B37+C37 -> 27103.58 | G37: =E37+F37 -> 0 | J37: =H37+I37 -> 0 | K37: =D37+G37+J37 -> 27103.58
A38: Total Revenues | B38: =SUM(B33:B37) -> 2994330.2 | C38: =SUM(C33:C37) -> 77350 | D38: =SUM(D33:D37) -> 3071680.2 | E38: =SUM(E33:E37) -> 192604.16 | F38: =SUM(F33:F37) -> -39704 | G38: =SUM(G33:G37) -> 152900.16 | H38: =SUM(H33:H37) -> 0 | I38: =SUM(I33:I37) -> 0 | J38: =SUM(J33:J37) -> 0 | K38: =D38+G38+J38 -> 3224580.4
A40: Expenditures
A41: General gvt - administration | D41: =B41+C41 -> 0 | G41: =E41+F41 -> 0 | K41: =D41+G41+J41 -> 0
A42: General gvt - judicial | D42: =B42+C42 -> 0 | G42: =E42+F42 -> 0 | J42: =H42+I42 -> 0 | K42: =D42+G42+J42 -> 0
A43: Public safety | D43: =B43+C43 -> 0 | G43: =E43+F43 -> 0 | J43: =H43+I43 -> 0 | K43: =D43+G43+J43 -> 0
A44: Public works and enterprises | D44: =B44+C44 -> 0 | G44: =E44+F44 -> 0 | J44: =H44+I44 -> 0 | K44: =D44+G44+J44 -> 0
A45: Human services | B45: 2897054.7 | D45: =B45+C45 -> 2897054.7 | E45: 141677.58 | G45: =E45+F45 -> 141677.58 | I45: 4578.18 | J45: =H45+I45 -> 4578.18 | K45: =D45+G45+J45 -> 3043310.4
A46: Conservation and Development | D46: =B46+C46 -> 0 | G46: =E46+F46 -> 0 | J46: =H46+I46 -> 0 | K46: =D46+G46+J46 -> 0
A47: Total Expenditures | B47: =SUM(B41:B46) -> 2897054.7 | C47: =SUM(C41:C46) -> 0 | D47: =SUM(D41:D46) -> 2897054.7 | E47: =SUM(E41:E46) -> 141677.58 | F47: =SUM(F41:F46) -> 0 | G47: =SUM(G41:G46) -> 141677.58 | H47: =SUM(H41:H46) -> 0 | I47: =SUM(I41:I46) -> 4578.18 | J47: =SUM(J41:J46) -> 4578.18 | K47: =D47+G47+J47 -> 3043310.4
A49: Excess (Deficiency) | B49: =B38-B47 -> 97275.56 | C49: =C38-C47 -> 77350 | D49: =D38-D47 -> 174625.56 | E49: =E38-E47 -> 50926.58 | F49: =F38-F47 -> -39704 | G49: =G38-G47 -> 11222.58 | H49: =H38-H47 -> 0 | I49: =I38-I47 -> -4578.18 | J49: =J38-J47 -> -4578.18 | K49: =D49+G49+J49 -> 181269.96
A51: Sale of Fixed Assets | D51: =B51+C51 -> 0 | G51: =E51+F51 -> 0 | J51: =H51+I51 -> 0 | K51: =D51+G51+J51 -> 0
A52: Transfers In | B52: 14104.51 | C52: -4578.66 | D52: =B52+C52 -> 9525.85 | G52: =E52+F52 -> 0 | J52: =H52+I52 -> 0 | K52: =D52+G52+J52 -> 9525.85
A53: Transfers Out | B53: 184150.58 | D53: =B53+C53 -> 184150.58 | E53: 11222.89 | G53: =E53+F53 -> 11222.89 | I53: -4578.66 | J53: =H53+I53 -> -4578.66 | K53: =D53+G53+J53 -> 190794.81
A54: Total Other | B54: =B51+B52-B53 -> -170046.07 | C54: =C51+C52-C53 -> -4578.66 | D54: =D51+D52-D53 -> -174624.73 | E54: =E51+E52-E53 -> -11222.89 | F54: =F51+F52-F53 -> 0 | G54: =G52-G53 -> -11222.89 | H54: =H51+H52-H53 -> 0 | I54: =I51+I52-I53 -> 4578.66 | J54: =H54+I54 -> 4578.66 | K54: =D54+G54+J54 -> -181268.96
A56: Net Change in Fund Balance | B56: =B49+B54 -> -72770.51 | C56: =C49+C54 -> 72771.34 | D56: =D49+D54 -> 0.83 | E56: =E49+E54 -> 39703.69 | F56: =F49+F54 -> -39704 | G56: =G49+G54 -> -0.31 | H56: =H49+H54 -> 0 | I56: =I49+I54 -> 0.48 | J56: =J49+J54 -> 0.48 | K56: =D56+G56+J56 -> 1
A57: Fund Balance - Beginning | B57: =B58-B56 -> 1.68 | C57: =C58-C56 -> 0 | D57: =D58-D56 -> 1.68 | E57: =E58-E56 -> -0.13 | F57: =F58-F56 -> 0 | G57: =G58-G56 -> -0.13 | H57: =H58-H56 -> 0 | I57: =I58-I56 -> -0.48 | J57: =J58-J56 -> -0.48 | K57: =D57+G57+J57 -> 1.07
A58: Fund Balance - End of Year | B58: =B28 -> -72768.83 | C58: =C28 -> 72771.34 | D58: =D28 -> 2.51 | E58: =E28 -> 39703.56 | F58: =F28 -> -39704 | G58: =G28 -> -0.44 | H58: =H28 -> 0 | I58: =I28 -> 0 | J58: =J28 -> 0 | K58: =D58+G58+J58 -> 2.07

Sheet Mental Retardation Funds
A1: Developmental Services Funds
A2: Combining Balance sheet and Statement of Revenue & Expenses
A3: 43435
B5: Development Services 1500 | C5: ADJ | D5: Adjusted Developmental Services | E5: Waiver Ineligible 1550 | F5: ADJ | G5: Adjusted Waiver Ineligible | H5: M/R Waiver 1600 | I5: ADJ | J5: Adjusted M/R Waiver | K5: Early Intervention 1650 | L5: ADJ | M5: Adjusted Early Intervention | N5: TOTAL Developmental Services
A7: Assets
A8: Cash & cash equivalents | B8: 1449657.4 | D8: =B8+C8 -> 1449657.4 | G8: =E8+F8 -> 0 | H8: 0.01 | J8: =H8+I8 -> 0.01 | K8: 2587.14 | M8: =K8+L8 -> 2587.14 | N8: =D8+G8+J8+M8 -> 1452244.6
A9: Advances Receivable | D9: =B9+C9 -> 0 | G9: =E9+F9 -> 0 | J9: =H9+I9 -> 0 | M9: =K9+L9 -> 0 | N9: =D9+G9+J9+M9 -> 0
A10: A/R | D10: =B10+C10 -> 0 | G10: =E10+F10 -> 0 | H10: 0 | J10: =H10+I10 -> 0 | M10: =K10+L10 -> 0 | N10: =D10+G10+J10+M10 -> 0
A11: Due from Other Funds | B11: 12632.62 | D11: =B11+C11 -> 12632.62 | G11: =E11+F11 -> 0 | J11: =H11+I11 -> 0 | K11: 3137.95 | M11: =K11+L11 -> 3137.95 | N11: =D11+G11+J11+M11 -> 15770.57
A12: Due from Other Governments | D12: =B12+C12 -> 0 | G12: =E12+F12 -> 0 | J12: =H12+I12 -> 0 | L12: =89169-63160 -> 26009 | M12: =K12+L12 -> 26009 | N12: =D12+G12+J12+M12 -> 26009
A13: Prepaids | D13: =B13+C13 -> 0 | G13: =E13+F13 -> 0 | J13: =H13+I13 -> 0 | M13: =K13+L13 -> 0 | N13: =D13+G13+J13+M13 -> 0
A14: Total Assets | B14: =SUM(B8:B13) -> 1462290 | C14: =SUM(C8:C13) -> 0 | D14: =SUM(D8:D13) -> 1462290 | E14: =SUM(E8:E13) -> 0 | F14: =SUM(F8:F13) -> 0 | G14: =SUM(G8:G13) -> 0 | H14: =SUM(H8:H13) -> 0.01 | I14: =SUM(I8:I13) -> 0 | ... M14: =SUM(M8:M13) -> 31734.09 | N14: =D14+G14+J14+M14 -> 1494024.1
A16: Liabilities
A17: A/P | B17: 39834.59 | D17: =B17+C17 -> 39834.59 | G17: =E17+F17 -> 0 | J17: =H17+I17 -> 0 | K17: 16922.31 | M17: =K17+L17 -> 16922.31 | N17: =D17+G17+J17+M17 -> 56756.9
A18: Accrued Payroll | B18: 21661.09 | D18: =B18+C18 -> 21661.09 | G18: =E18+F18 -> 0 | J18: =H18+I18 -> 0 | K18: 6353.77 | M18: =K18+L18 -> 6353.77 | N18: =D18+G18+J18+M18 -> 28014.86
A19: Due to Other Funds | D19: =B19+C19 -> 0 | G19: =E19+F19 -> 0 | J19: =H19+I19 -> 0 | M19: =K19+L19 -> 0 | N19: =D19+G19+J19+M19 -> 0
A20: Due to Other Governments | D20: =B20+C20 -> 0 | G20: =E20+F20 -> 0 | J20: =H20+I20 -> 0 | M20: =K20+L20 -> 0 | N20: =D20+G20+J20+M20 -> 0
A21: Deferred Revenue | B21: 870403.91 | C21: 530390 | D21: =B21+C21 -> 1400793.9 | G21: =E21+F21 -> 0 | J21: =H21+I21 -> 0 | K21: 12069 | L21: -3612 | M21: =K21+L21 -> 8457 | N21: =D21+G21+J21+M21 -> 1409250.9
A22: Total Liabilities | B22: =SUM(B17:B21) -> 931899.59 | C22: =SUM(C17:C21) -> 530390 | D22: =SUM(D17:D21) -> 1462289.6 | E22: =SUM(E17:E21) -> 0 | F22: =SUM(F17:F21) -> 0 | G22: =SUM(G17:G21) -> 0 | H22: =SUM(H17:H21) -> 0 | I22: =SUM(I17:I21) -> 0 | ... M22: =SUM(M17:M21) -> 31733.08 | N22: =D22+G22+J22+M22 -> 1494022.7
A24: Fund Balance
A25: Reserved: Program | D25: =B25+C25 -> 0 | G25: =E25+F25 -> 0 | J25: =H25+I25 -> 0 | M25: =K25+L25 -> 0 | N25: =D25+G25+J25+M25 -> 0
A26: Reserved: Prepaids | D26: =B26+C26 -> 0 | G26: =E26+F26 -> 0 | J26: =H26+I26 -> 0 | M26: =K26+L26 -> 0 | N26: =D26+G26+J26+M26 -> 0
A27: Unreserved | B27: =529784.76+605.68 -> 530390.44 | C27: -530390 | D27: =B27+C27 -> 0.44 | G27: =E27+F27 -> 0 | H27: 0.01 | J27: =H27+I27 -> 0.01 | K27: -29619.99 | L27: =89169-63160+3612 -> 29621 | M27: =K27+L27 -> 1.01 | N27: =D27+G27+J27+M27 -> 1.46
A28: Total Fund Balance | B28: =SUM(B25:B27) -> 530390.44 | C28: =SUM(C25:C27) -> -530390 | D28: =SUM(D25:D27) -> 0.44 | E28: =SUM(E25:E27) -> 0 | F28: =SUM(F25:F27) -> 0 | G28: =SUM(G25:G27) -> 0 | H28: =SUM(H25:H27) -> 0.01 | I28: =SUM(I25:I27) -> 0 | ... M28: =SUM(M25:M27) -> 1.01 | N28: =D28+G28+J28+M28 -> 1.46
A30: Total Liabilities & Fund Balance | B30: =B22+B28 -> 1462290 | C30: =C22+C28 -> 0 | D30: =D22+D28 -> 1462290 | E30: =E22+E28 -> 0 | F30: =F22+F28 -> 0 | G30: =G22+G28 -> 0 | H30: =H22+H28 -> 0.01 | I30: =I22+I28 -> 0 | ... M30: =M22+M28 -> 31734.09 | N30: =D30+G30+J30+M30 -> 1494024.1
B31: =IF(B14=B30,"YES","NO") -> YES | C31: =IF(C14=C30,"YES","NO") -> YES | D31: =IF(D14=D30,"YES","NO") -> YES | E31: =IF(E14=E30,"YES","NO") -> YES | F31: =IF(F14=F30,"YES","NO") -> YES | G31: =IF(G14=G30,"YES","NO") -> YES | H31: =IF(H14=H30,"YES","NO") -> YES | I31: =IF(I14=I30,"YES","NO") -> YES | ... M31: =IF(M14=M30,"YES","NO") -> YES
A32: Revenue | N32: =D32+G32+J32+M32 -> 0
A33: Intergovermental | B33: =1989300.78 -> 1989300.8 | C33: -530390 | D33: =B33+C33 -> 1458910.8 | G33: =E33+F33 -> 0 | J33: =H33+I33 -> 0 | K33: =439957.64-10 -> 439947.64 | L33: =89169-63160+3612 -> 29621 | M33: =K33+L33 -> 469568.64 | N33: =D33+G33+J33+M33 -> 1928479.4
A34: Charges for Services | B34: 5054.15 | D34: =B34+C34 -> 5054.15 | G34: =E34+F34 -> 0 | J34: =H34+I34 -> 0 | M34: =K34+L34 -> 0 | N34: =D34+G34+J34+M34 -> 5054.15
A35: Fines and Forfeits | D35: =B35+C35 -> 0 | G35: =E35+F35 -> 0 | J35: =H35+I35 -> 0 | M35: =K35+L35 -> 0 | N35: =D35+G35+J35+M35 -> 0
A36: Interest | B36: 3025.48 | D36: =B36+C36 -> 3025.48 | G36: =E36+F36 -> 0 | H36: 0.01 | J36: =H36+I36 -> 0.01 | K36: 127.84 | M36: =K36+L36 -> 127.84 | N36: =D36+G36+J36+M36 -> 3153.33
A37: Other | B37: =5000+3420-3420+1570.67 -> 6570.67 | D37: =B37+C37 -> 6570.67 | G37: =E37+F37 -> 0 | J37: =H37+I37 -> 0 | M37: =K37+L37 -> 0 | N37: =D37+G37+J37+M37 -> 6570.67
A38: Total Revenues | B38: =SUM(B33:B37) -> 2003951.1 | C38: =SUM(C33:C37) -> -530390 | D38: =SUM(D33:D37) -> 1473561.1 | E38: =SUM(E33:E37) -> 0 | F38: =SUM(F33:F37) -> 0 | G38: =SUM(G33:G37) -> 0 | H38: =SUM(H33:H37) -> 0.01 | I38: =SUM(I33:I37) -> 0 | ... M38: =SUM(M33:M37) -> 469696.48 | N38: =D38+G38+J38+M38 -> 1943257.6
N39: =D39+G39+J39+M39 -> 0
A40: Expenditures | N40: =D40+G40+J40+M40 -> 0
A41: General gvt - administration | D41: =B41+C41 -> 0 | G41: =E41+F41 -> 0 | J41: =H41+I41 -> 0 | M41: =K41+L41 -> 0 | N41: =D41+G41+J41+M41 -> 0
A42: General gvt - judicial | D42: =B42+C42 -> 0 | G42: =E42+F42 -> 0 | J42: =H42+I42 -> 0 | M42: =K42+L42 -> 0 | N42: =D42+G42+J42+M42 -> 0
A43: Public safety | D43: =B43+C43 -> 0 | G43: =E43+F43 -> 0 | J43: =H43+I43 -> 0 | M43: =K43+L43 -> 0 | N43: =D43+G43+J43+M43 -> 0
A44: Public works and enterprises | D44: =B44+C44 -> 0 | G44: =E44+F44 -> 0 | J44: =H44+I44 -> 0 | M44: =K44+L44 -> 0 | N44: =D44+G44+J44+M44 -> 0
A45: Human services | B45: 1345517.2 | D45: =B45+C45 -> 1345517.2 | G45: =E45+F45 -> 0 | J45: =H45+I45 -> 0 | K45: 481093.99 | M45: =K45+L45 -> 481093.99 | N45: =D45+G45+J45+M45 -> 1826611.1
A46: Conservation and Development | D46: =B46+C46 -> 0 | G46: =E46+F46 -> 0 | J46: =H46+I46 -> 0 | M46: =K46+L46 -> 0 | N46: =D46+G46+J46+M46 -> 0
A47: Total Expenditures | B47: =SUM(B41:B46) -> 1345517.2 | C47: =SUM(C41:C46) -> 0 | D47: =SUM(D41:D46) -> 1345517.2 | E47: =SUM(E41:E46) -> 0 | F47: =SUM(F41:F46) -> 0 | G47: =SUM(G41:G46) -> 0 | H47: =SUM(H41:H46) -> 0 | I47: =SUM(I41:I46) -> 0 | ... M47: =SUM(M41:M46) -> 481093.99 | N47: =D47+G47+J47+M47 -> 1826611.1
N48: =D48+G48+J48+M48 -> 0
A49: Excess (Deficiency) | B49: =B38-B47 -> 658433.92 | C49: =C38-C47 -> -530390 | D49: =D38-D47 -> 128043.92 | E49: =E38-E47 -> 0 | F49: =F38-F47 -> 0 | G49: =G38-G47 -> 0 | H49: =H38-H47 -> 0.01 | I49: =I38-I47 -> 0 | ... N49: =N38-N47 -> 116646.42
A51: Sale of Fixed Assets | B51: 3420 | D51: =B51+C51 -> 3420 | G51: =E51+F51 -> 0 | J51: =H51+I51 -> 0 | M51: =K51+L51 -> 0 | N51: =D51+G51+J51+M51 -> 3420
A52: Transfers In | B52: 10704.32 | D52: =B52+C52 -> 10704.32 | G52: =E52+F52 -> 0 | J52: =H52+I52 -> 0 | K52: 38496 | M52: =K52+L52 -> 38496 | N52: =D52+G52+J52+M52 -> 49200.32
A53: Transfers Out | B53: 142169.18 | D53: =B53+C53 -> 142169.18 | G53: =E53+F53 -> 0 | J53: =H53+I53 -> 0 | K53: 27097.92 | M53: =K53+L53 -> 27097.92 | N53: =D53+G53+J53+M53 -> 169267.1
A54: Total Other | B54: =B51+B52-B53 -> -128044.86 | C54: =C51+C52-C53 -> 0 | D54: =B54+C54 -> -128044.86 | E54: =E51+E52-E53 -> 0 | F54: =F51+F52-F53 -> 0 | G54: =E54+F54 -> 0 | H54: =H51+H52-H53 -> 0 | I54: =I51+I52-I53 -> 0 | J54: =H54+I54 -> 0 | K54: =K51+K52-K53 -> 11398.08 | L54: =L51+L52-L53 -> 0 | M54: =K54+L54 -> 11398.08 | N54: =D54+G54+J54+M54 -> -116646.78
N55: =D55+G55+J55+M55 -> 0
A56: Net Change in Fund Balance | B56: =B49+B54 -> 530389.06 | C56: =C49+C54 -> -530390 | D56: =D49+D54 -> -0.94 | E56: =E49+E54 -> 0 | F56: =F49+F54 -> 0 | G56: =G49+G54 -> 0 | H56: =H49+H54 -> 0.01 | I56: =I49+I54 -> 0 | ... M56: =M49+M54 -> 0.57 | N56: =D56+G56+J56+M56 -> -0.36
A57: Fund Balance - Beginning | B57: =B58-B56 -> 1.38 | C57: =C58-C56 -> 0 | D57: =D58-D56 -> 1.38 | E57: =E58-E56 -> 0 | F57: =F58-F56 -> 0 | G57: =G58-G56 -> 0 | H57: =H58-H56 -> 0 | I57: =I58-I56 -> 0 | ... M57: =M58-M56 -> 0.44 | N57: =D57+G57+J57+M57 -> 1.82
A58: Fund Balance - End of Year | B58: =B28 -> 530390.44 | C58: =C28 -> -530390 | D58: =D28 -> 0.44 | E58: =E28 -> 0 | F58: =F28 -> 0 | G58: =G28 -> 0 | H58: =H28 -> 0.01 | I58: =I28 -> 0 | ... M58: =M28 -> 1.01 | N58: =D58+G58+J58+M58 -> 1.46

Sheet Human Services 1150
A1: Human Services 1150
A2: Combining Balance sheet and Statement of Revenue & Expenses
A3: 43435
B5: 1150 Human Service | C5: ADJ | D5: Adjusted Human Services
A7: Assets
A8: Cash & cash equivalents | B8: -6321.03 | D8: =B8+C8 -> -6321.03
A9: Advances Receivable | D9: =B9+C9 -> 0
A10: A/R | B10: 9181 | C10: 380 | D10: =B10+C10 -> 9561
A11: Due from Other Funds | D11: =B11+C11 -> 0
A12: Due from Other Governments | D12: =B12+C12 -> 0
A13: Prepaids | D13: =B13+C13 -> 0
A14: Total Assets | B14: =SUM(B8:B13) -> 2859.97 | C14: =SUM(C8:C13) -> 380 | D14: =SUM(D8:D13) -> 3239.97
A16: Liabilities
A17: A/P | B17: 274.43 | D17: =B17+C17 -> 274.43
A18: Accrued Payroll | B18: 2965.22 | D18: =B18+C18 -> 2965.22
A19: Due to Other Funds | D19: =B19+C19 -> 0
A20: Due to Other Governments | D20: =B20+C20 -> 0
A21: Deferred Revenue | D21: =B21+C21 -> 0
A22: Total Liabilities | B22: =SUM(B17:B21) -> 3239.65 | C22: =SUM(C17:C21) -> 0 | D22: =SUM(D17:D21) -> 3239.65
A24: Fund Balance
A25: Reserved: Program | D25: =B25+C25 -> 0
A26: Reserved: Prepaids | D26: =B26+C26 -> 0
A27: Unreserved | B27: -379.68 | C27: 380 | D27: =B27+C27 -> 0.32
A28: Total Fund Balance | B28: =SUM(B25:B27) -> -379.68 | C28: =SUM(C25:C27) -> 380 | D28: =SUM(D25:D27) -> 0.32
A30: Total Liabilities & Fund Balance | B30: =B22+B28 -> 2859.97 | C30: =C22+C28 -> 380 | D30: =D22+D28 -> 3239.97
A32: Revenue
A33: Intergovermental | B33: 75513.52 | D33: =B33+C33 -> 75513.52
A34: Charges for Services | D34: =B34+C34 -> 0
A35: Fines and Forfeits | D35: =B35+C35 -> 0
A36: Interest | D36: =B36+C36 -> 0
A37: Other | D37: =B37+C37 -> 0
A38: Total Revenues | B38: =SUM(B33:B37) -> 75513.52 | C38: =SUM(C33:C37) -> 0 | D38: =SUM(D33:D37) -> 75513.52
A40: Expenditures
A41: General gvt - administration | D41: =B41+C41 -> 0
A42: General gvt - judicial | D42: =B42+C42 -> 0
A43: Public safety | D43: =B43+C43 -> 0
A44: Public works and enterprises | D44: =B44+C44 -> 0
A45: Human services | B45: 75893.53 | C45: -380 | D45: =B45+C45 -> 75513.53
A46: Conservation and Development | D46: =B46+C46 -> 0
A47: Total Expenditures | B47: =SUM(B41:B46) -> 75893.53 | C47: =SUM(C41:C46) -> -380 | D47: =SUM(D41:D46) -> 75513.53
A49: Excess (Deficiency) | B49: =B38-B47 -> -380.01 | C49: =C38-C47 -> 380 | D49: =D38-D47 -> -0.01
A51: Proceeds from Sale of Fixed Assets | D51: =B51+C51 -> 0
A52: Transfers In | D52: =B52+C52 -> 0
A53: Transfers Out | D53: =B53+C53 -> 0
A54: Total Other | B54: =B51+B52-B53 -> 0 | C54: =C51+C52-C53 -> 0 | D54: =D52-D53 -> 0
A56: Net Change in Fund Balance | B56: =B49+B54 -> -380.01 | C56: =C49+C54 -> 380 | D56: =D49+D54 -> -0.01
A57: Fund Balance - Beginning | B57: =B58-B56 -> 0.33 | C57: =C58-C56 -> 0 | D57: =D58-D56 -> 0.33
A58: Fund Balance - End of Year | B58: =B28 -> -379.68 | C58: =C28 -> 380 | D58: =D28 -> 0.32

Sheet Airport Funds
A1: Airport Funds
A2: Combining Balance sheet and Statement of Revenue & Expenses
A3: 43435
B5: Airport 2050 | C5: Adjustments for Airport 2050 | D5: Adjusted Balances for Airport 2050 | E5: Airport Project 2100 | F5: Adjustments for Airport 2100 | G5: Adjusted Balances for Airport 2050 | H5: Wings Over Venango 2150 | I5: TOTAL AIRPORT
A7: Assets
A8: Cash & cash equivalents | B8: 80768.77 | D8: =SUM(B8:C8) -> 80768.77 | E8: -498270.56 | G8: =SUM(E8:F8) -> -498270.56 | H8: 38379.24 | I8: =SUM(D8+G8+H8) -> -379122.55
A9: A/R | B9: 11556.06 | D9: =SUM(B9:C9) -> 11556.06 | E9: 372132.4 | G9: =SUM(E9:F9) -> 372132.4 | I9: =SUM(D9+G9+H9) -> 383688.46
A10: Due from Other Funds | D10: =SUM(B10:C10) -> 0 | G10: =SUM(E10:F10) -> 0 | I10: =SUM(D10+G10+H10) -> 0
A11: Due from Other Governments | D11: =SUM(B11:C11) -> 0 | G11: =SUM(E11:F11) -> 0 | I11: =SUM(D11+G11+H11) -> 0
A12: Prepaids | B12: 52043.19 | D12: =SUM(B12:C12) -> 52043.19 | G12: =SUM(E12:F12) -> 0 | I12: =SUM(D12+G12+H12) -> 52043.19
A13: Total Assets | B13: =SUM(B8:B12) -> 144368.02 | C13: =SUM(C8:C12) -> 0 | D13: =SUM(B13:C13) -> 144368.02 | E13: =SUM(E8:E12) -> -126138.16 | F13: =SUM(F8:F12) -> 0 | G13: =SUM(E13:F13) -> -126138.16 | H13: =SUM(H8:H12) -> 38379.24 | I13: =SUM(D13+G13+H13) -> 56609.1
D14: =SUM(B14:C14) -> 0 | G14: =SUM(E14:F14) -> 0 | I14: =SUM(D14+G14+H14) -> 0
A15: Liabilities | D15: =SUM(B15:C15) -> 0 | G15: =SUM(E15:F15) -> 0 | I15: =SUM(D15+G15+H15) -> 0
A16: A/P | B16: 37798.51 | D16: =SUM(B16:C16) -> 37798.51 | E16: 10122.12 | G16: =SUM(E16:F16) -> 10122.12 | I16: =SUM(D16+G16+H16) -> 47920.63
A17: Accrued Payroll | D17: =SUM(B17:C17) -> 0 | G17: =SUM(E17:F17) -> 0 | I17: =SUM(D17+G17+H17) -> 0
A18: Due to Other Governments | D18: =SUM(B18:C18) -> 0 | G18: =SUM(E18:F18) -> 0 | I18: =SUM(D18+G18+H18) -> 0
A19: Deferred Revenue | D19: =SUM(B19:C19) -> 0 | G19: =SUM(E19:F19) -> 0 | I19: =SUM(D19+G19+H19) -> 0
A20: Total Liabilities | B20: =SUM(B16:B19) -> 37798.51 | C20: =SUM(C16:C19) -> 0 | D20: =SUM(B20:C20) -> 37798.51 | E20: =SUM(E16:E19) -> 10122.12 | F20: =SUM(F16:F19) -> 0 | G20: =SUM(E20:F20) -> 10122.12 | H20: =SUM(H16:H19) -> 0 | I20: =SUM(D20+G20+H20) -> 47920.63
D21: =SUM(B21:C21) -> 0 | G21: =SUM(E21:F21) -> 0 | I21: =SUM(D21+G21+H21) -> 0
A22: Fund Balance | D22: =SUM(B22:C22) -> 0 | G22: =SUM(E22:F22) -> 0 | I22: =SUM(D22+G22+H22) -> 0
A23: Restricted: | D23: =SUM(B23:C23) -> 0 | G23: =SUM(E23:F23) -> 0 | I23: =SUM(D23+G23+H23) -> 0
A24: Operating reserve | D24: =SUM(B24:C24) -> 0 | G24: =SUM(E24:F24) -> 0 | I24: =SUM(D24+G24+H24) -> 0
A25: Human services | D25: =SUM(B25:C25) -> 0 | G25: =SUM(E25:F25) -> 0 | I25: =SUM(D25+G25+H25) -> 0
A26: Roads and bridges | D26: =SUM(B26:C26) -> 0 | G26: =SUM(E26:F26) -> 0 | I26: =SUM(D26+G26+H26) -> 0
A27: Affordable housing | D27: =SUM(B27:C27) -> 0 | G27: =SUM(E27:F27) -> 0 | I27: =SUM(D27+G27+H27) -> 0
A28: Act 13 | D28: =SUM(B28:C28) -> 0 | G28: =SUM(E28:F28) -> 0 | I28: =SUM(D28+G28+H28) -> 0
A29: Constable server fees | D29: =SUM(B29:C29) -> 0 | G29: =SUM(E29:F29) -> 0 | I29: =SUM(D29+G29+H29) -> 0
A30: Offender identification | D30: =SUM(B30:C30) -> 0 | G30: =SUM(E30:F30) -> 0 | I30: =SUM(D30+G30+H30) -> 0
A31: Records improvement | D31: =SUM(B31:C31) -> 0 | G31: =SUM(E31:F31) -> 0 | I31: =SUM(D31+G31+H31) -> 0
A32: Sugar Valley Lodge | D32: =SUM(B32:C32) -> 0 | G32: =SUM(E32:F32) -> 0 | I32: =SUM(D32+G32+H32) -> 0
A33: Domestic relations | D33: =SUM(B33:C33) -> 0 | G33: =SUM(E33:F33) -> 0 | I33: =SUM(D33+G33+H33) -> 0
... A37: Substance abuse | D37: =SUM(B37:C37) -> 0 | G37: =SUM(E37:F37) -> 0 | I37: =SUM(D37+G37+H37) -> 0
A38: Airport Operations | B38: 106569.51 | D38: =SUM(B38:C38) -> 106569.51 | E38: -136260.28 | G38: =SUM(E38:F38) -> -136260.28 | H38: 38379.24 | I38: =SUM(D38+G38+H38) -> 8688.47
A39: Community action | D39: =SUM(B39:C39) -> 0 | G39: =SUM(E39:F39) -> 0 | I39: =SUM(D39+G39+H39) -> 0
A40: Unreserved | D40: =SUM(B40:C40) -> 0 | G40: =SUM(E40:F40) -> 0 | I40: =SUM(D40+G40+H40) -> 0
A41: Total Fund Balance | B41: =SUM(B23:B40) -> 106569.51 | C41: =SUM(C23:C40) -> 0 | D41: =SUM(B41:C41) -> 106569.51 | E41: =SUM(E23:E40) -> -136260.28 | F41: =SUM(F23:F40) -> 0 | G41: =SUM(E41:F41) -> -136260.28 | H41: =SUM(H23:H40) -> 38379.24 | I41: =SUM(D41+G41+H41) -> 8688.47
D42: =SUM(B42:C42) -> 0 | G42: =SUM(E42:F42) -> 0 | I42: =SUM(D42+G42+H42) -> 0
A43: Total Liabilities & Fund Balance | B43: =B20+B41 -> 144368.02 | C43: =C20+C41 -> 0 | D43: =SUM(B43:C43) -> 144368.02 | E43: =E20+E41 -> -126138.16 | F43: =F20+F41 -> 0 | G43: =SUM(E43:F43) -> -126138.16 | H43: =H20+H41 -> 38379.24 | I43: =SUM(D43+G43+H43) -> 56609.1
D44: =SUM(B44:C44) -> 0 | G44: =SUM(E44:F44) -> 0 | I44: =SUM(D44+G44+H44) -> 0
A45: Revenue | D45: =SUM(B45:C45) -> 0 | G45: =SUM(E45:F45) -> 0 | I45: =SUM(D45+G45+H45) -> 0
A46: Intergovermental | D46: =SUM(C46:C46) -> 0 | E46: 345008.76 | G46: =SUM(E46:F46) -> 345008.76 | I46: =SUM(D46+G46+H46) -> 345008.76
A47: Charges for Services | B47: 297973.53 | D47: =SUM(B47:C47) -> 297973.53 | G47: =SUM(E47:F47) -> 0 | I47: =SUM(D47+G47+H47) -> 297973.53
A48: Interest | B48: 586.63 | D48: =SUM(B48:C48) -> 586.63 | G48: =SUM(E48:F48) -> 0 | H48: 97.15 | I48: =SUM(D48+G48+H48) -> 683.78
A49: Other | B49: 19675.32 | D49: =SUM(B49:C49) -> 19675.32 | G49: =SUM(E49:F49) -> 0 | I49: =SUM(D49+G49+H49) -> 19675.32
A50: Total Revenues | B50: =SUM(B46:B49) -> 318235.48 | C50: =SUM(C46:C49) -> 0 | D50: =SUM(B50:C50) -> 318235.48 | E50: =SUM(E46:E49) -> 345008.76 | F50: =SUM(F46:F49) -> 0 | G50: =SUM(E50:F50) -> 345008.76 | H50: =SUM(H46:H49) -> 97.15 | I50: =SUM(D50+G50+H50) -> 663341.39
D51: =SUM(B51:C51) -> 0 | G51: =SUM(E51:F51) -> 0 | I51: =SUM(D51+G51+H51) -> 0
A52: Expenditures | D52: =SUM(B52:C52) -> 0 | G52: =SUM(E52:F52) -> 0 | I52: =SUM(D52+G52+H52) -> 0
A53: General gvt - administration | D53: =SUM(B53:C53) -> 0 | G53: =SUM(E53:F53) -> 0 | I53: =SUM(D53+G53+H53) -> 0
A54: General gvt - judicial | D54: =SUM(B54:C54) -> 0 | G54: =SUM(E54:F54) -> 0 | I54: =SUM(D54+G54+H54) -> 0
A55: Public safety | D55: =SUM(B55:C55) -> 0 | G55: =SUM(E55:F55) -> 0 | I55: =SUM(D55+G55+H55) -> 0
A56: Public works and enterprises | B56: 313600.24 | D56: =SUM(B56:C56) -> 313600.24 | E56: 368159.3 | G56: =SUM(E56:F56) -> 368159.3 | I56: =SUM(D56+G56+H56) -> 681759.54
A57: Human services | D57: =SUM(B57:C57) -> 0 | G57: =SUM(E57:F57) -> 0 | I57: =SUM(D57+G57+H57) -> 0
A58: Conservation and Development | D58: =SUM(B58:C58) -> 0 | G58: =SUM(E58:F58) -> 0 | H58: 4000 | I58: =SUM(D58+G58+H58) -> 4000
A59: Total Expenditures | B59: =SUM(B53:B58) -> 313600.24 | C59: =SUM(C53:C58) -> 0 | D59: =SUM(B59:C59) -> 313600.24 | E59: =SUM(E53:E58) -> 368159.3 | F59: =SUM(F53:F58) -> 0 | G59: =SUM(E59:F59) -> 368159.3 | H59: =SUM(H53:H58) -> 4000 | I59: =SUM(D59+G59+H59) -> 685759.54
D60: =SUM(B60:C60) -> 0 | G60: =SUM(E60:F60) -> 0 | I60: =SUM(D60+G60+H60) -> 0
A61: Excess (Deficiency) | B61: =B50-B59 -> 4635.24 | C61: =C50-C59 -> 0 | D61: =SUM(B61:C61) -> 4635.24 | E61: =E50-E59 -> -23150.54 | F61: =F50-F59 -> 0 | G61: =SUM(E61:F61) -> -23150.54 | H61: =H50-H59 -> -3902.85 | I61: =SUM(D61+G61+H61) -> -22418.15
A63: Sale of Fixed Assets | D63: =SUM(B63:C63) -> 0 | G63: =SUM(E63:F63) -> 0 | I63: =SUM(D63+G63+H63) -> 0
A64: Transfers In | D64: =SUM(B64:C64) -> 0 | E64: 23150.54 | G64: =SUM(E64:F64) -> 23150.54 | I64: =SUM(D64+G64+H64) -> 23150.54
A65: Transfers Out | B65: 173150.54 | D65: =SUM(B65:C65) -> 173150.54 | G65: =SUM(E65:F65) -> 0 | I65: =SUM(D65+G65+H65) -> 173150.54
A66: Total Other | B66: =B63+B64-B65 -> -173150.54 | C66: =C63+C64-C65 -> 0 | D66: =SUM(B66:C66) -> -173150.54 | E66: =E63+E64-E65 -> 23150.54 | F66: =F63+F64-F65 -> 0 | G66: =SUM(E66:F66) -> 23150.54 | H66: =H63+H64-H65 -> 0 | I66: =SUM(D66+G66+H66) -> -150000
D67: =SUM(B67:C67) -> 0 | G67: =SUM(E67:F67) -> 0 | I67: =SUM(D67+G67+H67) -> 0
A68: Net Change in Fund Balance | B68: =B61+B66 -> -168515.3 | C68: =C61+C66 -> 0 | D68: =SUM(B68:C68) -> -168515.3 | E68: =E61+E66 -> 0 | F68: =F61+F66 -> 0 | G68: =SUM(E68:F68) -> 0 | H68: =H61+H66 -> -3902.85 | I68: =SUM(D68+G68+H68) -> -172418.15
A69: Fund Balance - Beginning | B69: =B70-B68 -> 275084.81 | C69: =C70-C68 -> 0 | D69: =SUM(B69:C69) -> 275084.81 | E69: =E70-E68 -> -136260.28 | F69: =F70-F68 -> 0 | G69: =SUM(E69:F69) -> -136260.28 | H69: =H70-H68 -> 42282.09 | I69: =SUM(D69+G69+H69) -> 181106.62
